Workbook
Name a: #REF!
Name Beg_Bal: #REF!
Name Buddata: #REF!
Name Capdata1: #REF!
Name CFWD: #REF!
Name CondoALC: #REF!
Name Contingency: #REF!
Name Cum_Int: #REF!
Name Data: #REF!
Name del: #REF!
Name End_Bal: #REF!
Name Engineering: #REF!
Name Extra_Pay: #REF!
Name fgdsfdgf: #REF!
Name fgdsfdgf: #REF!
Name fgdsfdgf: #REF!
Name fgdsfdgf: #REF!
Name fgdsfdgf: #REF!
Name fgdsfdgf: #REF!
Name Full_Print: #REF!
Name Header_Row: ROW(#REF!)
Name Int: #REF!
Name INTBAL: #REF!
Name Interest_Rate: #REF!
Name INVENTORY96: #REF!
Name INVENTORY97: #REF!
Name INVENTORY98: #REF!
Name JMH_Markups: #REF!
Name LAND4SALE96: #REF!
Name LAND4SALE97: #REF!
Name LANDREDUCE97: #REF!
Name Last_Row: IF('Cost Recovery Timing'!Values_Entered,[0]!Header_Row+'Cost Recovery Timing'!Number_of_Payments,[0]!Header_Row)
Name Last_Row: IF('Project List '!Values_Entered,[0]!Header_Row+'Project List '!Number_of_Payments,[0]!Header_Row)
Name Last_Row: IF('San Collection - OSL'!Values_Entered,[0]!Header_Row+'San Collection - OSL'!Number_of_Payments,[0]!Header_Row)
Name Last_Row: IF('San Collection - Oversize'!Values_Entered,[0]!Header_Row+'San Collection - Oversize'!Number_of_Payments,[0]!Header_Row)
Name Last_Row: IF('San Treatment - OSL'!Values_Entered,[0]!Header_Row+'San Treatment - OSL'!Number_of_Payments,[0]!Header_Row)
Name Last_Row: IF('S-Collection'!Values_Entered,Header_Row+'S-Collection'!Number_of_Payments,Header_Row)
Name Last_Row: IF('S-Treatment'!Values_Entered,[0]!Header_Row+'S-Treatment'!Number_of_Payments,[0]!Header_Row)
Name Last_Row: IF(Values_Entered,Header_Row+Number_of_Payments,Header_Row)
Name Loan_Amount: #REF!
Name Loan_Start: #REF!
Name Loan_Years: #REF!
Name Num_Pmt_Per_Year: #REF!
Name Number_of_Payments: MATCH(0.01,[0]!End_Bal,-1)+1
Name Number_of_Payments: MATCH(0.01,[0]!End_Bal,-1)+1
Name Number_of_Payments: MATCH(0.01,[0]!End_Bal,-1)+1
Name Number_of_Payments: MATCH(0.01,[0]!End_Bal,-1)+1
Name Number_of_Payments: MATCH(0.01,[0]!End_Bal,-1)+1
Name Number_of_Payments: MATCH(0.01,End_Bal,-1)+1
Name Number_of_Payments: MATCH(0.01,[0]!End_Bal,-1)+1
Name Number_of_Payments: MATCH(0.01,End_Bal,-1)+1
Name Pay_Date: #REF!
Name Pay_Num: #REF!
Name Payment_Date: DATE(YEAR([0]!Loan_Start),MONTH([0]!Loan_Start)+Payment_Number,DAY([0]!Loan_Start))
Name Payment_Date: DATE(YEAR([0]!Loan_Start),MONTH([0]!Loan_Start)+Payment_Number,DAY([0]!Loan_Start))
Name Payment_Date: DATE(YEAR([0]!Loan_Start),MONTH([0]!Loan_Start)+Payment_Number,DAY([0]!Loan_Start))
Name Payment_Date: DATE(YEAR([0]!Loan_Start),MONTH([0]!Loan_Start)+Payment_Number,DAY([0]!Loan_Start))
Name Payment_Date: DATE(YEAR([0]!Loan_Start),MONTH([0]!Loan_Start)+Payment_Number,DAY([0]!Loan_Start))
Name Payment_Date: DATE(YEAR([0]!Loan_Start),MONTH([0]!Loan_Start)+Payment_Number,DAY([0]!Loan_Start))
Name Payment_Date: DATE(YEAR(Loan_Start),MONTH(Loan_Start)+Payment_Number,DAY(Loan_Start))

Sheet Read Me
A1: HOW TO USE THIS DOCUMENT
A2: This workbook contains the financial models used to determine the Off-site Levy (OSL) rates as a part of the 2026 Off-site Levy Bylaw update. This financial model uses the latest information and assumptions available at the time of the update. The following tables describe the tabs contained within this workbook:
A4: Tab Title | B4: Description
A5: Assumptions | B5: This tab provides the assumptions that feed into the OSL infrastruture category models including interest & inflation rates, project contingencies, and 2025 OSL Reserve Fund Balances.
A6: Oversize Costs | B6: 2026 City of Calgary Development Agreement Rates for Sanitary Collection and Transportation utilitzed to calculate improvements beyond local development costs to be recovered through the OSL.
A7: 2025 OSL Account Detail | B7: 2025 Off-Site Levy Fund Balances, Payments, agreements executed, and project expenditures, used to calculate levy fund opening balance at start of 2026 for each infrastructure category.
A8: 2026 Collections Summary | B8: 2026 Off-Site Levy fund payments collected to date, agreements executed to date, and upcoming agreements to be executed in 2026, used in Cost Recovery Timing tab for remaining 2026 growth projection.
A9: Debentures for OSL Model | B9: Loan schedules from debt advanced by the Town to finance infrastructure, including annual interest and principle payments.
A10: Cost Recovery Timing | B10: Population growth table for Okotoks based on Growth Projections from Okotoks Growth Strategy (2025). Cost Recovery approach and contributing hectares varies for each infrastructure category.
A11: Project List | B11: Includes all project information including descriptions, timing, allocation of benefit, and costs.
A13: Model Tabs | B13: The models function by using a goal seek to determine levy rate (cell I30) based on setting the Off-site Levy Fee Reserve Fund Closing Balance (column N) to be zero in the balance year. Steps: 1. Data tab > What-If Analysis > Goal Seek 2. Set cell: balance year in Column N To value: 0 By changing cell: I30 3. Click OK and accept new results

Sheet Assumptions
A1: MODEL ASSUMPTIONS
A3: Current Year | B3: 2026 | C3: enter figure
A5: Interest Rates (%) | D5: Rational | G5: Bank of Canada:
A6: Interest Earned - Positive (+) | B6: =AVERAGE(K17:K21) -> 0.02674 | C6: enter figure | D6: Based on average interest earned on positive fund balances from Town of Okotoks (2021-2025)
A7: Interest Paid on Debt or Deficit (-) - TOWN FRONT ENDED | B7: =AVERAGE(K10:K14) -> 0.04496 | C7: enter figure | D7: Based on 5-year Average (2021-2025) - Alberta Capital Finance (25-year debenture)
A8: Interest Paid on Debt or Deficit (-) - DEVELOPER FRONT ENDED | B8: 0 | C8: enter figure | D8: Carrying costs are not assumed for infrastructure front-ended by developer
G9: Alberta Capital Finance: | J9: Year | K9: 25 Year Debenture
A10: Project Stage | B10: Contingency (%) | J10: 2025 | K10: 0.0461
B11: Low | C11: High | J11: 2024 | K11: 0.0519
A12: Conceptual | B12: 0.35 | C12: 0.5 | J12: 2023 | K12: 0.0527
A13: Preliminary Design | B13: 0.25 | C13: 0.35 | J13: 2022 | K13: 0.0462
A14: Detailed Design | B14: 0.15 | C14: 0.25 | J14: 2021 | K14: 0.0279
A15: Tendered | B15: 0.1 | C15: 0.15
G16: Interest Earned Rate | J16: Year | K16: Interest Earned
A17: Inflation Rates (%) - Project Costs | J17: 2025 | K17: 0.0306
A18: Project Cost Inflation - Applied to Future Project Costs - | B18: 0.025 | J18: 2024 | K18: 0.0275
A19: Project Cost Inflation - to bring Project Costs to $2026 (save for Recreation Projects) - | B19: 0.025 | J19: 2023 | K19: 0.0285
A20: Project Cost Inflation - to bring Project Costs to $2026 (for Recreation Projects) - | B20: 0.05 | J20: 2022 | K20: 0.022
J21: 2021 | K21: 0.0251
A22: Inflation Rates (%) - Levy Rate
A23: 25 year window | B23: 0.02
A25: Payment Timing - Off-site Levies
A26: Within 2 Years | B26: 0.4
A27: Within 1 Year | B27: 0.3
A28: Upon Execution | B28: 0.3
A30: End of 2025 Fund Balances
A31: Sanitary | B31: =SUM(B32:B33) -> -17084176
A32: Sanitary Collection | B32: ='2026 Collections Summary'!B2 -> -2006461.6
A33: Sanitary Treatment | B33: ='2026 Collections Summary'!B3 -> -15077715
A34: Sanitary Oversize | B34: 0

Sheet Oversize Costs
B3: Sanitary Collection Oversize
B4: Oversizing Assumptions - Unit Price Inputs
B6: 2026 City of Calgary DA Rates
B7: Pipe Size (mm) | C7: Depth (m) | D7: Unit Cost | E7: Material
B8: 300 | C8: 3.5-4m | D8: 373 | E8: PVC
B9: 375 | C9: 3.5-4m | D9: 427 | E9: PVC
B10: 450 | C10: 3.5-4m | D10: 493 | E10: PVC
B11: 525 | C11: 3.5-4m | D11: 579 | E11: PVC
B12: 600 | C12: 3.5-4m | D12: 669 | E12: PVC
B13: 675 | C13: 3.5-4m | D13: 736 | E13: PVC
B14: 750 | C14: 4.5-5m | D14: 901 | E14: CONC
B15: 900 | C15: 4.5-5m | D15: 1091 | E15: CONC
B16: 1050 | C16: 4.5-5m | D16: 1307 | E16: CONC

Sheet 2026 Collections Summary
A1: Off-Site Levy Fund Balances as at December 31, 2025
A2: Sanitary Collection Levy | B2: -2006461.6
A3: Sanitary Treatment & Disposal Levy | B3: -15077715
A5: 2026 Assumed Agreements Executed
A6: Land Description | B6: Sanitary Collection Levy | C6: Sanitary Treatment & Disposal Levy | D6: Development Area (ha)
A7: Burnswest Phase 2 | B7: =37126*D7 -> 701124.51 | C7: =44082*D7 -> 832488.57 | D7: 18.885 | H7: =
A8: Ridgemont Phase 1 | B8: =37126*D8 -> 461030.67 | C8: =44082*D8 -> 547410.28 | D8: 12.418
A9: Tillotson Phase 2 | B9: =37126*D9 -> 361013.22 | C9: =44082*D9 -> 428653.37 | D9: 9.724
A10: Total to Date | B10: =SUM(B7:B9) -> 1523168.4 | C10: =SUM(C7:C9) -> 1808552.2 | D10: =SUM(D7:D9) -> 41.027
A11: D'Arcy Phase 12 | D11: 4.664
A12: D'Arcy Phase 18 | D12: 3.79
A13: D'Arcy Phase 19 | D13: 3.34
A14: Wedderburn Phase 11 | D14: 6.682
A15: Assumed Agreements for Remainder of 2026 | D15: =SUM(D11:D14) -> 18.476 | E15: <- Based on received subdivision applications
A17: 2026 Payments Collected (1st Payment of 2026 Agreements Executed and 2nd Payment of 2025 Agreements Executed)
B18: Sanitary Collection Levy | C18: Sanitary Treatment & Disposal Levy
A19: 2025 Agreement Carry-over | B19: =B29 -> 229161.8 | C19: =C29 -> 272094.23
A20: 2026 Agreement Collections (50%) | B20: =B10/2 -> 761584.2 | C20: =C10/2 -> 904276.11 | D20: <- 2026 agreements executed are only collected at 50% in year 1
A21: 2026 Collections | B21: =SUM(B19:B20) -> 990746.01 | C21: =SUM(C19:C20) -> 1176370.3
A23: 2026 Payments Collected (2025 Agreements - 2nd Payments)
A24: Land Description | B24: Sanitary Collection Levy | C24: Sanitary Treatment & Disposal Levy | D24: Development Area (ha)
A25: D'Arcy Phase 11 (MR) | B25: 9809.26 | C25: 11646.98 | D25: 0.539
A26: D'Arcy Phase 14 | B26: 23822.49 | C26: 28285.525 | D26: 1.309
A27: D'Arcy Phase 15 | B27: 137748.23 | C27: 163554.73 | D27: 7.569
A28: Wedderburn Phase 8 | B28: 57781.825 | C28: 68606.99 | D28: 3.175
A29: Total | B29: =SUM(B25:B28) -> 229161.8 | C29: =SUM(C25:C28) -> 272094.23 | D29: =SUM(D25:D28) -> 12.592
A31: 2027 Collections
B32: Sanitary Collection Levy | C32: Sanitary Treatment & Disposal Levy
A33: 2026 Agreement Collections (50%) | B33: =B10/2 -> 761584.2 | C33: =C10/2 -> 904276.11
A34: 2027 Collections | B34: =SUM(B33:B33) -> 761584.2 | C34: =SUM(C33:C33) -> 904276.11

Sheet Project List 
B3: Project Description | E3: Assumed Approach to | G3: Timing | I3: Benefit | K3: Regional Benefit | M3: Project Costs | Y3: Debentures | AA3: Grants | AB3: Project Expenditures | AG3: Regional Share | AI3: Share | AK3: Front-Ended by Others and Oversize Recovery Eligible | AL3: Oversize
B4: Code | C4: Name | D4: Description | E4: Financing | F4: Funding | G4: Start Year | H4: End Year | I4: Benefit to Growth | J4: Benefit to Existing | K4: Benefit to Okotoks | L4: Benefit to Foothills | M4: Project Costs w/o Contingency ($2022) | N4: Project Costs w/o Contingency ($2023) | O4: Project Costs w/o Contingency ($2024) | P4: Project Costs w/o Contingency ($2025) | Q4: Project Stage | R4: Contingency (%) | S4: Engineering (15%) | T4: Total Project Cost ($2022) | U4: Total Project Cost ($2023) | V4: Total Project Cost ($2024) | W4: Total Project Cost ($2025) | X4: Total Project Cost ($2026) | Y4: Project Constructed and Funded under existing Debenture? | Z4: Debenture Principle ($) | AA4: Assumed Grant Value | AB4: Expenses in 2021 ($2021) | AC4: Expenses in 2023 ($2023) | AD4: Expenses in 2024 ($2024) | AE4: Expenses in 2025 ($2025) | AF4: Future/Remaining Project Costs ($2026) | AG4: Okotoks Share | AH4: Foothills Share | AI4: Growth Share | AJ4: Existing Share | AL4: Pipe / Road Length (m) | AM4: Oversize Cost Recovery | AN4: Allocation of Benefit Rationale
A6: Sanitary Treatment | B6: 39 | C6: Headworks | E6: Town | F6: OSL | G6: 2026 | H6: 2026 | I6: 0.5 | J6: =1-I6 -> 0.5 | Q6: Construction | X6: 2687673 | Y6: Yes | Z6: =7000000+11000000 -> 18000000 | AA6: 790000 | AE6: =36724+150949+2044480 -> 2232153 | AF6: =X6-AC6-AD6-AE6 -> 455520 | AI6: =AF6*I6 -> 227760 | AJ6: =AF6*J6 -> 227760 | AK6: No | AN6: Improvements provided lifecycle benefit and growth benefit. This improvement provides shared growth and lifecycle renewal benefit
B7: 92 | C7: WWTP Ultraviolet Disinfection | D7: The upgrades include construction of a new channel and expanded disinfection capacities with new reactors for growth. | E7: Town | F7: OSL | G7: 2027 | H7: 2029 | I7: 1 | J7: =1-I7 -> 0 | N7: 2388700 | Q7: Preliminary Design | R7: 25 | S7: 15 | U7: =MROUND((N7+(N7*(R7/100))+(N7*(S7/100))),1000) -> 3344000 | V7: =U7*(1+Assumptions!$B$19)^1 -> 3427600 | W7: =V7*(1+Assumptions!$B$19)^1 -> 3513290 | X7: =W7*(1+Assumptions!$B$19)^1 -> 3601122.2 | Y7: No | AF7: =X7-AD7 -> 3601122.2 | AI7: =AF7*I7 -> 3601122.2 | AJ7: =AF7*J7 -> 0 | AK7: No | AN7: Improvements that provide benefit related to capacity are allocated 100% to growth, while improvements that provide benefit related to compliance and condition are shared between existing and future development. Total benefitting population = 15,056 people
B8: 40 | C8: WWTP Activated Primary Clarifier | D8: Primary treatment is expanded by way of a second activated clarifier to accommodate rising flows from growth. | E8: Town | F8: OSL | G8: 2030 | H8: 2032 | I8: 0.7 | J8: =1-I8 -> 0.3 | N8: 3974700 | Q8: Preliminary Design | R8: 25 | S8: 15 | U8: =MROUND((N8+(N8*(R8/100))+(N8*(S8/100))),1000) -> 5565000 | V8: =U8*(1+Assumptions!$B$19)^1 -> 5704125 | W8: =V8*(1+Assumptions!$B$19)^1 -> 5846728.1 | X8: =W8*(1+Assumptions!$B$19)^1 -> 5992896.3 | Y8: No | AF8: =X8-AD8 -> 5992896.3 | AI8: =AF8*I8 -> 4195027.4 | AJ8: =AF8*J8 -> 1797868.9 | AK8: No | AN8: Improvements that provide benefit related to capacity are allocated 100% to growth, while improvements that provide benefit related to compliance and condition are shared between existing and future development. Total benefitting population = 33,320 people
B9: 41 | C9: WWTP Dissolved Air Flotation #2 + EQ | D9: Equalization tank is modified and expanded to regulate rising flows. In addition, upgrades at the sludge management and solids section of the plant include expanded capacity for dissolved air flotation which separates solids from liquid streams. | E9: Town | F9: OSL | G9: 2026 | H9: 2028 | I9: 1 | J9: =1-I9 -> 0 | N9: 2085300 | Q9: Preliminary Design | R9: 25 | S9: 15 | U9: =MROUND((N9+(N9*(R9/100))+(N9*(S9/100))),1000) -> 2919000 | V9: =U9*(1+Assumptions!$B$19)^1 -> 2991975 | W9: =V9*(1+Assumptions!$B$19)^1 -> 3066774.4 | X9: =W9*(1+Assumptions!$B$19)^1 -> 3143443.7 | Y9: No | AF9: =X9-AD9 -> 3143443.7 | AI9: =AF9*I9 -> 3143443.7 | AJ9: =AF9*J9 -> 0 | AK9: No | AN9: Improvements that provide benefit related to capacity are allocated 100% to growth, while improvements that provide benefit related to compliance and condition are shared between existing and future development. Total benefitting population = 37,240 people
X10: =SUM(X6:X9) -> 15425135
A12: Sanitary Collection | B12: 9A/10/12 | C12: 525 mm Gravity Sewer North Railway Trunk Upgrade (North Railway Street Bend - Fisher Gate) | E12: Town | F12: OSL | G12: 2026 | H12: 2026 | I12: 1 | J12: =1-I12 -> 0 | Q12: Construction | X12: 5919048 | Y12: No | AE12: 3651852 | AF12: =X12-AD12-AE12 -> 2267196 | AI12: =AF12*I12 -> 2267196 | AJ12: =AF12*J12 -> 0 | AK12: No | AN12: Improvements are either new extensions connecting new development to the sanitary collection system or upgrades to existing infrastructure to accommodate additional capacity for new development, allocation of benefit is 100% to new development.
B13: 15 | C13: 1050 mm Gravity Sewer (Crystal Shores Road to Crystal Green Lane) | E13: Town | F13: OSL | G13: 2026 | H13: 2027 | I13: 1 | J13: 0 | O13: =AL13*2350 -> 611000 | Q13: Conceptual | R13: 40 | S13: 15 | V13: =MROUND((O13+(O13*(R13/100))+(O13*(S13/100))),1000) -> 947000 | W13: =V13*(1+Assumptions!$B$19)^1 -> 970675 | X13: =W13*(1+Assumptions!$B$19)^1 -> 994941.87 | Y13: No | AF13: =X13-AD13 -> 994941.87 | AI13: =AF13*I13 -> 994941.87 | AJ13: =AF13*J13 -> 0 | AK13: No | AL13: 260
B14: 14A | C14: 1050 mm Gravity Sewer (Crystal Shores Road to 260m South) | E14: Town | F14: OSL | G14: 2027 | H14: 2028 | I14: 1 | J14: 0 | O14: =AL14*2350 -> 611000 | Q14: Conceptual | R14: 40 | S14: 15 | V14: =MROUND((O14+(O14*(R14/100))+(O14*(S14/100))),1000) -> 947000 | W14: =V14*(1+Assumptions!$B$19)^1 -> 970675 | X14: =W14*(1+Assumptions!$B$19)^1 -> 994941.87 | Y14: No | AF14: =X14-AD14 -> 994941.87 | AI14: =AF14*I14 -> 994941.87 | AJ14: =AF14*J14 -> 0 | AK14: No | AL14: 260
B15: 13/14B/16 | C15: 1050 mm (North Railway Street to 260m south of Crystal Shores Road) | E15: Town | F15: OSL | G15: 2031 | H15: 2032 | I15: 1 | J15: 0 | O15: 4630300 | Q15: Conceptual | R15: 40 | S15: 15 | V15: =MROUND((O15+(O15*(R15/100))+(O15*(S15/100))),1000) -> 7177000 | W15: =V15*(1+Assumptions!$B$19)^1 -> 7356425 | X15: =W15*(1+Assumptions!$B$19)^1 -> 7540335.6 | Y15: No | AF15: =X15-AD15 -> 7540335.6 | AI15: =AF15*I15 -> 7540335.6 | AJ15: =AF15*J15 -> 0 | AK15: No | AL15: 1918
B16: 45 | C16: 450 mm Gravity Sewer - Riverside Drive & South Railway Street Upgrade (Northridge Drive/Riverside Drive Intersection - Start of Oak Ave) | E16: Town | F16: OSL | G16: 2026 | H16: 2027 | I16: 1 | J16: =1-I16 -> 0 | Q16: Construction | X16: 7040975.2 | Y16: No | AE16: 409469 | AF16: =X16-AD16-AE16 -> 6631506.2 | AI16: =AF16*I16 -> 6631506.2 | AJ16: =AF16*J16 -> 0 | AK16: No | AL16: 1585
B17: 46 | C17: 350 mm Siphon (32 Street/Railroad intersection - WWTP) | E17: Town | F17: OSL | G17: 2031 | H17: 2032 | I17: 1 | J17: =1-I17 -> 0 | O17: 3144000 | Q17: Conceptual | R17: 50 | S17: 15 | V17: =MROUND((O17+(O17*(R17/100))+(O17*(S17/100))),1000) -> 5188000 | W17: =V17*(1+Assumptions!$B$19)^1 -> 5317700 | X17: =W17*(1+Assumptions!$B$19)^1 -> 5450642.5 | Y17: No | AF17: =X17-AD17 -> 5450642.5 | AI17: =AF17*I17 -> 5450642.5 | AJ17: =AF17*J17 -> 0 | AK17: No | AL17: 708
B18: 60 | C18: 675 mm Gravity Sewer (S-3, Highway 7/2A Intersection - Highway 7/32nd Street Intersection) | E18: Town | F18: OSL | G18: 2031 | H18: 2032 | I18: 1 | J18: =1-I18 -> 0 | O18: 2140000 | Q18: Conceptual | R18: 50 | S18: 15 | V18: =MROUND((O18+(O18*(R18/100))+(O18*(S18/100))),1000) -> 3531000 | W18: =V18*(1+Assumptions!$B$19)^1 -> 3619275 | X18: =W18*(1+Assumptions!$B$19)^1 -> 3709756.9 | Y18: No | AF18: =X18-AD18 -> 3709756.9 | AI18: =AF18*I18 -> 3709756.9 | AJ18: =AF18*J18 -> 0 | AK18: No | AL18: 2474
B19: 61 | C19: 750 mm Gravity Sewer (Highway 7/32nd Street Intersection - 32 Street/Railroad intersection) | E19: Town | F19: OSL | G19: 2032 | H19: 2033 | I19: 1 | J19: =1-I19 -> 0 | O19: 892000 | Q19: Conceptual | R19: 50 | S19: 15 | V19: =MROUND((O19+(O19*(R19/100))+(O19*(S19/100))),1000) -> 1472000 | W19: =V19*(1+Assumptions!$B$19)^1 -> 1508800 | X19: =W19*(1+Assumptions!$B$19)^1 -> 1546520 | Y19: No | AF19: =X19-AD19 -> 1546520 | AI19: =AF19*I19 -> 1546520 | AJ19: =AF19*J19 -> 0 | AK19: No | AL19: 920
X20: =SUM(X12:X19) -> 33197162
A22: Sanitary Collection - Oversize | B22: 43C | C22: 1050 mm (Crystal Green Lane to 610m into undeveloped land) | E22: Others | F22: OSL | G22: 2026 | H22: 2027 | I22: 1 | J22: 0 | O22: 823500 | Q22: Conceptual | R22: 0 | S22: 15 | V22: =MROUND((O22+(O22*(R22/100))+(O22*(S22/100))),1000)+1000 -> 948000 | W22: =V22*(1+Assumptions!$B$19)^1 -> 971700 | X22: =W22*(1+Assumptions!$B$19)^1 -> 995992.5 | Y22: No | AF22: =X22-AD22 -> 995992.5 | AI22: =AF22*I22 -> 995992.5 | AJ22: =AF22*J22 -> 0 | AK22: Yes | AL22: 610 | AM22: =AL22*('Oversize Costs'!D16-'Oversize Costs'!D8) -> 569740 | AN22: Improvements are either new extensions connecting new development to the sanitary collection system or upgrades to existing infrastructure to accommodate additional capacity for new development, allocation of benefit is 100% to new development.
B23: 47 | C23: 375 mm Forcemain | E23: Others | F23: OSL | G23: 2031 | H23: 2032 | I23: 1 | J23: =1-I23 -> 0 | O23: 1727000 | Q23: Conceptual | R23: 35 | S23: 15 | V23: =MROUND((O23+(O23*(R23/100))+(O23*(S23/100))),1000) -> 2591000 | W23: =V23*(1+Assumptions!$B$19)^1 -> 2655775 | X23: =W23*(1+Assumptions!$B$19)^1 -> 2722169.4 | Y23: No | AF23: =X23-AD23 -> 2722169.4 | AI23: =AF23*I23 -> 2722169.4 | AJ23: =AF23*J23 -> 0 | AK23: Yes | AL23: 2258 | AM23: =AI23-(AL23*'Oversize Costs'!D8) -> 1879935.4
B24: 48 | C24: 900 mm Gravity Sewer | E24: Others | F24: OSL | G24: 2027 | H24: 2028 | I24: 1 | J24: =1-I24 -> 0 | O24: 313000 | Q24: Conceptual | R24: 0 | S24: 15 | V24: =MROUND((O24+(O24*(R24/100))+(O24*(S24/100))),1000) -> 360000 | W24: =V24*(1+Assumptions!$B$19)^1 -> 369000 | X24: =W24*(1+Assumptions!$B$19)^1 -> 378225 | Y24: No | AF24: =X24-AD24 -> 378225 | AI24: =AF24*I24 -> 378225 | AJ24: =AF24*J24 -> 0 | AK24: Yes | AL24: 271 | AM24: =AL24*('Oversize Costs'!D15-'Oversize Costs'!D8) -> 194578
B25: 50A | C25: 675 mm Gravity Sewer | E25: Others | F25: OSL | G25: 2028 | H25: 2029 | I25: 1 | J25: =1-I25 -> 0 | O25: 202000 | Q25: Conceptual | R25: 0 | S25: 15 | V25: =MROUND((O25+(O25*(R25/100))+(O25*(S25/100))),1000) -> 232000 | W25: =V25*(1+Assumptions!$B$19)^1 -> 237800 | X25: =W25*(1+Assumptions!$B$19)^1 -> 243745 | Y25: No | AF25: =X25-AD25 -> 243745 | AI25: =AF25*I25 -> 243745 | AJ25: =AF25*J25 -> 0 | AK25: Yes | AL25: 233 | AM25: =AL25*('Oversize Costs'!D13-'Oversize Costs'!D8) -> 84579
B26: 50B | C26: 675 mm Gravity Sewer | E26: Others | F26: OSL | G26: 2029 | H26: 2030 | I26: 1 | J26: =1-I26 -> 0 | O26: 332000 | Q26: Conceptual | R26: 0 | S26: 15 | V26: =MROUND((O26+(O26*(R26/100))+(O26*(S26/100))),1000) -> 382000 | W26: =V26*(1+Assumptions!$B$19)^1 -> 391550 | X26: =W26*(1+Assumptions!$B$19)^1 -> 401338.75 | Y26: No | AF26: =X26-AD26 -> 401338.75 | AI26: =AF26*I26 -> 401338.75 | AJ26: =AF26*J26 -> 0 | AK26: Yes | AL26: 384 | AM26: =AL26*('Oversize Costs'!D13-'Oversize Costs'!D8) -> 139392
B27: 51 | C27: 450 mm Gravity Sewer | E27: Others | F27: OSL | G27: 2040 | H27: 2041 | I27: 1 | J27: =1-I27 -> 0 | O27: 164000 | Q27: Conceptual | R27: 0 | S27: 15 | V27: =MROUND((O27+(O27*(R27/100))+(O27*(S27/100))),1000) -> 189000 | W27: =V27*(1+Assumptions!$B$19)^1 -> 193725 | X27: =W27*(1+Assumptions!$B$19)^1 -> 198568.12 | Y27: No | AF27: =X27-AD27 -> 198568.12 | AI27: =AF27*I27 -> 198568.12 | AJ27: =AF27*J27 -> 0 | AK27: Yes | AL27: 287 | AM27: =AL27*('Oversize Costs'!D10-'Oversize Costs'!D8) -> 34440
B28: 53A | C28: 525 mm Gravity Sewer | E28: Others | F28: OSL | G28: 2030 | H28: 2031 | I28: 1 | J28: =1-I28 -> 0 | O28: 255000 | Q28: Conceptual | R28: 0 | S28: 15 | V28: =MROUND((O28+(O28*(R28/100))+(O28*(S28/100))),1000) -> 293000 | W28: =V28*(1+Assumptions!$B$19)^1 -> 300325 | X28: =W28*(1+Assumptions!$B$19)^1 -> 307833.12 | Y28: No | AF28: =X28-AD28 -> 307833.12 | AI28: =AF28*I28 -> 307833.12 | AJ28: =AF28*J28 -> 0 | AK28: Yes | AL28: 396 | AM28: =AL28*('Oversize Costs'!D11-'Oversize Costs'!D8) -> 81576
B29: 53B | C29: 525 mm Gravity Sewer | E29: Others | F29: OSL | G29: 2029 | H29: 2030 | I29: 1 | J29: =1-I29 -> 0 | O29: 379000 | Q29: Conceptual | R29: 0 | S29: 15 | V29: =MROUND((O29+(O29*(R29/100))+(O29*(S29/100))),1000) -> 436000 | W29: =V29*(1+Assumptions!$B$19)^1 -> 446900 | X29: =W29*(1+Assumptions!$B$19)^1 -> 458072.5 | Y29: No | AF29: =X29-AD29 -> 458072.5 | AI29: =AF29*I29 -> 458072.5 | AJ29: =AF29*J29 -> 0 | AK29: Yes | AL29: 588 | AM29: =AL29*('Oversize Costs'!D11-'Oversize Costs'!D8) -> 121128
B30: 55 | C30: 450 mm Gravity Sewer | E30: Others | F30: OSL | G30: 2030 | H30: 2031 | I30: 1 | J30: =1-I30 -> 0 | O30: 456000 | Q30: Conceptual | R30: 0 | S30: 15 | V30: =MROUND((O30+(O30*(R30/100))+(O30*(S30/100))),1000) -> 524000 | W30: =V30*(1+Assumptions!$B$19)^1 -> 537100 | X30: =W30*(1+Assumptions!$B$19)^1 -> 550527.5 | Y30: No | AF30: =X30-AD30 -> 550527.5 | AI30: =AF30*I30 -> 550527.5 | AJ30: =AF30*J30 -> 0 | AK30: Yes | AL30: 800 | AM30: =AL30*('Oversize Costs'!D10-'Oversize Costs'!D8) -> 96000
B31: 59 | C31: 600 mm Gravity Sewer | E31: Others | F31: OSL | G31: 2030 | H31: 2031 | I31: 1 | J31: =1-I31 -> 0 | O31: 140000 | Q31: Conceptual | R31: 0 | S31: 15 | V31: =MROUND((O31+(O31*(R31/100))+(O31*(S31/100))),1000) -> 161000 | W31: =V31*(1+Assumptions!$B$19)^1 -> 165025 | X31: =W31*(1+Assumptions!$B$19)^1 -> 169150.62 | Y31: No | AF31: =X31-AD31 -> 169150.62 | AI31: =AF31*I31 -> 169150.62 | AJ31: =AF31*J31 -> 0 | AK31: Yes | AL31: 189 | AM31: =AL31*('Oversize Costs'!D12-'Oversize Costs'!D8) -> 55944
B32: 65 | C32: 675 mm Gravity Sewer | E32: Others | F32: OSL | G32: 2029 | H32: 2030 | I32: 1 | J32: =1-I32 -> 0 | O32: 522000 | Q32: Conceptual | R32: 0 | S32: 15 | V32: =MROUND((O32+(O32*(R32/100))+(O32*(S32/100))),1000) -> 600000 | W32: =V32*(1+Assumptions!$B$19)^1 -> 615000 | X32: =W32*(1+Assumptions!$B$19)^1 -> 630375 | Y32: No | AF32: =X32-AD32 -> 630375 | AI32: =AF32*I32 -> 630375 | AJ32: =AF32*J32 -> 0 | AK32: Yes | AL32: 604 | AM32: =AL32*('Oversize Costs'!D13-'Oversize Costs'!D8) -> 219252
B33: 68 | C33: 250 mm Siphon | E33: Others | F33: OSL | G33: 2034 | H33: 2035 | I33: 1 | J33: =1-I33 -> 0 | O33: 3275000 | Q33: Conceptual | R33: 35 | S33: 15 | V33: =MROUND((O33+(O33*(R33/100))+(O33*(S33/100))),1000) -> 4913000 | W33: =V33*(1+Assumptions!$B$19)^1 -> 5035825 | X33: =W33*(1+Assumptions!$B$19)^1 -> 5161720.6 | Y33: No | AF33: =X33-AD33 -> 5161720.6 | AI33: =AF33*I33 -> 5161720.6 | AJ33: =AF33*J33 -> 0 | AK33: Yes | AL33: 618 | AM33: =AI33-(AL33*'Oversize Costs'!D8) -> 4931206.6
B34: 69 | C34: 525 mm Gravity Sewer | E34: Others | F34: OSL | G34: 2033 | H34: 2034 | I34: 1 | J34: 0 | O34: 595000 | Q34: Conceptual | R34: 0 | S34: 15 | V34: 684000 | W34: =V34*(1+Assumptions!$B$19)^1 -> 701100 | X34: 718627.5 | Y34: No | AF34: =X34-AD34 -> 718627.5 | AI34: 718627.5 | AJ34: =AF34*J34 -> 0 | AK34: Yes | AL34: 923 | AM34: =AL34*('Oversize Costs'!D11-'Oversize Costs'!D8) -> 190138
B35: 42 | C35: 375 mm Gravity Sewer | E35: Others | F35: OSL | G35: 2034 | H35: 2035 | I35: 1 | J35: 0 | O35: 294000 | Q35: Conceptual | R35: 0 | S35: 15 | V35: =MROUND((O35+(O35*(R35/100))+(O35*(S35/100))),1000) -> 338000 | W35: =V35*(1+Assumptions!$B$19)^1 -> 346450 | X35: =W35*(1+Assumptions!$B$19)^1 -> 355111.25 | Y35: No | AF35: =X35-AD35 -> 355111.25 | AI35: =AF35*I35 -> 355111.25 | AJ35: =AF35*J35 -> 0 | AK35: Yes | AL35: 619 | AM35: =AL35*('Oversize Costs'!$D$9-'Oversize Costs'!$D$8) -> 33426
B36: 49A | C36: 375 mm Gravity Sewer | E36: Others | F36: OSL | G36: 2049 | H36: 2050 | I36: 1 | J36: 0 | O36: 523000 | Q36: Conceptual | R36: 0 | S36: 15 | V36: =MROUND((O36+(O36*(R36/100))+(O36*(S36/100))),1000) -> 601000 | W36: =V36*(1+Assumptions!$B$19)^1 -> 616025 | X36: =W36*(1+Assumptions!$B$19)^1 -> 631425.62 | Y36: No | AF36: =X36-AD36 -> 631425.62 | AI36: =AF36*I36 -> 631425.62 | AJ36: =AF36*J36 -> 0 | AK36: Yes | AL36: 1100 | AM36: =AL36*('Oversize Costs'!$D$9-'Oversize Costs'!$D$8) -> 59400
B37: 49B | C37: 375 mm Gravity Sewer | E37: Others | F37: OSL | G37: 2049 | H37: 2050 | I37: 1 | J37: 0 | O37: 74000 | Q37: Conceptual | R37: 0 | S37: 15 | V37: =MROUND((O37+(O37*(R37/100))+(O37*(S37/100))),1000) -> 85000 | W37: =V37*(1+Assumptions!$B$19)^1 -> 87125 | X37: =W37*(1+Assumptions!$B$19)^1 -> 89303.125 | Y37: No | AF37: =X37-AD37 -> 89303.125 | AI37: =AF37*I37 -> 89303.125 | AJ37: =AF37*J37 -> 0 | AK37: Yes | AL37: 155 | AM37: =AL37*('Oversize Costs'!$D$9-'Oversize Costs'!$D$8) -> 8370
B38: 49C | C38: 375 mm Gravity Sewer | E38: Others | F38: OSL | G38: 2049 | H38: 2050 | I38: 1 | J38: 0 | O38: 359000 | Q38: Conceptual | R38: 0 | S38: 15 | V38: =MROUND((O38+(O38*(R38/100))+(O38*(S38/100))),1000) -> 413000 | W38: =V38*(1+Assumptions!$B$19)^1 -> 423325 | X38: =W38*(1+Assumptions!$B$19)^1 -> 433908.12 | Y38: No | AF38: =X38-AD38 -> 433908.12 | AI38: =AF38*I38 -> 433908.12 | AJ38: =AF38*J38 -> 0 | AK38: Yes | AL38: 756 | AM38: =AL38*('Oversize Costs'!$D$9-'Oversize Costs'!$D$8) -> 40824
B39: 49D | C39: 375 mm Gravity Sewer | E39: Others | F39: OSL | G39: 2049 | H39: 2050 | I39: 1 | J39: 0 | O39: 171000 | Q39: Conceptual | R39: 0 | S39: 15 | V39: =MROUND((O39+(O39*(R39/100))+(O39*(S39/100))),1000) -> 197000 | W39: =V39*(1+Assumptions!$B$19)^1 -> 201925 | X39: =W39*(1+Assumptions!$B$19)^1 -> 206973.12 | Y39: No | AF39: =X39-AD39 -> 206973.12 | AI39: =AF39*I39 -> 206973.12 | AJ39: =AF39*J39 -> 0 | AK39: Yes | AL39: 361 | AM39: =AL39*('Oversize Costs'!$D$9-'Oversize Costs'!$D$8) -> 19494
B40: 52 | C40: 375 mm Gravity Sewer | E40: Others | F40: OSL | G40: 2044 | H40: 2045 | I40: 1 | J40: 0 | O40: 385000 | Q40: Conceptual | R40: 0 | S40: 15 | V40: =MROUND((O40+(O40*(R40/100))+(O40*(S40/100))),1000) -> 443000 | W40: =V40*(1+Assumptions!$B$19)^1 -> 454075 | X40: =W40*(1+Assumptions!$B$19)^1 -> 465426.87 | Y40: No | AF40: =X40-AD40 -> 465426.87 | AI40: =AF40*I40 -> 465426.87 | AJ40: =AF40*J40 -> 0 | AK40: Yes | AL40: 810 | AM40: =AL40*('Oversize Costs'!$D$9-'Oversize Costs'!$D$8) -> 43740
B41: 54 | C41: 375 mm Gravity Sewer | E41: Others | F41: OSL | G41: 2028 | H41: 2029 | I41: 1 | J41: 0 | O41: 195000 | Q41: Conceptual | R41: 0 | S41: 15 | V41: =MROUND((O41+(O41*(R41/100))+(O41*(S41/100))),1000) -> 224000 | W41: =V41*(1+Assumptions!$B$19)^1 -> 229600 | X41: =W41*(1+Assumptions!$B$19)^1 -> 235340 | Y41: No | AF41: =X41-AD41 -> 235340 | AI41: =AF41*I41 -> 235340 | AJ41: =AF41*J41 -> 0 | AK41: Yes | AL41: 411 | AM41: =AL41*('Oversize Costs'!$D$9-'Oversize Costs'!$D$8) -> 22194
B42: 57 | C42: 375 mm Gravity Sewer | E42: Others | F42: OSL | G42: 2028 | H42: 2029 | I42: 1 | J42: 0 | O42: 249000 | Q42: Conceptual | R42: 0 | S42: 15 | V42: =MROUND((O42+(O42*(R42/100))+(O42*(S42/100))),1000) -> 286000 | W42: =V42*(1+Assumptions!$B$19)^1 -> 293150 | X42: =W42*(1+Assumptions!$B$19)^1 -> 300478.75 | Y42: No | AF42: =X42-AD42 -> 300478.75 | AI42: =AF42*I42 -> 300478.75 | AJ42: =AF42*J42 -> 0 | AK42: Yes | AL42: 525 | AM42: =AL42*('Oversize Costs'!$D$9-'Oversize Costs'!$D$8) -> 28350
B43: 64 | C43: 375 mm Gravity Sewer | E43: Others | F43: OSL | G43: 2034 | H43: 2035 | I43: 1 | J43: 0 | O43: 423000 | Q43: Conceptual | R43: 0 | S43: 15 | V43: =MROUND((O43+(O43*(R43/100))+(O43*(S43/100))),1000) -> 486000 | W43: =V43*(1+Assumptions!$B$19)^1 -> 498150 | X43: =W43*(1+Assumptions!$B$19)^1 -> 510603.75 | Y43: No | AF43: =X43-AD43 -> 510603.75 | AI43: =AF43*I43 -> 510603.75 | AJ43: =AF43*J43 -> 0 | AK43: Yes | AL43: 891 | AM43: =AL43*('Oversize Costs'!$D$9-'Oversize Costs'!$D$8) -> 48114
X44: =SUM(X22:X43) -> 16164916 | AM44: =SUM(AM22:AM43) -> 8901821

Sheet Sanitary Debentures
A2: Sanitary Treatment and Disposal
K4: 2020 Debeture | V4: 2022 Debeture
A5: Allocation of Debenture Payment to Growth | B5: 1 | D5: Debenture Payment (P+I) Schedule | K5: Calculations based on: | V5: Calculations based on:
K6: Principal is $11,000,000.00 | V6: Principal is $7,000,000.00
A7: Debenture Inputs
A8: 2020 Debenture | D8: Year | E8: Total P+I Annually | F8: Total Principal Annually | G8: Outstanding Principal | H8: Total Interest Annually | I8: Allocation to Growth | K8: Term is 25 Years | M8: Loan Type is Blended | O8: Deferred payments NA | Q8: Interest rate of 2.42 % | S8: Oustanding Balance | V8: Term is 25 Years | X8: Loan Type is Blended | Z8: Deferred payments NA | AB8: Interest rate of 2.482 % | AD8: Outstanding Balance
A9: Loan Amount | B9: 11000000
A10: Borrowing Rate | B10: 0.0242
A11: Term (years) | B11: 25 | D11: Year | K11: Year | L11: Payment # | M11: Payment | O11: Principal | Q11: Interest | S11: Balance | W11: Payment # | X11: Payment | Z11: Principal | AB11: Interest | AD11: Balance
A12: Payment Frequency | B12: Bi-Annually | D12: 2020 | E12: =+SUMIF('Sanitary Debentures'!$V$12:$V$61,D12,'Sanitary Debentures'!$X$12:$Y$61)+SUMIF('Sanitary Debentures'!$K$12:$K$61,D12,'Sanitary Debentures'!$M$12:$N$61) -> 589017.32 | F12: =+SUMIF('Sanitary Debentures'!$V$12:$V$61,D12,$Z$12:$Z$61)+SUMIF('Sanitary Debentures'!$K$12:$K$61,D12,$O$12:$P$61) -> 324770.36 | G12: =B9-F12 -> 10675230 | H12: =+SUMIF('Sanitary Debentures'!$V$12:$V$61,D12,$AB$12:$AB$61)+SUMIF('Sanitary Debentures'!$K$12:$K$61,D12,$Q$12:$R$61) -> 264246.96 | I12: =H12*$B$5 -> 264246.96 | K12: 2020 | L12: 1 | M12: 294508.66 | O12: 161408.66 | Q12: 133100 | S12: 10838591 | V12: 2022 | W12: 1 | X12: 188738.13 | Z12: 101868.13 | AB12: 86870 | AD12: 6898131.9
D13: 2021 | E13: =+SUMIF('Sanitary Debentures'!$V$12:$V$61,D13,'Sanitary Debentures'!$X$12:$Y$61)+SUMIF('Sanitary Debentures'!$K$12:$K$61,D13,'Sanitary Debentures'!$M$12:$N$61) -> 589017.32 | F13: =+SUMIF('Sanitary Debentures'!$V$12:$V$61,D13,$Z$12:$Z$61)+SUMIF('Sanitary Debentures'!$K$12:$K$61,D13,$O$12:$P$61) -> 332677.36 | G13: =G12-F13 -> 10342552 | H13: =+SUMIF('Sanitary Debentures'!$V$12:$V$61,D13,$AB$12:$AB$61)+SUMIF('Sanitary Debentures'!$K$12:$K$61,D13,$Q$12:$R$61) -> 256339.96 | I13: =H13*$B$5 -> 256339.96 | K13: 2020 | L13: 2 | M13: 294508.66 | O13: 163361.7 | Q13: 131146.96 | S13: 10675230 | V13: 2022 | W13: 2 | X13: 188738.13 | Z13: 103132.31 | AB13: 85605.82 | AC13: 85605.82 | AD13: 6794999.6
A14: 2022 Debenture | D14: 2022 | E14: =+SUMIF('Sanitary Debentures'!$V$12:$V$61,D14,'Sanitary Debentures'!$X$12:$Y$61)+SUMIF('Sanitary Debentures'!$K$12:$K$61,D14,'Sanitary Debentures'!$M$12:$N$61) -> 966493.58 | F14: =+SUMIF('Sanitary Debentures'!$V$12:$V$61,D14,$Z$12:$Z$61)+SUMIF('Sanitary Debentures'!$K$12:$K$61,D14,$O$12:$P$61) -> 545777.3 | G14: =G13+B15-F14 -> 16796775 | H14: =+SUMIF('Sanitary Debentures'!$V$12:$V$61,D14,$AB$12:$AB$61)+SUMIF('Sanitary Debentures'!$K$12:$K$61,D14,$Q$12:$R$61) -> 420716.28 | I14: =H14*$B$5 -> 420716.28 | K14: 2021 | L14: 3 | M14: 294508.66 | O14: 165338.38 | Q14: 129170.28 | S14: 10509891 | V14: 2023 | W14: 3 | X14: 188738.13 | Z14: 104412.19 | AB14: 84325.94 | AC14: 84325.94 | AD14: 6690587.4
A15: Loan Amount | B15: 7000000 | D15: 2023 | E15: =+SUMIF('Sanitary Debentures'!$V$12:$V$61,D15,'Sanitary Debentures'!$X$12:$Y$61)+SUMIF('Sanitary Debentures'!$K$12:$K$61,D15,'Sanitary Debentures'!$M$12:$N$61) -> 966493.58 | F15: =+SUMIF('Sanitary Debentures'!$V$12:$V$61,D15,$Z$12:$Z$61)+SUMIF('Sanitary Debentures'!$K$12:$K$61,D15,$O$12:$P$61) -> 559193.68 | G15: =G14-F15 -> 16237581 | H15: =+SUMIF('Sanitary Debentures'!$V$12:$V$61,D15,$AB$12:$AB$61)+SUMIF('Sanitary Debentures'!$K$12:$K$61,D15,$Q$12:$R$61) -> 407299.9 | I15: =H15*$B$5 -> 407299.9 | K15: 2021 | L15: 4 | M15: 294508.66 | O15: 167338.98 | Q15: 127169.68 | S15: 10342552 | V15: 2023 | W15: 4 | X15: 188738.13 | Z15: 105707.94 | AB15: 83030.19 | AC15: 83030.19 | AD15: 6584879.4
A16: Borrowing Rate | B16: 0.0242 | D16: 2024 | E16: =+SUMIF('Sanitary Debentures'!$V$12:$V$61,D16,'Sanitary Debentures'!$X$12:$Y$61)+SUMIF('Sanitary Debentures'!$K$12:$K$61,D16,'Sanitary Debentures'!$M$12:$N$61) -> 966493.58 | F16: =+SUMIF('Sanitary Debentures'!$V$12:$V$61,D16,$Z$12:$Z$61)+SUMIF('Sanitary Debentures'!$K$12:$K$61,D16,$O$12:$P$61) -> 572939.91 | G16: =G15-F16 -> 15664641 | H16: =+SUMIF('Sanitary Debentures'!$V$12:$V$61,D16,$AB$12:$AB$61)+SUMIF('Sanitary Debentures'!$K$12:$K$61,D16,$Q$12:$R$61) -> 393553.67 | I16: =H16*$B$5 -> 393553.67 | K16: 2022 | L16: 5 | M16: 294508.66 | O16: 169363.78 | Q16: 125144.88 | S16: 10173188 | V16: 2024 | W16: 5 | X16: 188738.13 | Z16: 107019.78 | AB16: 81718.35 | AC16: 81718.35 | AD16: 6477859.7
A17: Term (years) | B17: 25 | D17: 2025 | E17: =+SUMIF('Sanitary Debentures'!$V$12:$V$61,D17,'Sanitary Debentures'!$X$12:$Y$61)+SUMIF('Sanitary Debentures'!$K$12:$K$61,D17,'Sanitary Debentures'!$M$12:$N$61) -> 966493.58 | F17: =+SUMIF('Sanitary Debentures'!$V$12:$V$61,D17,$Z$12:$Z$61)+SUMIF('Sanitary Debentures'!$K$12:$K$61,D17,$O$12:$P$61) -> 587024.1 | G17: =G16-F17 -> 15077617 | H17: =+SUMIF('Sanitary Debentures'!$V$12:$V$61,D17,$AB$12:$AB$61)+SUMIF('Sanitary Debentures'!$K$12:$K$61,D17,$Q$12:$R$61) -> 379469.48 | I17: =H17*$B$5 -> 379469.48 | K17: 2022 | L17: 6 | M17: 294508.66 | O17: 171413.08 | Q17: 123095.58 | S17: 10001775 | V17: 2024 | W17: 6 | X17: 188738.13 | Z17: 108347.89 | AB17: 80390.24 | AC17: 80390.24 | AD17: 6369511.8
A18: Payment Frequency | B18: Bi-Annually | D18: 2026 | E18: =+SUMIF('Sanitary Debentures'!$V$12:$V$61,D18,'Sanitary Debentures'!$X$12:$Y$61)+SUMIF('Sanitary Debentures'!$K$12:$K$61,D18,'Sanitary Debentures'!$M$12:$N$61) -> 966493.58 | F18: =+SUMIF('Sanitary Debentures'!$V$12:$V$61,D18,$Z$12:$Z$61)+SUMIF('Sanitary Debentures'!$K$12:$K$61,D18,$O$12:$P$61) -> 601454.56 | G18: =G17-F18 -> 14476163 | H18: =+SUMIF('Sanitary Debentures'!$V$12:$V$61,D18,$AB$12:$AB$61)+SUMIF('Sanitary Debentures'!$K$12:$K$61,D18,$Q$12:$R$61) -> 365039.02 | I18: =H18*$B$5 -> 365039.02 | K18: 2023 | L18: 7 | M18: 294508.66 | O18: 173487.18 | Q18: 121021.48 | S18: 9828288.2 | V18: 2025 | W18: 7 | X18: 188738.13 | Z18: 109692.49 | AB18: 79045.64 | AC18: 79045.64 | AD18: 6259819.3
D19: 2027 | E19: =+SUMIF('Sanitary Debentures'!$V$12:$V$61,D19,'Sanitary Debentures'!$X$12:$Y$61)+SUMIF('Sanitary Debentures'!$K$12:$K$61,D19,'Sanitary Debentures'!$M$12:$N$61) -> 966493.58 | F19: =+SUMIF('Sanitary Debentures'!$V$12:$V$61,D19,$Z$12:$Z$61)+SUMIF('Sanitary Debentures'!$K$12:$K$61,D19,$O$12:$P$61) -> 616239.83 | G19: =G18-F19 -> 13859923 | H19: =+SUMIF('Sanitary Debentures'!$V$12:$V$61,D19,$AB$12:$AB$61)+SUMIF('Sanitary Debentures'!$K$12:$K$61,D19,$Q$12:$R$61) -> 350253.75 | I19: =H19*$B$5 -> 350253.75 | K19: 2023 | L19: 8 | M19: 294508.66 | O19: 175586.37 | Q19: 118922.29 | S19: 9652701.9 | V19: 2025 | W19: 8 | X19: 188738.13 | Z19: 111053.77 | AB19: 77684.36 | AC19: 77684.36 | AD19: 6148765.5
D20: 2028 | E20: =+SUMIF('Sanitary Debentures'!$V$12:$V$61,D20,'Sanitary Debentures'!$X$12:$Y$61)+SUMIF('Sanitary Debentures'!$K$12:$K$61,D20,'Sanitary Debentures'!$M$12:$N$61) -> 966493.58 | F20: =+SUMIF('Sanitary Debentures'!$V$12:$V$61,D20,$Z$12:$Z$61)+SUMIF('Sanitary Debentures'!$K$12:$K$61,D20,$O$12:$P$61) -> 631388.6 | G20: =G19-F20 -> 13228534 | H20: =+SUMIF('Sanitary Debentures'!$V$12:$V$61,D20,$AB$12:$AB$61)+SUMIF('Sanitary Debentures'!$K$12:$K$61,D20,$Q$12:$R$61) -> 335104.98 | I20: =H20*$B$5 -> 335104.98 | K20: 2024 | L20: 9 | M20: 294508.66 | O20: 177710.97 | Q20: 116797.69 | S20: 9474990.9 | V20: 2026 | W20: 9 | X20: 188738.13 | Z20: 112431.95 | AB20: 76306.18 | AC20: 76306.18 | AD20: 6036333.5
D21: 2029 | E21: =+SUMIF('Sanitary Debentures'!$V$12:$V$61,D21,'Sanitary Debentures'!$X$12:$Y$61)+SUMIF('Sanitary Debentures'!$K$12:$K$61,D21,'Sanitary Debentures'!$M$12:$N$61) -> 966493.58 | F21: =+SUMIF('Sanitary Debentures'!$V$12:$V$61,D21,$Z$12:$Z$61)+SUMIF('Sanitary Debentures'!$K$12:$K$61,D21,$O$12:$P$61) -> 646909.82 | G21: =G20-F21 -> 12581624 | H21: =+SUMIF('Sanitary Debentures'!$V$12:$V$61,D21,$AB$12:$AB$61)+SUMIF('Sanitary Debentures'!$K$12:$K$61,D21,$Q$12:$R$61) -> 319583.76 | I21: =H21*$B$5 -> 319583.76 | K21: 2024 | L21: 10 | M21: 294508.66 | O21: 179861.27 | Q21: 114647.39 | S21: 9295129.6 | V21: 2026 | W21: 10 | X21: 188738.13 | Z21: 113827.23 | AB21: 74910.9 | AC21: 74910.9 | AD21: 5922506.3
D22: 2030 | E22: =+SUMIF('Sanitary Debentures'!$V$12:$V$61,D22,'Sanitary Debentures'!$X$12:$Y$61)+SUMIF('Sanitary Debentures'!$K$12:$K$61,D22,'Sanitary Debentures'!$M$12:$N$61) -> 966493.58 | F22: =+SUMIF('Sanitary Debentures'!$V$12:$V$61,D22,$Z$12:$Z$61)+SUMIF('Sanitary Debentures'!$K$12:$K$61,D22,$O$12:$P$61) -> 662812.67 | G22: =G21-F22 -> 11918812 | H22: =+SUMIF('Sanitary Debentures'!$V$12:$V$61,D22,$AB$12:$AB$61)+SUMIF('Sanitary Debentures'!$K$12:$K$61,D22,$Q$12:$R$61) -> 303680.91 | I22: =H22*$B$5 -> 303680.91 | K22: 2025 | L22: 11 | M22: 294508.66 | O22: 182037.59 | Q22: 112471.07 | S22: 9113092 | V22: 2027 | W22: 11 | X22: 188738.13 | Z22: 115239.83 | AB22: 73498.3 | AC22: 73498.3 | AD22: 5807266.5
D23: 2031 | E23: =+SUMIF('Sanitary Debentures'!$V$12:$V$61,D23,'Sanitary Debentures'!$X$12:$Y$61)+SUMIF('Sanitary Debentures'!$K$12:$K$61,D23,'Sanitary Debentures'!$M$12:$N$61) -> 966493.58 | F23: =+SUMIF('Sanitary Debentures'!$V$12:$V$61,D23,$Z$12:$Z$61)+SUMIF('Sanitary Debentures'!$K$12:$K$61,D23,$O$12:$P$61) -> 679106.5 | G23: =G22-F23 -> 11239705 | H23: =+SUMIF('Sanitary Debentures'!$V$12:$V$61,D23,$AB$12:$AB$61)+SUMIF('Sanitary Debentures'!$K$12:$K$61,D23,$Q$12:$R$61) -> 287387.08 | I23: =H23*$B$5 -> 287387.08 | K23: 2025 | L23: 12 | M23: 294508.66 | O23: 184240.25 | Q23: 110268.41 | S23: 8928851.8 | V23: 2027 | W23: 12 | X23: 188738.13 | Z23: 116669.95 | AB23: 72068.18 | AC23: 72068.18 | AD23: 5690596.5
D24: 2032 | E24: =+SUMIF('Sanitary Debentures'!$V$12:$V$61,D24,'Sanitary Debentures'!$X$12:$Y$61)+SUMIF('Sanitary Debentures'!$K$12:$K$61,D24,'Sanitary Debentures'!$M$12:$N$61) -> 966493.58 | F24: =+SUMIF('Sanitary Debentures'!$V$12:$V$61,D24,$Z$12:$Z$61)+SUMIF('Sanitary Debentures'!$K$12:$K$61,D24,$O$12:$P$61) -> 695800.95 | G24: =G23-F24 -> 10543904 | H24: =+SUMIF('Sanitary Debentures'!$V$12:$V$61,D24,$AB$12:$AB$61)+SUMIF('Sanitary Debentures'!$K$12:$K$61,D24,$Q$12:$R$61) -> 270692.63 | I24: =H24*$B$5 -> 270692.63 | K24: 2026 | L24: 13 | M24: 294508.66 | O24: 186469.55 | Q24: 108039.11 | S24: 8742382.2 | V24: 2028 | W24: 13 | X24: 188738.13 | Z24: 118117.83 | AB24: 70620.3 | AC24: 70620.3 | AD24: 5572478.7
D25: 2033 | E25: =+SUMIF('Sanitary Debentures'!$V$12:$V$61,D25,'Sanitary Debentures'!$X$12:$Y$61)+SUMIF('Sanitary Debentures'!$K$12:$K$61,D25,'Sanitary Debentures'!$M$12:$N$61) -> 966493.58 | F25: =+SUMIF('Sanitary Debentures'!$V$12:$V$61,D25,$Z$12:$Z$61)+SUMIF('Sanitary Debentures'!$K$12:$K$61,D25,$O$12:$P$61) -> 712905.85 | G25: =G24-F25 -> 9830998.5 | H25: =+SUMIF('Sanitary Debentures'!$V$12:$V$61,D25,$AB$12:$AB$61)+SUMIF('Sanitary Debentures'!$K$12:$K$61,D25,$Q$12:$R$61) -> 253587.73 | I25: =H25*$B$5 -> 253587.73 | K25: 2026 | L25: 14 | M25: 294508.66 | O25: 188725.83 | Q25: 105782.83 | S25: 8553656.4 | V25: 2028 | W25: 14 | X25: 188738.13 | Z25: 119583.67 | AB25: 69154.46 | AC25: 69154.46 | AD25: 5452895
D26: 2034 | E26: =+SUMIF('Sanitary Debentures'!$V$12:$V$61,D26,'Sanitary Debentures'!$X$12:$Y$61)+SUMIF('Sanitary Debentures'!$K$12:$K$61,D26,'Sanitary Debentures'!$M$12:$N$61) -> 966493.58 | F26: =+SUMIF('Sanitary Debentures'!$V$12:$V$61,D26,$Z$12:$Z$61)+SUMIF('Sanitary Debentures'!$K$12:$K$61,D26,$O$12:$P$61) -> 730431.32 | G26: =G25-F26 -> 9100567.2 | H26: =+SUMIF('Sanitary Debentures'!$V$12:$V$61,D26,$AB$12:$AB$61)+SUMIF('Sanitary Debentures'!$K$12:$K$61,D26,$Q$12:$R$61) -> 236062.26 | I26: =H26*$B$5 -> 236062.26 | K26: 2027 | L26: 15 | M26: 294508.66 | O26: 191009.42 | Q26: 103499.24 | S26: 8362647 | V26: 2029 | W26: 15 | X26: 188738.13 | Z26: 121067.7 | AB26: 67670.43 | AC26: 67670.43 | AD26: 5331827.3
D27: 2035 | E27: =+SUMIF('Sanitary Debentures'!$V$12:$V$61,D27,'Sanitary Debentures'!$X$12:$Y$61)+SUMIF('Sanitary Debentures'!$K$12:$K$61,D27,'Sanitary Debentures'!$M$12:$N$61) -> 966493.58 | F27: =+SUMIF('Sanitary Debentures'!$V$12:$V$61,D27,$Z$12:$Z$61)+SUMIF('Sanitary Debentures'!$K$12:$K$61,D27,$O$12:$P$61) -> 748387.67 | G27: =G26-F27 -> 8352179.5 | H27: =+SUMIF('Sanitary Debentures'!$V$12:$V$61,D27,$AB$12:$AB$61)+SUMIF('Sanitary Debentures'!$K$12:$K$61,D27,$Q$12:$R$61) -> 218105.91 | I27: =H27*$B$5 -> 218105.91 | K27: 2027 | L27: 16 | M27: 294508.66 | O27: 193320.63 | Q27: 101188.03 | S27: 8169326.4 | V27: 2029 | W27: 16 | X27: 188738.13 | Z27: 122570.15 | AB27: 66167.98 | AC27: 66167.98 | AD27: 5209257.2
D28: 2036 | E28: =+SUMIF('Sanitary Debentures'!$V$12:$V$61,D28,'Sanitary Debentures'!$X$12:$Y$61)+SUMIF('Sanitary Debentures'!$K$12:$K$61,D28,'Sanitary Debentures'!$M$12:$N$61) -> 966493.58 | F28: =+SUMIF('Sanitary Debentures'!$V$12:$V$61,D28,$Z$12:$Z$61)+SUMIF('Sanitary Debentures'!$K$12:$K$61,D28,$O$12:$P$61) -> 766785.52 | G28: =G27-F28 -> 7585394 | H28: =+SUMIF('Sanitary Debentures'!$V$12:$V$61,D28,$AB$12:$AB$61)+SUMIF('Sanitary Debentures'!$K$12:$K$61,D28,$Q$12:$R$61) -> 199708.06 | I28: =H28*$B$5 -> 199708.06 | K28: 2028 | L28: 17 | M28: 294508.66 | O28: 195659.81 | Q28: 98848.85 | S28: 7973666.5 | V28: 2030 | W28: 17 | X28: 188738.13 | Z28: 124091.25 | AB28: 64646.88 | AC28: 64646.88 | AD28: 5085165.9
D29: 2037 | E29: =+SUMIF('Sanitary Debentures'!$V$12:$V$61,D29,'Sanitary Debentures'!$X$12:$Y$61)+SUMIF('Sanitary Debentures'!$K$12:$K$61,D29,'Sanitary Debentures'!$M$12:$N$61) -> 966493.58 | F29: =+SUMIF('Sanitary Debentures'!$V$12:$V$61,D29,$Z$12:$Z$61)+SUMIF('Sanitary Debentures'!$K$12:$K$61,D29,$O$12:$P$61) -> 785635.73 | G29: =G28-F29 -> 6799758.3 | H29: =+SUMIF('Sanitary Debentures'!$V$12:$V$61,D29,$AB$12:$AB$61)+SUMIF('Sanitary Debentures'!$K$12:$K$61,D29,$Q$12:$R$61) -> 180857.85 | I29: =H29*$B$5 -> 180857.85 | K29: 2028 | L29: 18 | M29: 294508.66 | O29: 198027.29 | Q29: 96481.37 | S29: 7775639.3 | V29: 2030 | W29: 18 | X29: 188738.13 | Z29: 125631.22 | AB29: 63106.91 | AC29: 63106.91 | AD29: 4959534.7
D30: 2038 | E30: =+SUMIF('Sanitary Debentures'!$V$12:$V$61,D30,'Sanitary Debentures'!$X$12:$Y$61)+SUMIF('Sanitary Debentures'!$K$12:$K$61,D30,'Sanitary Debentures'!$M$12:$N$61) -> 966493.58 | F30: =+SUMIF('Sanitary Debentures'!$V$12:$V$61,D30,$Z$12:$Z$61)+SUMIF('Sanitary Debentures'!$K$12:$K$61,D30,$O$12:$P$61) -> 804949.39 | G30: =G29-F30 -> 5994808.9 | H30: =+SUMIF('Sanitary Debentures'!$V$12:$V$61,D30,$AB$12:$AB$61)+SUMIF('Sanitary Debentures'!$K$12:$K$61,D30,$Q$12:$R$61) -> 161544.19 | I30: =H30*$B$5 -> 161544.19 | K30: 2029 | L30: 19 | M30: 294508.66 | O30: 200423.42 | Q30: 94085.24 | S30: 7575215.8 | V30: 2031 | W30: 19 | X30: 188738.13 | Z30: 127190.3 | AB30: 61547.83 | AC30: 61547.83 | AD30: 4832344.4
... D38: 2046 | E38: =+SUMIF('Sanitary Debentures'!$V$12:$V$61,D38,'Sanitary Debentures'!$X$12:$Y$61)+SUMIF('Sanitary Debentures'!$K$12:$K$61,D38,'Sanitary Debentures'!$M$12:$N$61) -> 377476.26 | F38: =+SUMIF('Sanitary Debentures'!$V$12:$V$61,D38,$Z$12:$Z$61)+SUMIF('Sanitary Debentures'!$K$12:$K$61,D38,$O$12:$P$61) -> 370564.12 | G38: =G37-F38 -> 1.1059456e-09 | H38: =+SUMIF('Sanitary Debentures'!$V$12:$V$61,D38,$AB$12:$AB$61)+SUMIF('Sanitary Debentures'!$K$12:$K$61,D38,$Q$12:$R$61) -> 6912.14 | I38: =H38*$B$5 -> 6912.14 | K38: 2033 | L38: 27 | M38: 294508.66 | O38: 220666.23 | Q38: 73842.43 | S38: 5882013.8 | V38: 2035 | W38: 27 | X38: 188738.13 | Z38: 140380.06 | AB38: 48358.07 | AC38: 48358.07 | AD38: 3756322
D39: Total | E39: =SUM(E12:E38) -> 24162339 | H39: =SUM(H12:H38) -> 6162339.5 | I39: =SUM(I12:I38) -> 6162339.5 | K39: 2033 | L39: 28 | M39: 294508.66 | O39: 223336.29 | Q39: 71172.37 | S39: 5658677.5 | V39: 2035 | W39: 28 | X39: 188738.13 | Z39: 142122.17 | AB39: 46615.96 | AC39: 46615.96 | AD39: 3614199.8
K40: 2034 | L40: 29 | M40: 294508.66 | O40: 226038.66 | Q40: 68470 | S40: 5432638.9 | V40: 2036 | W40: 29 | X40: 188738.13 | Z40: 143885.91 | AB40: 44852.22 | AC40: 44852.22 | AD40: 3470313.9
K41: 2034 | L41: 30 | M41: 294508.66 | O41: 228773.73 | Q41: 65734.93 | S41: 5203865.1 | V41: 2036 | W41: 30 | X41: 188738.13 | Z41: 145671.53 | AB41: 43066.6 | AC41: 43066.6 | AD41: 3324642.4
K42: 2035 | L42: 31 | M42: 294508.66 | O42: 231541.89 | Q42: 62966.77 | S42: 4972323.2 | V42: 2037 | W42: 31 | X42: 188738.13 | Z42: 147479.32 | AB42: 41258.81 | AC42: 41258.81 | AD42: 3177163.1
K43: 2035 | L43: 32 | M43: 294508.66 | O43: 234343.55 | Q43: 60165.11 | S43: 4737979.7 | V43: 2037 | W43: 32 | X43: 188738.13 | Z43: 149309.54 | AB43: 39428.59 | AC43: 39428.59 | AD43: 3027853.5
K44: 2036 | L44: 33 | M44: 294508.66 | O44: 237179.11 | Q44: 57329.55 | S44: 4500800.6 | V44: 2038 | W44: 33 | X44: 188738.13 | Z44: 151162.47 | AB44: 37575.66 | AC44: 37575.66 | AD44: 2876691
K45: 2036 | L45: 34 | M45: 294508.66 | O45: 240048.97 | Q45: 54459.69 | S45: 4260751.6 | V45: 2038 | W45: 34 | X45: 188738.13 | Z45: 153038.39 | AB45: 35699.74 | AC45: 35699.74 | AD45: 2723652.7
K46: 2037 | L46: 35 | M46: 294508.66 | O46: 242953.57 | Q46: 51555.09 | S46: 4017798 | V46: 2039 | W46: 35 | X46: 188738.13 | Z46: 154937.6 | AB46: 33800.53 | AC46: 33800.53 | AD46: 2568715.1
K47: 2037 | L47: 36 | M47: 294508.66 | O47: 245893.3 | Q47: 48615.36 | S47: 3771904.8 | V47: 2039 | W47: 36 | X47: 188738.13 | Z47: 156860.38 | AB47: 31877.75 | AC47: 31877.75 | AD47: 2411854.7
K48: 2038 | L48: 37 | M48: 294508.66 | O48: 248868.61 | Q48: 45640.05 | S48: 3523036.1 | V48: 2040 | W48: 37 | X48: 188738.13 | Z48: 158807.01 | AB48: 29931.12 | AC48: 29931.12 | AD48: 2253047.7
K49: 2038 | L49: 38 | M49: 294508.66 | O49: 251879.92 | Q49: 42628.74 | S49: 3271156.2 | V49: 2040 | W49: 38 | X49: 188738.13 | Z49: 160777.81 | AB49: 27960.32 | AC49: 27960.32 | AD49: 2092269.9
K50: 2039 | L50: 39 | M50: 294508.66 | O50: 254927.67 | Q50: 39580.99 | S50: 3016228.5 | V50: 2041 | W50: 39 | X50: 188738.13 | Z50: 162773.06 | AB50: 25965.07 | AC50: 25965.07 | AD50: 1929496.8
K51: 2039 | L51: 40 | M51: 294508.66 | O51: 258012.29 | Q51: 36496.37 | S51: 2758216.3 | V51: 2041 | W51: 40 | X51: 188738.13 | Z51: 164793.07 | AB51: 23945.06 | AC51: 23945.06 | AD51: 1764703.7
... K61: 2044 | L61: 50 | M61: 294508.66 | O61: 290987.45 | Q61: 3521.21 | S61: 0 | V61: 2046 | W61: 50 | X61: 188738.13 | Z61: 186424.69 | AB61: 2313.44 | AC61: 2313.44 | AD61: 0
L62: Totals: | M62: 14725433 | O62: 11000000 | Q62: 3725433 | W62: Totals: | X62: 9436906.5 | Z62: 7000000 | AB62: 86920

Sheet Cost Recovery Timing
B3: Baseline population taken from Alberta Dashboard | Q3: Assumed Remaining 2026 Growth (June 1, 2026 to December 31, 2026): | R3: ='2026 Collections Summary'!$D$15 -> 18.476
B4: Source: https://regionaldashboard.alberta.ca/region/okotoks/population/#/?from=2021&to=2025
R6: check:
R7: =SUM(R15:R124) -> 715.79154 | S7: =SUM(S15:S124) -> 714.5
R8: =R14 -> 715.79154 | S8: =S14 -> 714.5
B11: Population and Emploiyment Growth Projections - Based on Okotoks Growth Strategy (2024) | N11: Assumed Annual Growth - Mid 2026 Onwards (ha) | Q11: Cost Recovery Timing
B12: Year | C12: Population Growth Rate | D12: Residential Population | E12: Annual Population Growth | F12: Annual Employment Growth | G12: Annual Residential Hectare Growth (ha) | H12: Annual Employment Hectare Growth (ha) | I12: Cumulative Residential (ha) | J12: Cumulative Non-Residential (ha) | K12: Annual total (ha) | L12: Cumulative total (ha) | N12: Mid 2026 Totals (ha) | Q12: Infrastructure Category | R12: Sanitary Treatment and Disposal | S12: Sanitary Collection - 25 Year Revolving
N13: Annual | O13: Cumulative
B14: 2025 | C14: =(D15-D14)/D14 -> 0.046263664 | D14: 33482 | E14: 1549 | F14: 934 | G14: 19.03 | H14: 9.55 | I14: =+G14+I13 -> 19.03 | J14: =+H14+J13 -> 9.55 | K14: =ROUND(G14+H14,2) -> 28.58 | L14: 0 | N14: 0 | O14: 0 | Q14: Assumed Total Contributing Hectares | R14: 715.79154 | S14: 714.5
B15: 2026 | C15: =(D16-D15)/D15 -> 0.044217978 | D15: =E15+D14 -> 35031 | E15: =+E14 -> 1549 | F15: 934 | G15: 19.03 | H15: 9.55 | I15: =+G15+I14 -> 38.06 | J15: =+H15+J14 -> 19.1 | K15: =ROUND(G15+H15,2) -> 28.58 | L15: =+K15+L14 -> 28.58 | N15: =R3 -> 18.476 | O15: =N15 -> 18.476 | Q15: 2026 | R15: =IF($R$14>O15,N15,IF($R$14-O14>0,$R$14-O14,0)) -> 18.476 | S15: =IF($S$14>O15,N15,IF($S$14-O14>0,$S$14-O14,0)) -> 18.476
B16: 2027 | C16: =(D17-D16)/D16 -> 0.042345544 | D16: =E16+D15 -> 36580 | E16: =+E15 -> 1549 | F16: 934 | G16: 19.03 | H16: 9.55 | I16: =+G16+I15 -> 57.09 | J16: =+H16+J15 -> 28.65 | K16: =ROUND(G16+H16,2) -> 28.58 | L16: =+K16+L15 -> 57.16 | N16: =K16 -> 28.58 | O16: =N16+O15 -> 47.056 | Q16: 2027 | R16: =IF($R$14>O16,N16,IF($R$14-O15>0,$R$14-O15,0)) -> 28.58 | S16: =IF($S$14>O16,N16,IF($S$14-O15>0,$S$14-O15,0)) -> 28.58
B17: 2028 | C17: =(D18-D17)/D17 -> 0.040625246 | D17: =E17+D16 -> 38129 | E17: =+E16 -> 1549 | F17: 934 | G17: 19.03 | H17: 9.55 | I17: =+G17+I16 -> 76.12 | J17: =+H17+J16 -> 38.2 | K17: =ROUND(G17+H17,2) -> 28.58 | L17: =+K17+L16 -> 85.74 | N17: =K17 -> 28.58 | O17: =N17+O16 -> 75.636 | Q17: 2028 | R17: =IF($R$14>O17,N17,IF($R$14-O16>0,$R$14-O16,0)) -> 28.58 | S17: =IF($S$14>O17,N17,IF($S$14-O16>0,$S$14-O16,0)) -> 28.58
B18: 2029 | C18: =(D19-D18)/D18 -> 0.039039266 | D18: =E18+D17 -> 39678 | E18: =+E17 -> 1549 | F18: 934 | G18: 19.03 | H18: 9.55 | I18: =+G18+I17 -> 95.15 | J18: =+H18+J17 -> 47.75 | K18: =ROUND(G18+H18,2) -> 28.58 | L18: =+K18+L17 -> 114.32 | N18: =K18 -> 28.58 | O18: =N18+O17 -> 104.216 | Q18: 2029 | R18: =IF($R$14>O18,N18,IF($R$14-O17>0,$R$14-O17,0)) -> 28.58 | S18: =IF($S$14>O18,N18,IF($S$14-O17>0,$S$14-O17,0)) -> 28.58
B19: 2030 | C19: =(D20-D19)/D19 -> 0.037572465 | D19: =E19+D18 -> 41227 | E19: =+E18 -> 1549 | F19: 934 | G19: 19.03 | H19: 9.55 | I19: =+G19+I18 -> 114.18 | J19: =+H19+J18 -> 57.3 | K19: =ROUND(G19+H19,2) -> 28.58 | L19: =+K19+L18 -> 142.9 | N19: =K19 -> 28.58 | O19: =N19+O18 -> 132.796 | Q19: 2030 | R19: =IF($R$14>O19,N19,IF($R$14-O18>0,$R$14-O18,0)) -> 28.58 | S19: =IF($S$14>O19,N19,IF($S$14-O18>0,$S$14-O18,0)) -> 28.58
B20: 2031 | C20: =(D21-D20)/D20 -> 0.036211895 | D20: =E20+D19 -> 42776 | E20: =+E19 -> 1549 | F20: 934 | G20: 19.03 | H20: 9.55 | I20: =+G20+I19 -> 133.21 | J20: =+H20+J19 -> 66.85 | K20: =ROUND(G20+H20,2) -> 28.58 | L20: =+K20+L19 -> 171.48 | N20: =K20 -> 28.58 | O20: =N20+O19 -> 161.376 | Q20: 2031 | R20: =IF($R$14>O20,N20,IF($R$14-O19>0,$R$14-O19,0)) -> 28.58 | S20: =IF($S$14>O20,N20,IF($S$14-O19>0,$S$14-O19,0)) -> 28.58
B21: 2032 | C21: =(D22-D21)/D21 -> 0.034946418 | D21: =E21+D20 -> 44325 | E21: =+E20 -> 1549 | F21: 934 | G21: 19.03 | H21: 9.55 | I21: =+G21+I20 -> 152.24 | J21: =+H21+J20 -> 76.4 | K21: =ROUND(G21+H21,2) -> 28.58 | L21: =+K21+L20 -> 200.06 | N21: =K21 -> 28.58 | O21: =N21+O20 -> 189.956 | Q21: 2032 | R21: =IF($R$14>O21,N21,IF($R$14-O20>0,$R$14-O20,0)) -> 28.58 | S21: =IF($S$14>O21,N21,IF($S$14-O20>0,$S$14-O20,0)) -> 28.58
B22: 2033 | C22: =(D23-D22)/D22 -> 0.033766404 | D22: =E22+D21 -> 45874 | E22: =+E21 -> 1549 | F22: 934 | G22: 19.03 | H22: 9.55 | I22: =+G22+I21 -> 171.27 | J22: =+H22+J21 -> 85.95 | K22: =ROUND(G22+H22,2) -> 28.58 | L22: =+K22+L21 -> 228.64 | N22: =K22 -> 28.58 | O22: =N22+O21 -> 218.536 | Q22: 2033 | R22: =IF($R$14>O22,N22,IF($R$14-O21>0,$R$14-O21,0)) -> 28.58 | S22: =IF($S$14>O22,N22,IF($S$14-O21>0,$S$14-O21,0)) -> 28.58
B23: 2034 | C23: =(D24-D23)/D23 -> 0.032663476 | D23: =E23+D22 -> 47423 | E23: =+E22 -> 1549 | F23: 934 | G23: 19.03 | H23: 9.55 | I23: =+G23+I22 -> 190.3 | J23: =+H23+J22 -> 95.5 | K23: =ROUND(G23+H23,2) -> 28.58 | L23: =+K23+L22 -> 257.22 | N23: =K23 -> 28.58 | O23: =N23+O22 -> 247.116 | Q23: 2034 | R23: =IF($R$14>O23,N23,IF($R$14-O22>0,$R$14-O22,0)) -> 28.58 | S23: =IF($S$14>O23,N23,IF($S$14-O22>0,$S$14-O22,0)) -> 28.58
B24: 2035 | C24: =(D25-D24)/D24 -> 0.031630319 | D24: =E24+D23 -> 48972 | E24: =+E23 -> 1549 | F24: 934 | G24: 19.03 | H24: 9.55 | I24: =+G24+I23 -> 209.33 | J24: =+H24+J23 -> 105.05 | K24: =ROUND(G24+H24,2) -> 28.58 | L24: =+K24+L23 -> 285.8 | N24: =K24 -> 28.58 | O24: =N24+O23 -> 275.696 | Q24: 2035 | R24: =IF($R$14>O24,N24,IF($R$14-O23>0,$R$14-O23,0)) -> 28.58 | S24: =IF($S$14>O24,N24,IF($S$14-O23>0,$S$14-O23,0)) -> 28.58
B25: 2036 | C25: =(D26-D25)/D25 -> 0.030660517 | D25: =E25+D24 -> 50521 | E25: =+E24 -> 1549 | F25: 934 | G25: 19.03 | H25: 9.55 | I25: =+G25+I24 -> 228.36 | J25: =+H25+J24 -> 114.6 | K25: =ROUND(G25+H25,2) -> 28.58 | L25: =+K25+L24 -> 314.38 | N25: =K25 -> 28.58 | O25: =N25+O24 -> 304.276 | Q25: 2036 | R25: =IF($R$14>O25,N25,IF($R$14-O24>0,$R$14-O24,0)) -> 28.58 | S25: =IF($S$14>O25,N25,IF($S$14-O24>0,$S$14-O24,0)) -> 28.58
B26: 2037 | C26: =(D27-D26)/D26 -> 0.029748416 | D26: =E26+D25 -> 52070 | E26: =+E25 -> 1549 | F26: 934 | G26: 19.03 | H26: 9.55 | I26: =+G26+I25 -> 247.39 | J26: =+H26+J25 -> 124.15 | K26: =ROUND(G26+H26,2) -> 28.58 | L26: =+K26+L25 -> 342.96 | N26: =K26 -> 28.58 | O26: =N26+O25 -> 332.856 | Q26: 2037 | R26: =IF($R$14>O26,N26,IF($R$14-O25>0,$R$14-O25,0)) -> 28.58 | S26: =IF($S$14>O26,N26,IF($S$14-O25>0,$S$14-O25,0)) -> 28.58
B27: 2038 | C27: =(D28-D27)/D27 -> 0.028889013 | D27: =E27+D26 -> 53619 | E27: =+E26 -> 1549 | F27: 934 | G27: 19.03 | H27: 9.55 | I27: =+G27+I26 -> 266.42 | J27: =+H27+J26 -> 133.7 | K27: =ROUND(G27+H27,2) -> 28.58 | L27: =+K27+L26 -> 371.54 | N27: =K27 -> 28.58 | O27: =N27+O26 -> 361.436 | Q27: 2038 | R27: =IF($R$14>O27,N27,IF($R$14-O26>0,$R$14-O26,0)) -> 28.58 | S27: =IF($S$14>O27,N27,IF($S$14-O26>0,$S$14-O26,0)) -> 28.58
... B39: 2050 | C39: =(D40-D39)/D39 -> 0.021452214 | D39: =E39+D38 -> 72207 | E39: =+E38 -> 1549 | F39: 934 | G39: 19.03 | H39: 9.55 | I39: =+G39+I38 -> 494.78 | J39: =+H39+J38 -> 248.3 | K39: =ROUND(G39+H39,2) -> 28.58 | L39: =+K39+L38 -> 714.5 | N39: =K39 -> 28.58 | O39: =N39+O38 -> 704.396 | Q39: 2050 | R39: =IF($R$14>O39,N39,IF($R$14-O38>0,$R$14-O38,0)) -> 28.58 | S39: =IF($S$14>O39,N39,IF($S$14-O38>0,$S$14-O38,0)) -> 28.58
A40: 25yr Window and Infrastructure Capacity Reached (Treatment and Disposal) | B40: 2051 | C40: =(D41-D40)/D40 -> 0.021001681 | D40: =E40+D39 -> 73756 | E40: =+E39 -> 1549 | F40: 934 | G40: 19.03 | H40: 9.55 | I40: =+G40+I39 -> 513.81 | J40: =+H40+J39 -> 257.85 | K40: =ROUND(G40+H40,2) -> 28.58 | L40: =+K40+L39 -> 743.08 | N40: =K40 -> 28.58 | O40: =N40+O39 -> 732.976 | Q40: 2051 | R40: =IF($R$14>O40,N40,IF($R$14-O39>0,$R$14-O39,0)) -> 11.395543 | S40: =IF($S$14>O40,N40,IF($S$14-O39>0,$S$14-O39,0)) -> 10.104
B41: 2052 | C41: =(D42-D41)/D41 -> 0.020569683 | D41: =E41+D40 -> 75305 | E41: =+E40 -> 1549 | F41: 934 | G41: 19.03 | H41: 9.55 | I41: =+G41+I40 -> 532.84 | J41: =+H41+J40 -> 267.4 | K41: =ROUND(G41+H41,2) -> 28.58 | L41: =+K41+L40 -> 771.66 | N41: =K41 -> 28.58 | O41: =N41+O40 -> 761.556 | Q41: 2052 | R41: =IF($R$14>O41,N41,IF($R$14-O40>0,$R$14-O40,0)) -> 0 | S41: =IF($S$14>O41,N41,IF($S$14-O40>0,$S$14-O40,0)) -> 0
B42: 2053 | C42: =(D43-D42)/D42 -> 0.020155099 | D42: =E42+D41 -> 76854 | E42: =+E41 -> 1549 | F42: 934 | G42: 19.03 | H42: 9.55 | I42: =+G42+I41 -> 551.87 | J42: =+H42+J41 -> 276.95 | K42: =ROUND(G42+H42,2) -> 28.58 | L42: =+K42+L41 -> 800.24 | N42: =K42 -> 28.58 | O42: =N42+O41 -> 790.136 | Q42: 2053 | R42: =IF($R$14>O42,N42,IF($R$14-O41>0,$R$14-O41,0)) -> 0 | S42: =IF($S$14>O42,N42,IF($S$14-O41>0,$S$14-O41,0)) -> 0
B43: 2054 | C43: =(D44-D43)/D43 -> 0.019756897 | D43: =E43+D42 -> 78403 | E43: =+E42 -> 1549 | F43: 934 | G43: 19.03 | H43: 9.55 | I43: =+G43+I42 -> 570.9 | J43: =+H43+J42 -> 286.5 | K43: =ROUND(G43+H43,2) -> 28.58 | L43: =+K43+L42 -> 828.82 | N43: =K43 -> 28.58 | O43: =N43+O42 -> 818.716 | Q43: 2054 | R43: =IF($R$14>O43,N43,IF($R$14-O42>0,$R$14-O42,0)) -> 0 | S43: =IF($S$14>O43,N43,IF($S$14-O42>0,$S$14-O42,0)) -> 0
B44: 2055 | C44: =(D45-D44)/D44 -> 0.019374124 | D44: =E44+D43 -> 79952 | E44: =+E43 -> 1549 | F44: 934 | G44: 19.03 | H44: 9.55 | I44: =+G44+I43 -> 589.93 | J44: =+H44+J43 -> 296.05 | K44: =ROUND(G44+H44,2) -> 28.58 | L44: =+K44+L43 -> 857.4 | N44: =K44 -> 28.58 | O44: =N44+O43 -> 847.296 | Q44: 2055 | R44: =IF($R$14>O44,N44,IF($R$14-O43>0,$R$14-O43,0)) -> 0 | S44: =IF($S$14>O44,N44,IF($S$14-O43>0,$S$14-O43,0)) -> 0
B45: 2056 | C45: =(D46-D45)/D45 -> 0.019005902 | D45: =E45+D44 -> 81501 | E45: =+E44 -> 1549 | F45: 934 | G45: 19.03 | H45: 9.55 | I45: =+G45+I44 -> 608.96 | J45: =+H45+J44 -> 305.6 | K45: =ROUND(G45+H45,2) -> 28.58 | L45: =+K45+L44 -> 885.98 | N45: =K45 -> 28.58 | O45: =N45+O44 -> 875.876 | Q45: 2056 | R45: =IF($R$14>O45,N45,IF($R$14-O44>0,$R$14-O44,0)) -> 0 | S45: =IF($S$14>O45,N45,IF($S$14-O44>0,$S$14-O44,0)) -> 0
B46: 2057 | C46: =(D47-D46)/D46 -> 0.018651415 | D46: =E46+D45 -> 83050 | E46: =+E45 -> 1549 | F46: 934 | G46: 19.03 | H46: 9.55 | I46: =+G46+I45 -> 627.99 | J46: =+H46+J45 -> 315.15 | K46: =ROUND(G46+H46,2) -> 28.58 | L46: =+K46+L45 -> 914.56 | N46: =K46 -> 28.58 | O46: =N46+O45 -> 904.456 | Q46: 2057 | R46: =IF($R$14>L46,K46,IF($R$14-L45>0,$R$14-L45,0)) -> 0 | S46: =IF($S$14>O46,N46,IF($S$14-O45>0,$S$14-O45,0)) -> 0
B47: 2058 | C47: =(D48-D47)/D47 -> 0.018309909 | D47: =E47+D46 -> 84599 | E47: =+E46 -> 1549 | F47: 934 | G47: 19.03 | H47: 9.55 | I47: =+G47+I46 -> 647.02 | J47: =+H47+J46 -> 324.7 | K47: =ROUND(G47+H47,2) -> 28.58 | L47: =+K47+L46 -> 943.14 | N47: =K47 -> 28.58 | O47: =N47+O46 -> 933.036 | Q47: 2058 | R47: =IF($R$14>L47,K47,IF($R$14-L46>0,$R$14-L46,0)) -> 0 | S47: =IF($S$14>O47,N47,IF($S$14-O46>0,$S$14-O46,0)) -> 0
B48: 2059 | C48: =(D49-D48)/D48 -> 0.017980684 | D48: =E48+D47 -> 86148 | E48: =+E47 -> 1549 | F48: 934 | G48: 19.03 | H48: 9.55 | I48: =+G48+I47 -> 666.05 | J48: =+H48+J47 -> 334.25 | K48: =ROUND(G48+H48,2) -> 28.58 | L48: =+K48+L47 -> 971.72 | N48: =K48 -> 28.58 | O48: =N48+O47 -> 961.616 | Q48: 2059 | R48: =IF($R$14>L48,K48,IF($R$14-L47>0,$R$14-L47,0)) -> 0 | S48: =IF($S$14>O48,N48,IF($S$14-O47>0,$S$14-O47,0)) -> 0
B49: 2060 | C49: =(D50-D49)/D49 -> 0.01766309 | D49: =E49+D48 -> 87697 | E49: =+E48 -> 1549 | F49: 934 | G49: 19.03 | H49: 9.55 | I49: =+G49+I48 -> 685.08 | J49: =+H49+J48 -> 343.8 | K49: =ROUND(G49+H49,2) -> 28.58 | L49: =+K49+L48 -> 1000.3 | N49: =K49 -> 28.58 | O49: =N49+O48 -> 990.196 | Q49: 2060 | R49: =IF($R$14>L49,K49,IF($R$14-L48>0,$R$14-L48,0)) -> 0 | S49: =IF($S$14>O49,N49,IF($S$14-O48>0,$S$14-O48,0)) -> 0
B50: 2061 | C50: =(D51-D50)/D50 -> 0.01735652 | D50: =E50+D49 -> 89246 | E50: =+E49 -> 1549 | F50: 934 | G50: 19.03 | H50: 9.55 | I50: =+G50+I49 -> 704.11 | J50: =+H50+J49 -> 353.35 | K50: =ROUND(G50+H50,2) -> 28.58 | L50: =+K50+L49 -> 1028.88 | N50: =K50 -> 28.58 | O50: =N50+O49 -> 1018.776 | Q50: 2061 | R50: =IF($R$14>L50,K50,IF($R$14-L49>0,$R$14-L49,0)) -> 0 | S50: =IF($S$14>O50,N50,IF($S$14-O49>0,$S$14-O49,0)) -> 0
B51: 2062 | C51: =(D52-D51)/D51 -> 0.017060411 | D51: =E51+D50 -> 90795 | E51: =+E50 -> 1549 | F51: 934 | G51: 19.03 | H51: 9.55 | I51: =+G51+I50 -> 723.14 | J51: =+H51+J50 -> 362.9 | K51: =ROUND(G51+H51,2) -> 28.58 | L51: =+K51+L50 -> 1057.46 | N51: =K51 -> 28.58 | O51: =N51+O50 -> 1047.356 | Q51: 2062 | R51: =IF($R$14>L51,K51,IF($R$14-L50>0,$R$14-L50,0)) -> 0 | S51: =IF($S$14>O51,N51,IF($S$14-O50>0,$S$14-O50,0)) -> 0
B52: 2063 | C52: =(D53-D52)/D52 -> 0.016774235 | D52: =E52+D51 -> 92344 | E52: =+E51 -> 1549 | F52: 934 | G52: 19.03 | H52: 9.55 | I52: =+G52+I51 -> 742.17 | J52: =+H52+J51 -> 372.45 | K52: =ROUND(G52+H52,2) -> 28.58 | L52: =+K52+L51 -> 1086.04 | N52: =K52 -> 28.58 | O52: =N52+O51 -> 1075.936 | Q52: 2063 | R52: =IF($R$14>L52,K52,IF($R$14-L51>0,$R$14-L51,0)) -> 0 | S52: =IF($S$14>O52,N52,IF($S$14-O51>0,$S$14-O51,0)) -> 0
B53: 2064 | C53: =(D54-D53)/D53 -> 0.016497502 | D53: =E53+D52 -> 93893 | E53: =+E52 -> 1549 | F53: 934 | G53: 19.03 | H53: 9.55 | I53: =+G53+I52 -> 761.2 | J53: =+H53+J52 -> 382 | K53: =ROUND(G53+H53,2) -> 28.58 | L53: =+K53+L52 -> 1114.62 | N53: =K53 -> 28.58 | O53: =N53+O52 -> 1104.516 | Q53: 2064 | R53: =IF($R$14>L53,K53,IF($R$14-L52>0,$R$14-L52,0)) -> 0 | S53: =IF($S$14>O53,N53,IF($S$14-O52>0,$S$14-O52,0)) -> 0
B54: 2065 | C54: =(D55-D54)/D54 -> 0.016229752 | D54: =E54+D53 -> 95442 | E54: =+E53 -> 1549 | F54: 934 | G54: 19.03 | H54: 9.55 | I54: =+G54+I53 -> 780.23 | J54: =+H54+J53 -> 391.55 | K54: =ROUND(G54+H54,2) -> 28.58 | L54: =+K54+L53 -> 1143.2 | N54: =K54 -> 28.58 | O54: =N54+O53 -> 1133.096 | Q54: 2065 | R54: =IF($R$14>L54,K54,IF($R$14-L53>0,$R$14-L53,0)) -> 0 | S54: =IF($S$14>O54,N54,IF($S$14-O53>0,$S$14-O53,0)) -> 0
B55: 2066 | C55: =(D56-D55)/D55 -> 0.015970554 | D55: =E55+D54 -> 96991 | E55: =+E54 -> 1549 | F55: 934 | G55: 19.03 | H55: 9.55 | I55: =+G55+I54 -> 799.26 | J55: =+H55+J54 -> 401.1 | K55: =ROUND(G55+H55,2) -> 28.58 | L55: =+K55+L54 -> 1171.78 | N55: =K55 -> 28.58 | O55: =N55+O54 -> 1161.676 | Q55: 2066 | R55: =IF($R$14>L55,K55,IF($R$14-L54>0,$R$14-L54,0)) -> 0 | S55: =IF($S$14>O55,N55,IF($S$14-O54>0,$S$14-O54,0)) -> 0
B56: 2067 | C56: =(D57-D56)/D56 -> 0.015719505 | D56: =E56+D55 -> 98540 | E56: =+E55 -> 1549 | F56: 934 | G56: 19.03 | H56: 9.55 | I56: =+G56+I55 -> 818.29 | J56: =+H56+J55 -> 410.65 | K56: =ROUND(G56+H56,2) -> 28.58 | L56: =+K56+L55 -> 1200.36 | N56: =K56 -> 28.58 | O56: =N56+O55 -> 1190.256 | Q56: 2067 | R56: =IF($R$14>L56,K56,IF($R$14-L55>0,$R$14-L55,0)) -> 0 | S56: =IF($S$14>O56,N56,IF($S$14-O55>0,$S$14-O55,0)) -> 0
B57: 2068 | C57: =(D58-D57)/D57 -> 0.015476226 | D57: =E57+D56 -> 100089 | E57: =+E56 -> 1549 | F57: 934 | G57: 19.03 | H57: 9.55 | I57: =+G57+I56 -> 837.32 | J57: =+H57+J56 -> 420.2 | K57: =ROUND(G57+H57,2) -> 28.58 | L57: =+K57+L56 -> 1228.94 | N57: =K57 -> 28.58 | O57: =N57+O56 -> 1218.836 | Q57: 2068 | R57: =IF($R$14>L57,K57,IF($R$14-L56>0,$R$14-L56,0)) -> 0 | S57: =IF($S$14>O57,N57,IF($S$14-O56>0,$S$14-O56,0)) -> 0
... B123: 2134 | C123: =(D124-D123)/D123 -> 0.0076560747 | D123: =E123+D122 -> 202323 | E123: =+E122 -> 1549 | F123: 934 | G123: 19.03 | H123: 9.55 | I123: =+G123+I122 -> 2093.3 | J123: =+H123+J122 -> 1050.5 | K123: =ROUND(G123+H123,2) -> 28.58 | L123: =+K123+L122 -> 3115.22 | N123: =K123 -> 28.58 | O123: =N123+O122 -> 3105.116 | Q123: 2134 | R123: =IF($R$14>L123,K123,IF($R$14-L122>0,$R$14-L122,0)) -> 0 | S123: =IF($S$14>O123,N123,IF($S$14-O122>0,$S$14-O122,0)) -> 0
B124: 2135 | C124: =(#REF!-D124)/D124 -> #REF! | D124: =E124+D123 -> 203872 | E124: =+E123 -> 1549 | F124: 934 | G124: 19.03 | H124: 9.55 | I124: =+G124+I123 -> 2112.33 | J124: =+H124+J123 -> 1060.05 | K124: =ROUND(G124+H124,2) -> 28.58 | L124: =+K124+L123 -> 3143.8 | N124: =K124 -> 28.58 | O124: =N124+O123 -> 3133.696 | Q124: 2135 | R124: =IF($R$14>L124,K124,IF($R$14-L123>0,$R$14-L123,0)) -> 0

Sheet S-Treatment
B3: Sanitary Treatment and Disposal OSL Project List
B4: Project Description | D4: Approach to | F4: Timing | H4: Benefit | J4: Project Costs | L4: Share
B5: Code | C5: Name | D5: Financing | E5: Funding | F5: Start Year | G5: End Year | H5: Benefit to Growth | I5: Benefit to Existing | J5: Total Project Cost ($2026) | K5: Future/Remaining Project Costs ($2026) | L5: Growth Share | M5: Existing Share
B6: 39 | C6: =INDEX('Project List '!$C$6:$C$44, MATCH('S-Treatment'!B6,'Project List '!$B$6:$B$44,0)) -> Headworks | D6: =INDEX('Project List '!$E$6:$E$44, MATCH(B6,'Project List '!$B$6:$B$44,0)) -> Town | E6: =INDEX('Project List '!$F$6:$F$44, MATCH(B6,'Project List '!$B$6:$B$44,0)) -> OSL | F6: =INDEX('Project List '!$G$6:$G$44, MATCH(B6,'Project List '!$B$6:$B$44,0)) -> 2026 | G6: =INDEX('Project List '!$H$6:$H$44, MATCH(B6,'Project List '!$B$6:$B$44,0)) -> 2026 | H6: =INDEX('Project List '!$I$6:$I$44, MATCH(B6,'Project List '!$B$6:$B$44,0)) -> 0.5 | I6: =INDEX('Project List '!$J$6:$J$44, MATCH(B6,'Project List '!$B$6:$B$44,0)) -> 0.5 | J6: =INDEX('Project List '!$X$6:$X$44, MATCH(B6,'Project List '!$B$6:$B$44,0)) -> 2687673 | K6: =INDEX('Project List '!$AF$6:$AF$44, MATCH(B6,'Project List '!$B$6:$B$44,0)) -> 455520 | L6: =INDEX('Project List '!$AI$6:$AI$44, MATCH(B6,'Project List '!$B$6:$B$44,0)) -> 227760 | M6: =INDEX('Project List '!$AJ$6:$AJ$44, MATCH(B6,'Project List '!$B$6:$B$44,0)) -> 227760
B7: 92 | C7: =INDEX('Project List '!$C$6:$C$44, MATCH('S-Treatment'!B7,'Project List '!$B$6:$B$44,0)) -> WWTP Ultraviolet Disinfection | D7: =INDEX('Project List '!$E$6:$E$44, MATCH(B7,'Project List '!$B$6:$B$44,0)) -> Town | E7: =INDEX('Project List '!$F$6:$F$44, MATCH(B7,'Project List '!$B$6:$B$44,0)) -> OSL | F7: =INDEX('Project List '!$G$6:$G$44, MATCH(B7,'Project List '!$B$6:$B$44,0)) -> 2027 | G7: =INDEX('Project List '!$H$6:$H$44, MATCH(B7,'Project List '!$B$6:$B$44,0)) -> 2029 | H7: =INDEX('Project List '!$I$6:$I$44, MATCH(B7,'Project List '!$B$6:$B$44,0)) -> 1 | I7: =INDEX('Project List '!$J$6:$J$44, MATCH(B7,'Project List '!$B$6:$B$44,0)) -> 0 | J7: =INDEX('Project List '!$X$6:$X$44, MATCH(B7,'Project List '!$B$6:$B$44,0)) -> 3601122.2 | K7: =INDEX('Project List '!$AF$6:$AF$44, MATCH(B7,'Project List '!$B$6:$B$44,0)) -> 3601122.2 | L7: =INDEX('Project List '!$AI$6:$AI$44, MATCH(B7,'Project List '!$B$6:$B$44,0)) -> 3601122.2 | M7: =INDEX('Project List '!$AJ$6:$AJ$44, MATCH(B7,'Project List '!$B$6:$B$44,0)) -> 0
B8: 40 | C8: =INDEX('Project List '!$C$6:$C$44, MATCH('S-Treatment'!B8,'Project List '!$B$6:$B$44,0)) -> WWTP Activated Primary Clarifier | D8: =INDEX('Project List '!$E$6:$E$44, MATCH(B8,'Project List '!$B$6:$B$44,0)) -> Town | E8: =INDEX('Project List '!$F$6:$F$44, MATCH(B8,'Project List '!$B$6:$B$44,0)) -> OSL | F8: =INDEX('Project List '!$G$6:$G$44, MATCH(B8,'Project List '!$B$6:$B$44,0)) -> 2030 | G8: =INDEX('Project List '!$H$6:$H$44, MATCH(B8,'Project List '!$B$6:$B$44,0)) -> 2032 | H8: =INDEX('Project List '!$I$6:$I$44, MATCH(B8,'Project List '!$B$6:$B$44,0)) -> 0.7 | I8: =INDEX('Project List '!$J$6:$J$44, MATCH(B8,'Project List '!$B$6:$B$44,0)) -> 0.3 | J8: =INDEX('Project List '!$X$6:$X$44, MATCH(B8,'Project List '!$B$6:$B$44,0)) -> 5992896.3 | K8: =INDEX('Project List '!$AF$6:$AF$44, MATCH(B8,'Project List '!$B$6:$B$44,0)) -> 5992896.3 | L8: =INDEX('Project List '!$AI$6:$AI$44, MATCH(B8,'Project List '!$B$6:$B$44,0)) -> 4195027.4 | M8: =INDEX('Project List '!$AJ$6:$AJ$44, MATCH(B8,'Project List '!$B$6:$B$44,0)) -> 1797868.9
B9: 41 | C9: =INDEX('Project List '!$C$6:$C$44, MATCH('S-Treatment'!B9,'Project List '!$B$6:$B$44,0)) -> WWTP Dissolved Air Flotation #2 + EQ | D9: =INDEX('Project List '!$E$6:$E$44, MATCH(B9,'Project List '!$B$6:$B$44,0)) -> Town | E9: =INDEX('Project List '!$F$6:$F$44, MATCH(B9,'Project List '!$B$6:$B$44,0)) -> OSL | F9: =INDEX('Project List '!$G$6:$G$44, MATCH(B9,'Project List '!$B$6:$B$44,0)) -> 2026 | G9: =INDEX('Project List '!$H$6:$H$44, MATCH(B9,'Project List '!$B$6:$B$44,0)) -> 2028 | H9: =INDEX('Project List '!$I$6:$I$44, MATCH(B9,'Project List '!$B$6:$B$44,0)) -> 1 | I9: =INDEX('Project List '!$J$6:$J$44, MATCH(B9,'Project List '!$B$6:$B$44,0)) -> 0 | J9: =INDEX('Project List '!$X$6:$X$44, MATCH(B9,'Project List '!$B$6:$B$44,0)) -> 3143443.7 | K9: =INDEX('Project List '!$AF$6:$AF$44, MATCH(B9,'Project List '!$B$6:$B$44,0)) -> 3143443.7 | L9: =INDEX('Project List '!$AI$6:$AI$44, MATCH(B9,'Project List '!$B$6:$B$44,0)) -> 3143443.7 | M9: =INDEX('Project List '!$AJ$6:$AJ$44, MATCH(B9,'Project List '!$B$6:$B$44,0)) -> 0
J10: =SUM(J6:J9) -> 15425135 | K10: =SUM(K6:K9) -> 13192982 | L10: =SUM(L6:L9) -> 11167353 | M10: =SUM(M6:M9) -> 2025628.9

Sheet San Treatment - OSL
B3: Sanitary Treatment - OSL
B4: Town of Okotoks
B5: =Assumptions!B3&" $s" -> 2026 $s
L6: 1 | M6: =(1+M7) -> 1.025 | N6: =+(1+N7)*M6 -> 1.050625 | O6: =+(1+O7)*N6 -> 1.0768906 | P6: =+(1+P7)*O6 -> 1.1038129 | Q6: =+(1+Q7)*P6 -> 1.1314082 | R6: =+(1+R7)*Q6 -> 1.1596934 | S6: =+(1+S7)*R6 -> 1.1886858 | T6: =+(1+T7)*S6 -> 1.2184029 | U6: =+(1+U7)*T6 -> 1.248863 | ... BS6: =+(1+BS7)*BR6 -> 4.2924778
L7: =Assumptions!$B$18 -> 0.025 | M7: =Assumptions!$B$18 -> 0.025 | N7: =Assumptions!$B$18 -> 0.025 | O7: =Assumptions!$B$18 -> 0.025 | P7: =Assumptions!$B$18 -> 0.025 | Q7: =Assumptions!$B$18 -> 0.025 | R7: =Assumptions!$B$18 -> 0.025 | S7: =Assumptions!$B$18 -> 0.025 | ... BS7: =Assumptions!$B$18 -> 0.025
A8: Project # | B8: Category and Project Description | C8: Timing | F8: Off-site Levy Project Costs before Cost Deductions | I8: Benefit to New Development | J8: Benefit to Exisitng Development | K8: Off-site Levy Recoverable | L8: Future Value Compounded Interest
C9: Start Year | D9: End Year | E9: Years | G9: Cost Deductions (Grants, Local Developer Contributions) | H9: Net Project Cost | L9: 0 | M9: 1 | N9: =+M9+1 -> 2 | O9: =+N9+1 -> 3 | P9: =+O9+1 -> 4 | Q9: =+P9+1 -> 5 | R9: =+Q9+1 -> 6 | S9: =+R9+1 -> 7 | T9: =+S9+1 -> 8 | U9: =+T9+1 -> 9 | ... BS9: =+BR9+1 -> 59
F10: =CONCATENATE("(",$B$5,")") -> (2026 $s) | G10: =CONCATENATE("(",$B$5,")") -> (2026 $s) | H10: =CONCATENATE("(",$B$5,")") -> (2026 $s) | K10: =CONCATENATE("(",B5,")") -> (2026 $s) | L10: =Assumptions!B3 -> 2026 | M10: =L10+1 -> 2027 | N10: =M10+1 -> 2028 | O10: =N10+1 -> 2029 | P10: =O10+1 -> 2030 | Q10: =P10+1 -> 2031 | R10: =Q10+1 -> 2032 | S10: =R10+1 -> 2033 | T10: =S10+1 -> 2034 | ... BS10: =BR10+1 -> 2085 | BT10: TOTAL
A11: a | B11: b | C11: c | D11: d | E11: e | F11: f | G11: g | H11: h | I11: i | J11: j | K11: k | N11: =IF(AND(N$10=$C11,N$10=$D11),(($K11/$E11)*N$6),IF(AND(N$10>=$C11,N$10<=$D11),(($K11/$E11)*N$6),""))
A12: 39 | B12: =INDEX('S-Treatment'!$C$6:$C$9,MATCH(Table195781011121314236172728151617187202324[[#This Row],[a]],'S-Treatment'!$B$6:$B$9,0)) -> Headworks | C12: =INDEX('S-Treatment'!$F$6:$F$9,MATCH(Table195781011121314236172728151617187202324[[#This Row],[a]],'S-Treatment'!$B$6:$B$9,0)) -> 2026 | D12: =INDEX('S-Treatment'!$G$6:$G$9,MATCH(Table195781011121314236172728151617187202324[[#This Row],[a]],'S-Treatment'!$B$6:$B$9,0)) -> 2026 | E12: =(D12-C12)+1 -> 1 | F12: =INDEX('S-Treatment'!$K$6:$K$9,MATCH(Table195781011121314236172728151617187202324[[#This Row],[a]],'S-Treatment'!$B$6:$B$9,0)) -> 455520 | H12: =+Table195781011121314236172728151617187202324[[#This Row],[f]]-Table195781011121314236172728151617187202324[[#This Row],[g]] -> 455520 | I12: =INDEX('S-Treatment'!$H$6:$H$9,MATCH(Table195781011121314236172728151617187202324[[#This Row],[a]],'S-Treatment'!$B$6:$B$9,0)) -> 0.5 | J12: =1-Table195781011121314236172728151617187202324[[#This Row],[i]] -> 0.5 | K12: =(Table195781011121314236172728151617187202324[[#This Row],[h]]*Table195781011121314236172728151617187202324[[#This Row],[i]]) -> 227760 | L12: =IF(AND(L$10=$C12,L$10=$D12),(($K12/$E12)*L$6),IF(AND(L$10>=$C12,L$10<=$D12),(($K12/$E12)*L$6),"")) -> 227760 | M12: =IF(AND(M$10=$C12,M$10=$D12),(($K12/$E12)*M$6),IF(AND(M$10>=$C12,M$10<=$D12),(($K12/$E12)*M$6),"")) | N12: =IF(AND(N$10=$C12,N$10=$D12),(($K12/$E12)*N$6),IF(AND(N$10>=$C12,N$10<=$D12),(($K12/$E12)*N$6),"")) | O12: =IF(AND(O$10=$C12,O$10=$D12),(($K12/$E12)*O$6),IF(AND(O$10>=$C12,O$10<=$D12),(($K12/$E12)*O$6),"")) | P12: =IF(AND(P$10=$C12,P$10=$D12),(($K12/$E12)*P$6),IF(AND(P$10>=$C12,P$10<=$D12),(($K12/$E12)*P$6),"")) | Q12: =IF(AND(Q$10=$C12,Q$10=$D12),(($K12/$E12)*Q$6),IF(AND(Q$10>=$C12,Q$10<=$D12),(($K12/$E12)*Q$6),"")) | R12: =IF(AND(R$10=$C12,R$10=$D12),(($K12/$E12)*R$6),IF(AND(R$10>=$C12,R$10<=$D12),(($K12/$E12)*R$6),"")) | S12: =IF(AND(S$10=$C12,S$10=$D12),(($K12/$E12)*S$6),IF(AND(S$10>=$C12,S$10<=$D12),(($K12/$E12)*S$6),"")) | ... BS12: =IF(AND(BS$10=$C12,BS$10=$D12),(($K12/$E12)*BS$6),IF(AND(BS$10>=$C12,BS$10<=$D12),(($K12/$E12)*BS$6),"")) | BT12: =SUM(L12:BS12) -> 227760
A13: 92 | B13: =INDEX('S-Treatment'!$C$6:$C$9,MATCH(Table195781011121314236172728151617187202324[[#This Row],[a]],'S-Treatment'!$B$6:$B$9,0)) -> WWTP Ultraviolet Disinfection | C13: =INDEX('S-Treatment'!$F$6:$F$9,MATCH(Table195781011121314236172728151617187202324[[#This Row],[a]],'S-Treatment'!$B$6:$B$9,0)) -> 2027 | D13: =INDEX('S-Treatment'!$G$6:$G$9,MATCH(Table195781011121314236172728151617187202324[[#This Row],[a]],'S-Treatment'!$B$6:$B$9,0)) -> 2029 | E13: =(D13-C13)+1 -> 3 | F13: =INDEX('S-Treatment'!$K$6:$K$9,MATCH(Table195781011121314236172728151617187202324[[#This Row],[a]],'S-Treatment'!$B$6:$B$9,0)) -> 3601122.2 | H13: =+Table195781011121314236172728151617187202324[[#This Row],[f]]-Table195781011121314236172728151617187202324[[#This Row],[g]] -> 3601122.2 | I13: =INDEX('S-Treatment'!$H$6:$H$9,MATCH(Table195781011121314236172728151617187202324[[#This Row],[a]],'S-Treatment'!$B$6:$B$9,0)) -> 1 | J13: =1-Table195781011121314236172728151617187202324[[#This Row],[i]] -> 0 | K13: =(Table195781011121314236172728151617187202324[[#This Row],[h]]*Table195781011121314236172728151617187202324[[#This Row],[i]]) -> 3601122.2 | L13: =IF(AND(L$10=$C13,L$10=$D13),(($K13/$E13)*L$6),IF(AND(L$10>=$C13,L$10<=$D13),(($K13/$E13)*L$6),"")) | M13: =IF(AND(M$10=$C13,M$10=$D13),(($K13/$E13)*M$6),IF(AND(M$10>=$C13,M$10<=$D13),(($K13/$E13)*M$6),"")) -> 1230383.4 | N13: =IF(AND(N$10=$C13,N$10=$D13),(($K13/$E13)*N$6),IF(AND(N$10>=$C13,N$10<=$D13),(($K13/$E13)*N$6),"")) -> 1261143 | O13: =IF(AND(O$10=$C13,O$10=$D13),(($K13/$E13)*O$6),IF(AND(O$10>=$C13,O$10<=$D13),(($K13/$E13)*O$6),"")) -> 1292671.6 | P13: =IF(AND(P$10=$C13,P$10=$D13),(($K13/$E13)*P$6),IF(AND(P$10>=$C13,P$10<=$D13),(($K13/$E13)*P$6),"")) | Q13: =IF(AND(Q$10=$C13,Q$10=$D13),(($K13/$E13)*Q$6),IF(AND(Q$10>=$C13,Q$10<=$D13),(($K13/$E13)*Q$6),"")) | R13: =IF(AND(R$10=$C13,R$10=$D13),(($K13/$E13)*R$6),IF(AND(R$10>=$C13,R$10<=$D13),(($K13/$E13)*R$6),"")) | S13: =IF(AND(S$10=$C13,S$10=$D13),(($K13/$E13)*S$6),IF(AND(S$10>=$C13,S$10<=$D13),(($K13/$E13)*S$6),"")) | ... BS13: =IF(AND(BS$10=$C13,BS$10=$D13),(($K13/$E13)*BS$6),IF(AND(BS$10>=$C13,BS$10<=$D13),(($K13/$E13)*BS$6),"")) | BT13: =SUM(L13:BS13) -> 3784198.1
A14: 40 | B14: =INDEX('S-Treatment'!$C$6:$C$9,MATCH(Table195781011121314236172728151617187202324[[#This Row],[a]],'S-Treatment'!$B$6:$B$9,0)) -> WWTP Activated Primary Clarifier | C14: =INDEX('S-Treatment'!$F$6:$F$9,MATCH(Table195781011121314236172728151617187202324[[#This Row],[a]],'S-Treatment'!$B$6:$B$9,0)) -> 2030 | D14: =INDEX('S-Treatment'!$G$6:$G$9,MATCH(Table195781011121314236172728151617187202324[[#This Row],[a]],'S-Treatment'!$B$6:$B$9,0)) -> 2032 | E14: =(D14-C14)+1 -> 3 | F14: =INDEX('S-Treatment'!$K$6:$K$9,MATCH(Table195781011121314236172728151617187202324[[#This Row],[a]],'S-Treatment'!$B$6:$B$9,0)) -> 5992896.3 | H14: =+Table195781011121314236172728151617187202324[[#This Row],[f]]-Table195781011121314236172728151617187202324[[#This Row],[g]] -> 5992896.3 | I14: =INDEX('S-Treatment'!$H$6:$H$9,MATCH(Table195781011121314236172728151617187202324[[#This Row],[a]],'S-Treatment'!$B$6:$B$9,0)) -> 0.7 | J14: =1-Table195781011121314236172728151617187202324[[#This Row],[i]] -> 0.3 | K14: =(Table195781011121314236172728151617187202324[[#This Row],[h]]*Table195781011121314236172728151617187202324[[#This Row],[i]]) -> 4195027.4 | L14: =IF(AND(L$10=$C14,L$10=$D14),(($K14/$E14)*L$6),IF(AND(L$10>=$C14,L$10<=$D14),(($K14/$E14)*L$6),"")) | M14: =IF(AND(M$10=$C14,M$10=$D14),(($K14/$E14)*M$6),IF(AND(M$10>=$C14,M$10<=$D14),(($K14/$E14)*M$6),"")) | N14: =IF(AND(N$10=$C14,N$10=$D14),(($K14/$E14)*N$6),IF(AND(N$10>=$C14,N$10<=$D14),(($K14/$E14)*N$6),"")) | O14: =IF(AND(O$10=$C14,O$10=$D14),(($K14/$E14)*O$6),IF(AND(O$10>=$C14,O$10<=$D14),(($K14/$E14)*O$6),"")) | P14: =IF(AND(P$10=$C14,P$10=$D14),(($K14/$E14)*P$6),IF(AND(P$10>=$C14,P$10<=$D14),(($K14/$E14)*P$6),"")) -> 1543508.5 | Q14: =IF(AND(Q$10=$C14,Q$10=$D14),(($K14/$E14)*Q$6),IF(AND(Q$10>=$C14,Q$10<=$D14),(($K14/$E14)*Q$6),"")) -> 1582096.2 | R14: =IF(AND(R$10=$C14,R$10=$D14),(($K14/$E14)*R$6),IF(AND(R$10>=$C14,R$10<=$D14),(($K14/$E14)*R$6),"")) -> 1621648.6 | S14: =IF(AND(S$10=$C14,S$10=$D14),(($K14/$E14)*S$6),IF(AND(S$10>=$C14,S$10<=$D14),(($K14/$E14)*S$6),"")) | ... BS14: =IF(AND(BS$10=$C14,BS$10=$D14),(($K14/$E14)*BS$6),IF(AND(BS$10>=$C14,BS$10<=$D14),(($K14/$E14)*BS$6),"")) | BT14: =SUM(L14:BS14) -> 4747253.2
A15: 41 | B15: =INDEX('S-Treatment'!$C$6:$C$9,MATCH(Table195781011121314236172728151617187202324[[#This Row],[a]],'S-Treatment'!$B$6:$B$9,0)) -> WWTP Dissolved Air Flotation #2 + EQ | C15: =INDEX('S-Treatment'!$F$6:$F$9,MATCH(Table195781011121314236172728151617187202324[[#This Row],[a]],'S-Treatment'!$B$6:$B$9,0)) -> 2026 | D15: =INDEX('S-Treatment'!$G$6:$G$9,MATCH(Table195781011121314236172728151617187202324[[#This Row],[a]],'S-Treatment'!$B$6:$B$9,0)) -> 2028 | E15: =(D15-C15)+1 -> 3 | F15: =INDEX('S-Treatment'!$K$6:$K$9,MATCH(Table195781011121314236172728151617187202324[[#This Row],[a]],'S-Treatment'!$B$6:$B$9,0)) -> 3143443.7 | H15: =+Table195781011121314236172728151617187202324[[#This Row],[f]]-Table195781011121314236172728151617187202324[[#This Row],[g]] -> 3143443.7 | I15: =INDEX('S-Treatment'!$H$6:$H$9,MATCH(Table195781011121314236172728151617187202324[[#This Row],[a]],'S-Treatment'!$B$6:$B$9,0)) -> 1 | J15: =1-Table195781011121314236172728151617187202324[[#This Row],[i]] -> 0 | K15: =(Table195781011121314236172728151617187202324[[#This Row],[h]]*Table195781011121314236172728151617187202324[[#This Row],[i]]) -> 3143443.7 | L15: =IF(AND(L$10=$C15,L$10=$D15),(($K15/$E15)*L$6),IF(AND(L$10>=$C15,L$10<=$D15),(($K15/$E15)*L$6),"")) -> 1047814.6 | M15: =IF(AND(M$10=$C15,M$10=$D15),(($K15/$E15)*M$6),IF(AND(M$10>=$C15,M$10<=$D15),(($K15/$E15)*M$6),"")) -> 1074009.9 | N15: =IF(AND(N$10=$C15,N$10=$D15),(($K15/$E15)*N$6),IF(AND(N$10>=$C15,N$10<=$D15),(($K15/$E15)*N$6),"")) -> 1100860.2 | O15: =IF(AND(O$10=$C15,O$10=$D15),(($K15/$E15)*O$6),IF(AND(O$10>=$C15,O$10<=$D15),(($K15/$E15)*O$6),"")) | P15: =IF(AND(P$10=$C15,P$10=$D15),(($K15/$E15)*P$6),IF(AND(P$10>=$C15,P$10<=$D15),(($K15/$E15)*P$6),"")) | Q15: =IF(AND(Q$10=$C15,Q$10=$D15),(($K15/$E15)*Q$6),IF(AND(Q$10>=$C15,Q$10<=$D15),(($K15/$E15)*Q$6),"")) | R15: =IF(AND(R$10=$C15,R$10=$D15),(($K15/$E15)*R$6),IF(AND(R$10>=$C15,R$10<=$D15),(($K15/$E15)*R$6),"")) | S15: =IF(AND(S$10=$C15,S$10=$D15),(($K15/$E15)*S$6),IF(AND(S$10>=$C15,S$10<=$D15),(($K15/$E15)*S$6),"")) | ... BS15: =IF(AND(BS$10=$C15,BS$10=$D15),(($K15/$E15)*BS$6),IF(AND(BS$10>=$C15,BS$10<=$D15),(($K15/$E15)*BS$6),"")) | BT15: =SUM(L15:BS15) -> 3222684.7
F16: =SUM(Table195781011121314236172728151617187202324[f]) -> 13192982 | K16: =SUM(Table195781011121314236172728151617187202324[k]) -> 11167353 | L16: =+SUM(L12:L15) -> 1275574.6 | M16: =+SUM(M12:M15) -> 2304393.4 | N16: =+SUM(N12:N15) -> 2362003.2 | O16: =+SUM(O12:O15) -> 1292671.6 | P16: =+SUM(P12:P15) -> 1543508.5 | Q16: =+SUM(Q12:Q15) -> 1582096.2 | R16: =+SUM(R12:R15) -> 1621648.6 | S16: =+SUM(S12:S15) -> 0 | ... BS16: =+SUM(BS12:BS15) -> 0 | BT16: =SUM(BT12:BT15) -> 11981896
B27: 1 | C27: 2 | D27: 3 | E27: 4 | F27: 5 | G27: 6 | I27: 7 | J27: 8 | K27: 9 | L27: 10 | M27: 11 | N27: 12
B28: Year Beginning | C28: Off-site Levy Fee Reserve Fund Opening Balance | D28: Debenture Principal Advanced Remaining | E28: Existing Debenture Payments (Growth Portion Only) | F28: Growth-related Expenditures | G28: Hectares per year | H28: Levy Inflation Rate Annually | I28: Levy Rate | J28: Anticipated Fee Revenue | K28: Cumulative Surplus (Deficit) | L28: Reserve Fund Interest Accrual | N28: Off-site Levy Fee Reserve Fund Closing Balance
I29: 42020.474
L31: + | M31: -
D32: + | E32: - | F32: - | I32: starting | J32: + | L32: =Assumptions!$B$6 -> 0.02674 | M32: =+Assumptions!$B$7 -> 0.04496
I33: =L10 -> 2026 | J33: [6 x 7] | K33: [2+3-4-5+8] | N33: [9+10+11]
B34: 2020
B35: 2021
B36: 2022
B37: 2023
B38: =+B37+1 -> 2024
B39: =+B38+1 -> 2025
B40: =+B39+1 -> 2026 | C40: =Assumptions!B33 -> -15077715 | D40: =SUMIF('Sanitary Debentures'!$D$12:$D$38,B39,'Sanitary Debentures'!$G$12:$G$38) -> 15077617 | E40: =SUMIF('Sanitary Debentures'!$D$12:$D$38,B40,'Sanitary Debentures'!$E$12:$E$38) -> 966493.58 | F40: =OFFSET($L$16,0,B40-Assumptions!$B$3) -> 1275574.6 | G40: ='Cost Recovery Timing'!R15 -> 18.476 | H40: =Assumptions!$B$23 -> 0.02 | I40: =+I29 -> 42020.474 | J40: =(G40*I40*Assumptions!$B$28)+'2026 Collections Summary'!C21 -> 1409281.4 | K40: =+C40+D40-E40-F40+J40 -> -832884.17 | L40: =IF(K40<0,0,+K40*$L$32) -> 0 | M40: =IF(K40<0,+K40*$M$32,0) -> -37446.472 | N40: =+L40+K40+M40 -> -870330.64
B41: =+B40+1 -> 2027 | C41: =+N40 -> -870330.64 | D41: 0 | E41: =SUMIF('Sanitary Debentures'!$D$12:$D$38,B41,'Sanitary Debentures'!$E$12:$E$38) -> 966493.58 | F41: =OFFSET($L$16,0,B41-Assumptions!$B$3) -> 2304393.4 | G41: ='Cost Recovery Timing'!R16 -> 28.58 | H41: =Assumptions!$B$23 -> 0.02 | I41: =+IF(B41>$B$65,0,I40*(1+$H41)) -> 42860.883 | J41: =(G41*I41*Assumptions!$B$28)+(G40*I40*Assumptions!$B$27)+(G39*I39*Assumptions!$B$26)+'2026 Collections Summary'!C34 -> 1504676.4 | K41: =+C41+D41-E41-F41+J41 -> -2636541.2 | L41: =IF(K41<0,0,+K41*$L$32) -> 0 | M41: =IF(K41<0,+K41*$M$32,0) -> -118538.89 | N41: =+L41+K41+M41 -> -2755080.1
B42: =+B41+1 -> 2028 | C42: =+N41 -> -2755080.1 | D42: 0 | E42: =SUMIF('Sanitary Debentures'!$D$12:$D$38,B42,'Sanitary Debentures'!$E$12:$E$38) -> 966493.58 | F42: =OFFSET($L$16,0,B42-Assumptions!$B$3) -> 2362003.2 | G42: ='Cost Recovery Timing'!R17 -> 28.58 | H42: =Assumptions!$B$23 -> 0.02 | I42: =+IF(B42>$B$65,0,I41*(1+$H42)) -> 43718.101 | J42: =(G42*I42*Assumptions!$B$28)+(G41*I41*Assumptions!$B$27)+(G40*I40*Assumptions!$B$26) -> 1052876.3 | K42: =+C42+D42-E42-F42+J42 -> -5030700.6 | L42: =IF(K42<0,0,+K42*$L$32) -> 0 | M42: =IF(K42<0,+K42*$M$32,0) -> -226180.3 | N42: =+L42+K42+M42 -> -5256880.9
B43: =+B42+1 -> 2029 | C43: =+N42 -> -5256880.9 | D43: 0 | E43: =SUMIF('Sanitary Debentures'!$D$12:$D$38,B43,'Sanitary Debentures'!$E$12:$E$38) -> 966493.58 | F43: =OFFSET($L$16,0,B43-Assumptions!$B$3) -> 1292671.6 | G43: ='Cost Recovery Timing'!R18 -> 28.58 | H43: =Assumptions!$B$23 -> 0.02 | I43: =+IF(B43>$B$65,0,I42*(1+$H43)) -> 44592.463 | J43: =(G43*I43*Assumptions!$B$28)+(G42*I42*Assumptions!$B$27)+(G41*I41*Assumptions!$B$26) -> 1247160.4 | K43: =+C43+D43-E43-F43+J43 -> -6268885.6 | L43: =IF(K43<0,0,+K43*$L$32) -> 0 | M43: =IF(K43<0,+K43*$M$32,0) -> -281849.1 | N43: =+L43+K43+M43 -> -6550734.7
B44: =+B43+1 -> 2030 | C44: =+N43 -> -6550734.7 | D44: 0 | E44: =SUMIF('Sanitary Debentures'!$D$12:$D$38,B44,'Sanitary Debentures'!$E$12:$E$38) -> 966493.58 | F44: =OFFSET($L$16,0,B44-Assumptions!$B$3) -> 1543508.5 | G44: ='Cost Recovery Timing'!R19 -> 28.58 | H44: =Assumptions!$B$23 -> 0.02 | I44: =+IF(B44>$B$65,0,I43*(1+$H44)) -> 45484.312 | J44: =(G44*I44*Assumptions!$B$28)+(G43*I43*Assumptions!$B$27)+(G42*I42*Assumptions!$B$26) -> 1272103.6 | K44: =+C44+D44-E44-F44+J44 -> -7788633.2 | L44: =IF(K44<0,0,+K44*$L$32) -> 0 | M44: =IF(K44<0,+K44*$M$32,0) -> -350176.95 | N44: =+L44+K44+M44 -> -8138810.1
B45: =+B44+1 -> 2031 | C45: =+N44 -> -8138810.1 | D45: 0 | E45: =SUMIF('Sanitary Debentures'!$D$12:$D$38,B45,'Sanitary Debentures'!$E$12:$E$38) -> 966493.58 | F45: =OFFSET($L$16,0,B45-Assumptions!$B$3) -> 1582096.2 | G45: ='Cost Recovery Timing'!R20 -> 28.58 | H45: =Assumptions!$B$23 -> 0.02 | I45: =+IF(B45>$B$65,0,I44*(1+$H45)) -> 46393.999 | J45: =(G45*I45*Assumptions!$B$28)+(G44*I44*Assumptions!$B$27)+(G43*I43*Assumptions!$B$26) -> 1297545.7 | K45: =+C45+D45-E45-F45+J45 -> -9389854.2 | L45: =IF(K45<0,0,+K45*$L$32) -> 0 | M45: =IF(K45<0,+K45*$M$32,0) -> -422167.84 | N45: =+L45+K45+M45 -> -9812022
B46: =+B45+1 -> 2032 | C46: =+N45 -> -9812022 | D46: 0 | E46: =SUMIF('Sanitary Debentures'!$D$12:$D$38,B46,'Sanitary Debentures'!$E$12:$E$38) -> 966493.58 | F46: =OFFSET($L$16,0,B46-Assumptions!$B$3) -> 1621648.6 | G46: ='Cost Recovery Timing'!R21 -> 28.58 | H46: =Assumptions!$B$23 -> 0.02 | I46: =+IF(B46>$B$65,0,I45*(1+$H46)) -> 47321.879 | J46: =(G46*I46*Assumptions!$B$28)+(G45*I45*Assumptions!$B$27)+(G44*I44*Assumptions!$B$26) -> 1323496.6 | K46: =+C46+D46-E46-F46+J46 -> -11076668 | L46: =IF(K46<0,0,+K46*$L$32) -> 0 | M46: =IF(K46<0,+K46*$M$32,0) -> -498006.97 | N46: =+L46+K46+M46 -> -11574675
B47: =+B46+1 -> 2033 | C47: =+N46 -> -11574675 | D47: 0 | E47: =SUMIF('Sanitary Debentures'!$D$12:$D$38,B47,'Sanitary Debentures'!$E$12:$E$38) -> 966493.58 | F47: =OFFSET($L$16,0,B47-Assumptions!$B$3) -> 0 | G47: ='Cost Recovery Timing'!R22 -> 28.58 | H47: =Assumptions!$B$23 -> 0.02 | I47: =+IF(B47>$B$65,0,I46*(1+$H47)) -> 48268.316 | J47: =(G47*I47*Assumptions!$B$28)+(G46*I46*Assumptions!$B$27)+(G45*I45*Assumptions!$B$26) -> 1349966.5 | K47: =+C47+D47-E47-F47+J47 -> -11191202 | L47: =IF(K47<0,0,+K47*$L$32) -> 0 | M47: =IF(K47<0,+K47*$M$32,0) -> -503156.42 | N47: =+L47+K47+M47 -> -11694358
B48: =+B47+1 -> 2034 | C48: =+N47 -> -11694358 | D48: 0 | E48: =SUMIF('Sanitary Debentures'!$D$12:$D$38,B48,'Sanitary Debentures'!$E$12:$E$38) -> 966493.58 | F48: =OFFSET($L$16,0,B48-Assumptions!$B$3) -> 0 | G48: ='Cost Recovery Timing'!R23 -> 28.58 | H48: =Assumptions!$B$23 -> 0.02 | I48: =+IF(B48>$B$65,0,I47*(1+$H48)) -> 49233.682 | J48: =(G48*I48*Assumptions!$B$28)+(G47*I47*Assumptions!$B$27)+(G46*I46*Assumptions!$B$26) -> 1376965.9 | K48: =+C48+D48-E48-F48+J48 -> -11283886 | L48: =IF(K48<0,0,+K48*$L$32) -> 0 | M48: =IF(K48<0,+K48*$M$32,0) -> -507323.5 | N48: =+L48+K48+M48 -> -11791209
B49: =+B48+1 -> 2035 | C49: =+N48 -> -11791209 | D49: 0 | E49: =SUMIF('Sanitary Debentures'!$D$12:$D$38,B49,'Sanitary Debentures'!$E$12:$E$38) -> 966493.58 | F49: =OFFSET($L$16,0,B49-Assumptions!$B$3) -> 0 | G49: ='Cost Recovery Timing'!R24 -> 28.58 | H49: =Assumptions!$B$23 -> 0.02 | I49: =+IF(B49>$B$65,0,I48*(1+$H49)) -> 50218.356 | J49: =(G49*I49*Assumptions!$B$28)+(G48*I48*Assumptions!$B$27)+(G47*I47*Assumptions!$B$26) -> 1404505.2 | K49: =+C49+D49-E49-F49+J49 -> -11353198 | L49: =IF(K49<0,0,+K49*$L$32) -> 0 | M49: =IF(K49<0,+K49*$M$32,0) -> -510439.77 | N49: =+L49+K49+M49 -> -11863637
B50: =+B49+1 -> 2036 | C50: =+N49 -> -11863637 | D50: 0 | E50: =SUMIF('Sanitary Debentures'!$D$12:$D$38,B50,'Sanitary Debentures'!$E$12:$E$38) -> 966493.58 | F50: =OFFSET($L$16,0,B50-Assumptions!$B$3) -> 0 | G50: ='Cost Recovery Timing'!R25 -> 28.58 | H50: =Assumptions!$B$23 -> 0.02 | I50: =+IF(B50>$B$65,0,I49*(1+$H50)) -> 51222.723 | J50: =(G50*I50*Assumptions!$B$28)+(G49*I49*Assumptions!$B$27)+(G48*I48*Assumptions!$B$26) -> 1432595.3 | K50: =+C50+D50-E50-F50+J50 -> -11397536 | L50: =IF(K50<0,0,+K50*$L$32) -> 0 | M50: =IF(K50<0,+K50*$M$32,0) -> -512433.21 | N50: =+L50+K50+M50 -> -11909969
B51: =+B50+1 -> 2037 | C51: =+N50 -> -11909969 | D51: 0 | E51: =SUMIF('Sanitary Debentures'!$D$12:$D$38,B51,'Sanitary Debentures'!$E$12:$E$38) -> 966493.58 | F51: =OFFSET($L$16,0,B51-Assumptions!$B$3) -> 0 | G51: ='Cost Recovery Timing'!R26 -> 28.58 | H51: =Assumptions!$B$23 -> 0.02 | I51: =+IF(B51>$B$65,0,I50*(1+$H51)) -> 52247.178 | J51: =(G51*I51*Assumptions!$B$28)+(G50*I50*Assumptions!$B$27)+(G49*I49*Assumptions!$B$26) -> 1461247.2 | K51: =+C51+D51-E51-F51+J51 -> -11415215 | L51: =IF(K51<0,0,+K51*$L$32) -> 0 | M51: =IF(K51<0,+K51*$M$32,0) -> -513228.08 | N51: =+L51+K51+M51 -> -11928443
B52: =+B51+1 -> 2038 | C52: =+N51 -> -11928443 | D52: 0 | E52: =SUMIF('Sanitary Debentures'!$D$12:$D$38,B52,'Sanitary Debentures'!$E$12:$E$38) -> 966493.58 | F52: =OFFSET($L$16,0,B52-Assumptions!$B$3) -> 0 | G52: ='Cost Recovery Timing'!R27 -> 28.58 | H52: =Assumptions!$B$23 -> 0.02 | I52: =+IF(B52>$B$65,0,I51*(1+$H52)) -> 53292.121 | J52: =(G52*I52*Assumptions!$B$28)+(G51*I51*Assumptions!$B$27)+(G50*I50*Assumptions!$B$26) -> 1490472.1 | K52: =+C52+D52-E52-F52+J52 -> -11404465 | L52: =IF(K52<0,0,+K52*$L$32) -> 0 | M52: =IF(K52<0,+K52*$M$32,0) -> -512744.74 | N52: =+L52+K52+M52 -> -11917210
B53: =+B52+1 -> 2039 | C53: =+N52 -> -11917210 | D53: 0 | E53: =SUMIF('Sanitary Debentures'!$D$12:$D$38,B53,'Sanitary Debentures'!$E$12:$E$38) -> 966493.58 | F53: =OFFSET($L$16,0,B53-Assumptions!$B$3) -> 0 | G53: ='Cost Recovery Timing'!R28 -> 28.58 | H53: =Assumptions!$B$23 -> 0.02 | I53: =+IF(B53>$B$65,0,I52*(1+$H53)) -> 54357.964 | J53: =(G53*I53*Assumptions!$B$28)+(G52*I52*Assumptions!$B$27)+(G51*I51*Assumptions!$B$26) -> 1520281.6 | K53: =+C53+D53-E53-F53+J53 -> -11363422 | L53: =IF(K53<0,0,+K53*$L$32) -> 0 | M53: =IF(K53<0,+K53*$M$32,0) -> -510899.44 | N53: =+L53+K53+M53 -> -11874321
... B60: =+B59+1 -> 2046 | C60: =+N59 -> -10214559 | D60: 0 | E60: =SUMIF('Sanitary Debentures'!$D$12:$D$38,B60,'Sanitary Debentures'!$E$12:$E$38) -> 377476.26 | F60: =OFFSET($L$16,0,B60-Assumptions!$B$3) -> 0 | G60: ='Cost Recovery Timing'!R35 -> 28.58 | H60: =Assumptions!$B$23 -> 0.02 | I60: =+IF(B60>$B$65,0,I59*(1+$H60)) -> 62440.214 | J60: =(G60*I60*Assumptions!$B$28)+(G59*I59*Assumptions!$B$27)+(G58*I58*Assumptions!$B$26) -> 1746325.6 | K60: =+C60+D60-E60-F60+J60 -> -8845709.2 | L60: =IF(K60<0,0,+K60*$L$32) -> 0 | M60: =IF(K60<0,+K60*$M$32,0) -> -397703.09 | N60: =+L60+K60+M60 -> -9243412.3
B61: =+B60+1 -> 2047 | C61: =+N60 -> -9243412.3 | D61: 0 | E61: 0 | F61: =OFFSET($L$16,0,B61-Assumptions!$B$3) -> 0 | G61: ='Cost Recovery Timing'!R36 -> 28.58 | H61: =Assumptions!$B$23 -> 0.02 | I61: =+IF(B61>$B$65,0,I60*(1+$H61)) -> 63689.018 | J61: =(G61*I61*Assumptions!$B$28)+(G60*I60*Assumptions!$B$27)+(G59*I59*Assumptions!$B$26) -> 1781252.2 | K61: =+C61+D61-E61-F61+J61 -> -7462160.1 | L61: =IF(K61<0,0,+K61*$L$32) -> 0 | M61: =IF(K61<0,+K61*$M$32,0) -> -335498.72 | N61: =+L61+K61+M61 -> -7797658.9
B62: =+B61+1 -> 2048 | C62: =+N61 -> -7797658.9 | D62: 0 | E62: 0 | F62: =OFFSET($L$16,0,B62-Assumptions!$B$3) -> 0 | G62: ='Cost Recovery Timing'!R37 -> 28.58 | H62: =Assumptions!$B$23 -> 0.02 | I62: =+IF(B62>$B$65,0,I61*(1+$H62)) -> 64962.798 | J62: =(G62*I62*Assumptions!$B$28)+(G61*I61*Assumptions!$B$27)+(G60*I60*Assumptions!$B$26) -> 1816877.2 | K62: =+C62+D62-E62-F62+J62 -> -5980781.7 | L62: =IF(K62<0,0,+K62*$L$32) -> 0 | M62: =IF(K62<0,+K62*$M$32,0) -> -268895.94 | N62: =+L62+K62+M62 -> -6249677.6
B63: =+B62+1 -> 2049 | C63: =+N62 -> -6249677.6 | D63: 0 | E63: 0 | F63: =OFFSET($L$16,0,B63-Assumptions!$B$3) -> 0 | G63: ='Cost Recovery Timing'!R38 -> 28.58 | H63: =Assumptions!$B$23 -> 0.02 | I63: =+IF(B63>$B$65,0,I62*(1+$H63)) -> 66262.054 | J63: =(G63*I63*Assumptions!$B$28)+(G62*I62*Assumptions!$B$27)+(G61*I61*Assumptions!$B$26) -> 1853214.7 | K63: =+C63+D63-E63-F63+J63 -> -4396462.9 | L63: =IF(K63<0,0,+K63*$L$32) -> 0 | M63: =IF(K63<0,+K63*$M$32,0) -> -197664.97 | N63: =+L63+K63+M63 -> -4594127.8
B64: =+B63+1 -> 2050 | C64: =+N63 -> -4594127.8 | D64: 0 | E64: 0 | F64: =OFFSET($L$16,0,B64-Assumptions!$B$3) -> 0 | G64: ='Cost Recovery Timing'!R39 -> 28.58 | H64: =Assumptions!$B$23 -> 0.02 | I64: =+IF(B64>$B$65,0,I63*(1+$H64)) -> 67587.295 | J64: =(G64*I64*Assumptions!$B$28)+(G63*I63*Assumptions!$B$27)+(G62*I62*Assumptions!$B$26) -> 1890279 | K64: =+C64+D64-E64-F64+J64 -> -2703848.8 | L64: =IF(K64<0,0,+K64*$L$32) -> 0 | M64: =IF(K64<0,+K64*$M$32,0) -> -121565.04 | N64: =+L64+K64+M64 -> -2825413.8
A65: Infrastructure Capacity Reached | B65: =+B64+1 -> 2051 | C65: =+N64 -> -2825413.8 | D65: 0 | E65: 0 | F65: =OFFSET($L$16,0,B65-Assumptions!$B$3) -> 0 | G65: ='Cost Recovery Timing'!R40 -> 11.395543 | H65: =Assumptions!$B$23 -> 0.02 | I65: =+IF(B65>$B$65,0,I64*(1+$H65)) -> 68939.041 | J65: =(G65*I65*Assumptions!$B$28)+(G64*I64*Assumptions!$B$27)+(G63*I63*Assumptions!$B$26) -> 1572680.6 | K65: =+C65+D65-E65-F65+J65 -> -1252733.2 | L65: =IF(K65<0,0,+K65*$L$32) -> 0 | M65: =IF(K65<0,+K65*$M$32,0) -> -56322.886 | N65: =+L65+K65+M65 -> -1309056.1
B66: =+B65+1 -> 2052 | C66: =+N65 -> -1309056.1 | D66: 0 | E66: 0 | F66: =OFFSET($L$16,0,B66-Assumptions!$B$3) -> 0 | G66: ='Cost Recovery Timing'!R41 -> 0 | H66: =Assumptions!$B$23 -> 0.02 | I66: =+IF(B66>$B$65,0,I65*(1+$H66)) -> 0 | J66: =(G66*I66*Assumptions!$B$28)+(G65*I65*Assumptions!$B$27)+(G64*I64*Assumptions!$B$26) -> 1008337.3 | K66: =+C66+D66-E66-F66+J66 -> -300718.8 | L66: =IF(K66<0,0,+K66*$L$32) -> 0 | M66: =IF(K66<0,+K66*$M$32,0) -> -13520.317 | N66: =+L66+K66+M66 -> -314239.12 | O66: Levy calculated based on "Goal Seek" Function. "Goal Seek" to zero in 2053 to account for 3rd Payment from 2051 growth.
B67: =+B66+1 -> 2053 | C67: =+N66 -> -314239.12 | D67: 0 | E67: 0 | F67: =OFFSET($L$16,0,B67-Assumptions!$B$3) -> 0 | G67: ='Cost Recovery Timing'!R42 -> 0 | H67: =Assumptions!$B$23 -> 0.02 | I67: =+IF(B67>$B$65,0,I66*(1+$H67)) -> 0 | J67: =(G67*I67*Assumptions!$B$28)+(G66*I66*Assumptions!$B$27)+(G65*I65*Assumptions!$B$26) -> 314239.12 | K67: =+C67+D67-E67-F67+J67 -> -2.1362212e-08 | L67: =IF(K67<0,0,+K67*$L$32) -> 0 | M67: =IF(K67<0,+K67*$M$32,0) -> -9.6044503e-10 | N67: =+L67+K67+M67 -> -2.2322657e-08
B68: =+B67+1 -> 2054 | C68: =+N67 -> -2.2322657e-08 | D68: 0 | E68: 0 | F68: =OFFSET($L$16,0,B68-Assumptions!$B$3) -> 0 | G68: ='Cost Recovery Timing'!R43 -> 0 | H68: =Assumptions!$B$23 -> 0.02 | I68: =+IF(B68>$B$65,0,I67*(1+$H68)) -> 0 | J68: =(G68*I68*Assumptions!$B$28)+(G67*I67*Assumptions!$B$27)+(G66*I66*Assumptions!$B$26) -> 0 | K68: =+C68+D68-E68-F68+J68 -> -2.2322657e-08 | L68: =IF(K68<0,0,+K68*$L$32) -> 0 | M68: =IF(K68<0,+K68*$M$32,0) -> -1.0036266e-09 | N68: =+L68+K68+M68 -> -2.3326283e-08
B69: =+B68+1 -> 2055 | C69: =+N68 -> -2.3326283e-08 | D69: 0 | E69: 0 | F69: =OFFSET($L$16,0,B69-Assumptions!$B$3) -> 0 | G69: ='Cost Recovery Timing'!R44 -> 0 | H69: =Assumptions!$B$23 -> 0.02 | I69: =+IF(B69>$B$65,0,I68*(1+$H69)) -> 0 | J69: =(G69*I69*Assumptions!$B$28)+(G68*I68*Assumptions!$B$27)+(G67*I67*Assumptions!$B$26) -> 0 | K69: =+C69+D69-E69-F69+J69 -> -2.3326283e-08 | L69: =IF(K69<0,0,+K69*$L$32) -> 0 | M69: =IF(K69<0,+K69*$M$32,0) -> -1.0487497e-09 | N69: =+L69+K69+M69 -> -2.4375033e-08
B70: =+B69+1 -> 2056 | C70: =+N69 -> -2.4375033e-08 | D70: 0 | E70: 0 | F70: =OFFSET($L$16,0,B70-Assumptions!$B$3) -> 0 | G70: ='Cost Recovery Timing'!R45 -> 0 | H70: =Assumptions!$B$23 -> 0.02 | I70: =+IF(B70>$B$65,0,I69*(1+$H70)) -> 0 | J70: =(G70*I70*Assumptions!$B$28)+(G69*I69*Assumptions!$B$27)+(G68*I68*Assumptions!$B$26) -> 0 | K70: =+C70+D70-E70-F70+J70 -> -2.4375033e-08 | L70: =IF(K70<0,0,+K70*$L$32) -> 0 | M70: =IF(K70<0,+K70*$M$32,0) -> -1.0959015e-09 | N70: =+L70+K70+M70 -> -2.5470934e-08
B71: =+B70+1 -> 2057 | C71: =+N70 -> -2.5470934e-08 | D71: 0 | E71: 0 | F71: =OFFSET($L$16,0,B71-Assumptions!$B$3) -> 0 | G71: ='Cost Recovery Timing'!R46 -> 0 | H71: =Assumptions!$B$23 -> 0.02 | I71: =+IF(B71>$B$65,0,I70*(1+$H71)) -> 0 | J71: =(G71*I71*Assumptions!$B$28)+(G70*I70*Assumptions!$B$27)+(G69*I69*Assumptions!$B$26) -> 0 | K71: =+C71+D71-E71-F71+J71 -> -2.5470934e-08 | L71: =IF(K71<0,0,+K71*$L$32) -> 0 | M71: =IF(K71<0,+K71*$M$32,0) -> -1.1451732e-09 | N71: =+L71+K71+M71 -> -2.6616108e-08
B72: =+B71+1 -> 2058 | C72: =+N71 -> -2.6616108e-08 | D72: 0 | E72: 0 | F72: =OFFSET($L$16,0,B72-Assumptions!$B$3) -> 0 | G72: ='Cost Recovery Timing'!R47 -> 0 | H72: =Assumptions!$B$23 -> 0.02 | I72: =+IF(B72>$B$65,0,I71*(1+$H72)) -> 0 | J72: =(G72*I72*Assumptions!$B$28)+(G71*I71*Assumptions!$B$27)+(G70*I70*Assumptions!$B$26) -> 0 | K72: =+C72+D72-E72-F72+J72 -> -2.6616108e-08 | L72: =IF(K72<0,0,+K72*$L$32) -> 0 | M72: =IF(K72<0,+K72*$M$32,0) -> -1.1966602e-09 | N72: =+L72+K72+M72 -> -2.7812768e-08
B73: =+B72+1 -> 2059 | C73: =+N72 -> -2.7812768e-08 | D73: 0 | E73: 0 | F73: =OFFSET($L$16,0,B73-Assumptions!$B$3) -> 0 | G73: ='Cost Recovery Timing'!R48 -> 0 | H73: =Assumptions!$B$23 -> 0.02 | I73: =+IF(B73>$B$65,0,I72*(1+$H73)) -> 0 | J73: =(G73*I73*Assumptions!$B$28)+(G72*I72*Assumptions!$B$27)+(G71*I71*Assumptions!$B$26) -> 0 | K73: =+C73+D73-E73-F73+J73 -> -2.7812768e-08 | L73: =IF(K73<0,0,+K73*$L$32) -> 0 | M73: =IF(K73<0,+K73*$M$32,0) -> -1.250462e-09 | N73: =+L73+K73+M73 -> -2.906323e-08
B74: =+B73+1 -> 2060 | C74: =+N73 -> -2.906323e-08 | D74: 0 | E74: 0 | F74: =OFFSET($L$16,0,B74-Assumptions!$B$3) -> 0 | G74: ='Cost Recovery Timing'!R49 -> 0 | H74: =Assumptions!$B$23 -> 0.02 | I74: =+IF(B74>$B$65,0,I73*(1+$H74)) -> 0 | J74: =(G74*I74*Assumptions!$B$28)+(G73*I73*Assumptions!$B$27)+(G72*I72*Assumptions!$B$26) -> 0 | K74: =+C74+D74-E74-F74+J74 -> -2.906323e-08 | L74: =IF(K74<0,0,+K74*$L$32) -> 0 | M74: =IF(K74<0,+K74*$M$32,0) -> -1.3066828e-09 | N74: =+L74+K74+M74 -> -3.0369913e-08

Sheet S-Collection
B3: Sanitary Collection OSL Project List
B4: Project Description | D4: Assumed Approach to | F4: Timing | H4: Benefit | J4: Project Costs | L4: Share | N4: Assumed to Be Front-Ended by Developers and Oversize Recovery Eligible
B5: Code | C5: Name | D5: Financing | E5: Funding | F5: Start Year | G5: End Year | H5: Benefit to Growth | I5: Benefit to Existing | J5: Total Project Cost ($2026) | K5: Future/Remaining Project Costs ($2026) | L5: Growth Share | M5: Existing Share | O5: Pipe Length (m)
B6: 9A/10/12 | C6: =INDEX('Project List '!$C$6:$C$44, MATCH('S-Collection'!B6,'Project List '!$B$6:$B$44,0)) -> 525 mm Gravity Sewer North Railway Trunk Upgrade (North Railway Street Bend - Fisher Gate) | D6: =INDEX('Project List '!$E$6:$E$44, MATCH(B6,'Project List '!$B$6:$B$44,0)) -> Town | E6: =INDEX('Project List '!$F$6:$F$44, MATCH(B6,'Project List '!$B$6:$B$44,0)) -> OSL | F6: =INDEX('Project List '!$G$6:$G$44, MATCH(B6,'Project List '!$B$6:$B$44,0)) -> 2026 | G6: =INDEX('Project List '!$H$6:$H$44, MATCH(B6,'Project List '!$B$6:$B$44,0)) -> 2026 | H6: =INDEX('Project List '!$I$6:$I$44, MATCH(B6,'Project List '!$B$6:$B$44,0)) -> 1 | I6: =INDEX('Project List '!$J$6:$J$44, MATCH(B6,'Project List '!$B$6:$B$44,0)) -> 0 | J6: =INDEX('Project List '!$X$6:$X$44, MATCH(B6,'Project List '!$B$6:$B$44,0)) -> 5919048 | K6: =INDEX('Project List '!$AF$6:$AF$44, MATCH(B6,'Project List '!$B$6:$B$44,0)) -> 2267196 | L6: =INDEX('Project List '!$AI$6:$AI$44, MATCH(B6,'Project List '!$B$6:$B$44,0)) -> 2267196 | M6: =INDEX('Project List '!$AJ$6:$AJ$44, MATCH(B6,'Project List '!$B$6:$B$44,0)) -> 0 | N6: =INDEX('Project List '!$AJ$6:$AJ$44, MATCH(C6,'Project List '!$B$6:$B$44,0)) -> #N/A | O6: =INDEX('Project List '!$AL$6:$AL$44, MATCH(B6,'Project List '!$B$6:$B$44,0)) -> 0
B7: 15 | C7: =INDEX('Project List '!$C$6:$C$44, MATCH('S-Collection'!B7,'Project List '!$B$6:$B$44,0)) -> 1050 mm Gravity Sewer (Crystal Shores Road to Crystal Green Lane) | D7: =INDEX('Project List '!$E$6:$E$44, MATCH(B7,'Project List '!$B$6:$B$44,0)) -> Town | E7: =INDEX('Project List '!$F$6:$F$44, MATCH(B7,'Project List '!$B$6:$B$44,0)) -> OSL | F7: =INDEX('Project List '!$G$6:$G$44, MATCH(B7,'Project List '!$B$6:$B$44,0)) -> 2026 | G7: =INDEX('Project List '!$H$6:$H$44, MATCH(B7,'Project List '!$B$6:$B$44,0)) -> 2027 | H7: =INDEX('Project List '!$I$6:$I$44, MATCH(B7,'Project List '!$B$6:$B$44,0)) -> 1 | I7: =INDEX('Project List '!$J$6:$J$44, MATCH(B7,'Project List '!$B$6:$B$44,0)) -> 0 | J7: =INDEX('Project List '!$X$6:$X$44, MATCH(B7,'Project List '!$B$6:$B$44,0)) -> 994941.87 | K7: =INDEX('Project List '!$AF$6:$AF$44, MATCH(B7,'Project List '!$B$6:$B$44,0)) -> 994941.87 | L7: =INDEX('Project List '!$AI$6:$AI$44, MATCH(B7,'Project List '!$B$6:$B$44,0)) -> 994941.87 | M7: =INDEX('Project List '!$AJ$6:$AJ$44, MATCH(B7,'Project List '!$B$6:$B$44,0)) -> 0 | N7: No | O7: =INDEX('Project List '!$AL$6:$AL$44, MATCH(B7,'Project List '!$B$6:$B$44,0)) -> 260
B8: 14A | C8: =INDEX('Project List '!$C$6:$C$44, MATCH('S-Collection'!B8,'Project List '!$B$6:$B$44,0)) -> 1050 mm Gravity Sewer (Crystal Shores Road to 260m South) | D8: =INDEX('Project List '!$E$6:$E$44, MATCH(B8,'Project List '!$B$6:$B$44,0)) -> Town | E8: =INDEX('Project List '!$F$6:$F$44, MATCH(B8,'Project List '!$B$6:$B$44,0)) -> OSL | F8: =INDEX('Project List '!$G$6:$G$44, MATCH(B8,'Project List '!$B$6:$B$44,0)) -> 2027 | G8: =INDEX('Project List '!$H$6:$H$44, MATCH(B8,'Project List '!$B$6:$B$44,0)) -> 2028 | H8: =INDEX('Project List '!$I$6:$I$44, MATCH(B8,'Project List '!$B$6:$B$44,0)) -> 1 | I8: =INDEX('Project List '!$J$6:$J$44, MATCH(B8,'Project List '!$B$6:$B$44,0)) -> 0 | J8: =INDEX('Project List '!$X$6:$X$44, MATCH(B8,'Project List '!$B$6:$B$44,0)) -> 994941.87 | K8: =INDEX('Project List '!$AF$6:$AF$44, MATCH(B8,'Project List '!$B$6:$B$44,0)) -> 994941.87 | L8: =INDEX('Project List '!$AI$6:$AI$44, MATCH(B8,'Project List '!$B$6:$B$44,0)) -> 994941.87 | M8: =INDEX('Project List '!$AJ$6:$AJ$44, MATCH(B8,'Project List '!$B$6:$B$44,0)) -> 0 | N8: No | O8: =INDEX('Project List '!$AL$6:$AL$44, MATCH(B8,'Project List '!$B$6:$B$44,0)) -> 260
B9: 13/14B/16 | C9: =INDEX('Project List '!$C$6:$C$44, MATCH('S-Collection'!B9,'Project List '!$B$6:$B$44,0)) -> 1050 mm (North Railway Street to 260m south of Crystal Shores Road) | D9: =INDEX('Project List '!$E$6:$E$44, MATCH(B9,'Project List '!$B$6:$B$44,0)) -> Town | E9: =INDEX('Project List '!$F$6:$F$44, MATCH(B9,'Project List '!$B$6:$B$44,0)) -> OSL | F9: =INDEX('Project List '!$G$6:$G$44, MATCH(B9,'Project List '!$B$6:$B$44,0)) -> 2031 | G9: =INDEX('Project List '!$H$6:$H$44, MATCH(B9,'Project List '!$B$6:$B$44,0)) -> 2032 | H9: =INDEX('Project List '!$I$6:$I$44, MATCH(B9,'Project List '!$B$6:$B$44,0)) -> 1 | I9: =INDEX('Project List '!$J$6:$J$44, MATCH(B9,'Project List '!$B$6:$B$44,0)) -> 0 | J9: =INDEX('Project List '!$X$6:$X$44, MATCH(B9,'Project List '!$B$6:$B$44,0)) -> 7540335.6 | K9: =INDEX('Project List '!$AF$6:$AF$44, MATCH(B9,'Project List '!$B$6:$B$44,0)) -> 7540335.6 | L9: =INDEX('Project List '!$AI$6:$AI$44, MATCH(B9,'Project List '!$B$6:$B$44,0)) -> 7540335.6 | M9: =INDEX('Project List '!$AJ$6:$AJ$44, MATCH(B9,'Project List '!$B$6:$B$44,0)) -> 0 | N9: No | O9: =INDEX('Project List '!$AL$6:$AL$44, MATCH(B9,'Project List '!$B$6:$B$44,0)) -> 1918
B10: 45 | C10: =INDEX('Project List '!$C$6:$C$44, MATCH('S-Collection'!B10,'Project List '!$B$6:$B$44,0)) -> 450 mm Gravity Sewer - Riverside Drive & South Railway Street Upgrade (Northridge Drive/Riverside Drive Intersection - Start of Oak Ave) | D10: =INDEX('Project List '!$E$6:$E$44, MATCH(B10,'Project List '!$B$6:$B$44,0)) -> Town | E10: =INDEX('Project List '!$F$6:$F$44, MATCH(B10,'Project List '!$B$6:$B$44,0)) -> OSL | F10: =INDEX('Project List '!$G$6:$G$44, MATCH(B10,'Project List '!$B$6:$B$44,0)) -> 2026 | G10: =INDEX('Project List '!$H$6:$H$44, MATCH(B10,'Project List '!$B$6:$B$44,0)) -> 2027 | H10: =INDEX('Project List '!$I$6:$I$44, MATCH(B10,'Project List '!$B$6:$B$44,0)) -> 1 | I10: =INDEX('Project List '!$J$6:$J$44, MATCH(B10,'Project List '!$B$6:$B$44,0)) -> 0 | J10: =INDEX('Project List '!$X$6:$X$44, MATCH(B10,'Project List '!$B$6:$B$44,0)) -> 7040975.2 | K10: =INDEX('Project List '!$AF$6:$AF$44, MATCH(B10,'Project List '!$B$6:$B$44,0)) -> 6631506.2 | L10: =INDEX('Project List '!$AI$6:$AI$44, MATCH(B10,'Project List '!$B$6:$B$44,0)) -> 6631506.2 | M10: =INDEX('Project List '!$AJ$6:$AJ$44, MATCH(B10,'Project List '!$B$6:$B$44,0)) -> 0 | N10: No | O10: =INDEX('Project List '!$AL$6:$AL$44, MATCH(B10,'Project List '!$B$6:$B$44,0)) -> 1585
B11: 46 | C11: =INDEX('Project List '!$C$6:$C$44, MATCH('S-Collection'!B11,'Project List '!$B$6:$B$44,0)) -> 350 mm Siphon (32 Street/Railroad intersection - WWTP) | D11: =INDEX('Project List '!$E$6:$E$44, MATCH(B11,'Project List '!$B$6:$B$44,0)) -> Town | E11: =INDEX('Project List '!$F$6:$F$44, MATCH(B11,'Project List '!$B$6:$B$44,0)) -> OSL | F11: =INDEX('Project List '!$G$6:$G$44, MATCH(B11,'Project List '!$B$6:$B$44,0)) -> 2031 | G11: =INDEX('Project List '!$H$6:$H$44, MATCH(B11,'Project List '!$B$6:$B$44,0)) -> 2032 | H11: =INDEX('Project List '!$I$6:$I$44, MATCH(B11,'Project List '!$B$6:$B$44,0)) -> 1 | I11: =INDEX('Project List '!$J$6:$J$44, MATCH(B11,'Project List '!$B$6:$B$44,0)) -> 0 | J11: =INDEX('Project List '!$X$6:$X$44, MATCH(B11,'Project List '!$B$6:$B$44,0)) -> 5450642.5 | K11: =INDEX('Project List '!$AF$6:$AF$44, MATCH(B11,'Project List '!$B$6:$B$44,0)) -> 5450642.5 | L11: =INDEX('Project List '!$AI$6:$AI$44, MATCH(B11,'Project List '!$B$6:$B$44,0)) -> 5450642.5 | M11: =INDEX('Project List '!$AJ$6:$AJ$44, MATCH(B11,'Project List '!$B$6:$B$44,0)) -> 0 | N11: No | O11: =INDEX('Project List '!$AL$6:$AL$44, MATCH(B11,'Project List '!$B$6:$B$44,0)) -> 708
B12: 60 | C12: =INDEX('Project List '!$C$6:$C$44, MATCH('S-Collection'!B12,'Project List '!$B$6:$B$44,0)) -> 675 mm Gravity Sewer (S-3, Highway 7/2A Intersection - Highway 7/32nd Street Intersection) | D12: =INDEX('Project List '!$E$6:$E$44, MATCH(B12,'Project List '!$B$6:$B$44,0)) -> Town | E12: =INDEX('Project List '!$F$6:$F$44, MATCH(B12,'Project List '!$B$6:$B$44,0)) -> OSL | F12: =INDEX('Project List '!$G$6:$G$44, MATCH(B12,'Project List '!$B$6:$B$44,0)) -> 2031 | G12: =INDEX('Project List '!$H$6:$H$44, MATCH(B12,'Project List '!$B$6:$B$44,0)) -> 2032 | H12: =INDEX('Project List '!$I$6:$I$44, MATCH(B12,'Project List '!$B$6:$B$44,0)) -> 1 | I12: =INDEX('Project List '!$J$6:$J$44, MATCH(B12,'Project List '!$B$6:$B$44,0)) -> 0 | J12: =INDEX('Project List '!$X$6:$X$44, MATCH(B12,'Project List '!$B$6:$B$44,0)) -> 3709756.9 | K12: =INDEX('Project List '!$AF$6:$AF$44, MATCH(B12,'Project List '!$B$6:$B$44,0)) -> 3709756.9 | L12: =INDEX('Project List '!$AI$6:$AI$44, MATCH(B12,'Project List '!$B$6:$B$44,0)) -> 3709756.9 | M12: =INDEX('Project List '!$AJ$6:$AJ$44, MATCH(B12,'Project List '!$B$6:$B$44,0)) -> 0 | N12: No | O12: =INDEX('Project List '!$AL$6:$AL$44, MATCH(B12,'Project List '!$B$6:$B$44,0)) -> 2474
B13: 61 | C13: =INDEX('Project List '!$C$6:$C$44, MATCH('S-Collection'!B13,'Project List '!$B$6:$B$44,0)) -> 750 mm Gravity Sewer (Highway 7/32nd Street Intersection - 32 Street/Railroad intersection) | D13: =INDEX('Project List '!$E$6:$E$44, MATCH(B13,'Project List '!$B$6:$B$44,0)) -> Town | E13: =INDEX('Project List '!$F$6:$F$44, MATCH(B13,'Project List '!$B$6:$B$44,0)) -> OSL | F13: =INDEX('Project List '!$G$6:$G$44, MATCH(B13,'Project List '!$B$6:$B$44,0)) -> 2032 | G13: =INDEX('Project List '!$H$6:$H$44, MATCH(B13,'Project List '!$B$6:$B$44,0)) -> 2033 | H13: =INDEX('Project List '!$I$6:$I$44, MATCH(B13,'Project List '!$B$6:$B$44,0)) -> 1 | I13: =INDEX('Project List '!$J$6:$J$44, MATCH(B13,'Project List '!$B$6:$B$44,0)) -> 0 | J13: =INDEX('Project List '!$X$6:$X$44, MATCH(B13,'Project List '!$B$6:$B$44,0)) -> 1546520 | K13: =INDEX('Project List '!$AF$6:$AF$44, MATCH(B13,'Project List '!$B$6:$B$44,0)) -> 1546520 | L13: =INDEX('Project List '!$AI$6:$AI$44, MATCH(B13,'Project List '!$B$6:$B$44,0)) -> 1546520 | M13: =INDEX('Project List '!$AJ$6:$AJ$44, MATCH(B13,'Project List '!$B$6:$B$44,0)) -> 0 | N13: No | O13: =INDEX('Project List '!$AL$6:$AL$44, MATCH(B13,'Project List '!$B$6:$B$44,0)) -> 920
J14: =SUM(J6:J13) -> 33197162 | L14: =SUM(L6:L13) -> 29135841 | M14: =SUM(M6:M13) -> 0
B17: Sanitary Collection OSL Project List - Oversize
B18: Project Description | D18: Assumed Approach to | F18: Timing | H18: Benefit | J18: Project Costs | L18: Share | N18: Assumed to Be Front-Ended by Developers and Oversize Recovery Eligible | O18: Oversize
B19: Code | C19: Name | D19: Financing | E19: Funding | F19: Start Year | G19: End Year | H19: Benefit to Growth | I19: Benefit to Existing | J19: Total Project Cost ($2026) | K19: Future/Remaining Project Costs ($2026) | L19: Growth Share | M19: Existing Share | O19: Pipe Length (m) | P19: Oversize Cost Recovery
B20: 43C | C20: =INDEX('Project List '!$C$6:$C$44, MATCH('S-Collection'!B20,'Project List '!$B$6:$B$44,0)) -> 1050 mm (Crystal Green Lane to 610m into undeveloped land) | D20: =INDEX('Project List '!$E$6:$E$44, MATCH(B20,'Project List '!$B$6:$B$44,0)) -> Others | E20: =INDEX('Project List '!$F$6:$F$44, MATCH(B20,'Project List '!$B$6:$B$44,0)) -> OSL | F20: =INDEX('Project List '!$G$6:$G$44, MATCH(B20,'Project List '!$B$6:$B$44,0)) -> 2026 | G20: =INDEX('Project List '!$H$6:$H$44, MATCH(B20,'Project List '!$B$6:$B$44,0)) -> 2027 | H20: =INDEX('Project List '!$I$6:$I$44, MATCH(B20,'Project List '!$B$6:$B$44,0)) -> 1 | I20: =INDEX('Project List '!$J$6:$J$44, MATCH(B20,'Project List '!$B$6:$B$44,0)) -> 0 | J20: =INDEX('Project List '!$X$6:$X$44, MATCH(B20,'Project List '!$B$6:$B$44,0)) -> 995992.5 | K20: =INDEX('Project List '!$AF$6:$AF$44, MATCH(B20,'Project List '!$B$6:$B$44,0)) -> 995992.5 | L20: =INDEX('Project List '!$AI$6:$AI$44, MATCH(B20,'Project List '!$B$6:$B$44,0)) -> 995992.5 | M20: =INDEX('Project List '!$AJ$6:$AJ$44, MATCH(B20,'Project List '!$B$6:$B$44,0)) -> 0 | N20: Yes | O20: =INDEX('Project List '!$AL$6:$AL$44, MATCH(B20,'Project List '!$B$6:$B$44,0)) -> 610 | P20: =INDEX('Project List '!$AM$6:$AM$44, MATCH(B20,'Project List '!$B$6:$B$44,0)) -> 569740
B21: 47 | C21: =INDEX('Project List '!$C$6:$C$44, MATCH('S-Collection'!B21,'Project List '!$B$6:$B$44,0)) -> 375 mm Forcemain | D21: =INDEX('Project List '!$E$6:$E$44, MATCH(B21,'Project List '!$B$6:$B$44,0)) -> Others | E21: =INDEX('Project List '!$F$6:$F$44, MATCH(B21,'Project List '!$B$6:$B$44,0)) -> OSL | F21: =INDEX('Project List '!$G$6:$G$44, MATCH(B21,'Project List '!$B$6:$B$44,0)) -> 2031 | G21: =INDEX('Project List '!$H$6:$H$44, MATCH(B21,'Project List '!$B$6:$B$44,0)) -> 2032 | H21: =INDEX('Project List '!$I$6:$I$44, MATCH(B21,'Project List '!$B$6:$B$44,0)) -> 1 | I21: =INDEX('Project List '!$J$6:$J$44, MATCH(B21,'Project List '!$B$6:$B$44,0)) -> 0 | J21: =INDEX('Project List '!$X$6:$X$44, MATCH(B21,'Project List '!$B$6:$B$44,0)) -> 2722169.4 | K21: =INDEX('Project List '!$AF$6:$AF$44, MATCH(B21,'Project List '!$B$6:$B$44,0)) -> 2722169.4 | L21: =INDEX('Project List '!$AI$6:$AI$44, MATCH(B21,'Project List '!$B$6:$B$44,0)) -> 2722169.4 | M21: =INDEX('Project List '!$AJ$6:$AJ$44, MATCH(B21,'Project List '!$B$6:$B$44,0)) -> 0 | N21: Yes | O21: =INDEX('Project List '!$AL$6:$AL$44, MATCH(B21,'Project List '!$B$6:$B$44,0)) -> 2258 | P21: =INDEX('Project List '!$AM$6:$AM$44, MATCH(B21,'Project List '!$B$6:$B$44,0)) -> 1879935.4
B22: 48 | C22: =INDEX('Project List '!$C$6:$C$44, MATCH('S-Collection'!B22,'Project List '!$B$6:$B$44,0)) -> 900 mm Gravity Sewer | D22: =INDEX('Project List '!$E$6:$E$44, MATCH(B22,'Project List '!$B$6:$B$44,0)) -> Others | E22: =INDEX('Project List '!$F$6:$F$44, MATCH(B22,'Project List '!$B$6:$B$44,0)) -> OSL | F22: =INDEX('Project List '!$G$6:$G$44, MATCH(B22,'Project List '!$B$6:$B$44,0)) -> 2027 | G22: =INDEX('Project List '!$H$6:$H$44, MATCH(B22,'Project List '!$B$6:$B$44,0)) -> 2028 | H22: =INDEX('Project List '!$I$6:$I$44, MATCH(B22,'Project List '!$B$6:$B$44,0)) -> 1 | I22: =INDEX('Project List '!$J$6:$J$44, MATCH(B22,'Project List '!$B$6:$B$44,0)) -> 0 | J22: =INDEX('Project List '!$X$6:$X$44, MATCH(B22,'Project List '!$B$6:$B$44,0)) -> 378225 | K22: =INDEX('Project List '!$AF$6:$AF$44, MATCH(B22,'Project List '!$B$6:$B$44,0)) -> 378225 | L22: =INDEX('Project List '!$AI$6:$AI$44, MATCH(B22,'Project List '!$B$6:$B$44,0)) -> 378225 | M22: =INDEX('Project List '!$AJ$6:$AJ$44, MATCH(B22,'Project List '!$B$6:$B$44,0)) -> 0 | N22: Yes | O22: =INDEX('Project List '!$AL$6:$AL$44, MATCH(B22,'Project List '!$B$6:$B$44,0)) -> 271 | P22: =INDEX('Project List '!$AM$6:$AM$44, MATCH(B22,'Project List '!$B$6:$B$44,0)) -> 194578
B23: 50A | C23: =INDEX('Project List '!$C$6:$C$44, MATCH('S-Collection'!B23,'Project List '!$B$6:$B$44,0)) -> 675 mm Gravity Sewer | D23: =INDEX('Project List '!$E$6:$E$44, MATCH(B23,'Project List '!$B$6:$B$44,0)) -> Others | E23: =INDEX('Project List '!$F$6:$F$44, MATCH(B23,'Project List '!$B$6:$B$44,0)) -> OSL | F23: =INDEX('Project List '!$G$6:$G$44, MATCH(B23,'Project List '!$B$6:$B$44,0)) -> 2028 | G23: =INDEX('Project List '!$H$6:$H$44, MATCH(B23,'Project List '!$B$6:$B$44,0)) -> 2029 | H23: =INDEX('Project List '!$I$6:$I$44, MATCH(B23,'Project List '!$B$6:$B$44,0)) -> 1 | I23: =INDEX('Project List '!$J$6:$J$44, MATCH(B23,'Project List '!$B$6:$B$44,0)) -> 0 | J23: =INDEX('Project List '!$X$6:$X$44, MATCH(B23,'Project List '!$B$6:$B$44,0)) -> 243745 | K23: =INDEX('Project List '!$AF$6:$AF$44, MATCH(B23,'Project List '!$B$6:$B$44,0)) -> 243745 | L23: =INDEX('Project List '!$AI$6:$AI$44, MATCH(B23,'Project List '!$B$6:$B$44,0)) -> 243745 | M23: =INDEX('Project List '!$AJ$6:$AJ$44, MATCH(B23,'Project List '!$B$6:$B$44,0)) -> 0 | N23: Yes | O23: =INDEX('Project List '!$AL$6:$AL$44, MATCH(B23,'Project List '!$B$6:$B$44,0)) -> 233 | P23: =INDEX('Project List '!$AM$6:$AM$44, MATCH(B23,'Project List '!$B$6:$B$44,0)) -> 84579
B24: 50B | C24: =INDEX('Project List '!$C$6:$C$44, MATCH('S-Collection'!B24,'Project List '!$B$6:$B$44,0)) -> 675 mm Gravity Sewer | D24: =INDEX('Project List '!$E$6:$E$44, MATCH(B24,'Project List '!$B$6:$B$44,0)) -> Others | E24: =INDEX('Project List '!$F$6:$F$44, MATCH(B24,'Project List '!$B$6:$B$44,0)) -> OSL | F24: =INDEX('Project List '!$G$6:$G$44, MATCH(B24,'Project List '!$B$6:$B$44,0)) -> 2029 | G24: =INDEX('Project List '!$H$6:$H$44, MATCH(B24,'Project List '!$B$6:$B$44,0)) -> 2030 | H24: =INDEX('Project List '!$I$6:$I$44, MATCH(B24,'Project List '!$B$6:$B$44,0)) -> 1 | I24: =INDEX('Project List '!$J$6:$J$44, MATCH(B24,'Project List '!$B$6:$B$44,0)) -> 0 | J24: =INDEX('Project List '!$X$6:$X$44, MATCH(B24,'Project List '!$B$6:$B$44,0)) -> 401338.75 | K24: =INDEX('Project List '!$AF$6:$AF$44, MATCH(B24,'Project List '!$B$6:$B$44,0)) -> 401338.75 | L24: =INDEX('Project List '!$AI$6:$AI$44, MATCH(B24,'Project List '!$B$6:$B$44,0)) -> 401338.75 | M24: =INDEX('Project List '!$AJ$6:$AJ$44, MATCH(B24,'Project List '!$B$6:$B$44,0)) -> 0 | N24: Yes | O24: =INDEX('Project List '!$AL$6:$AL$44, MATCH(B24,'Project List '!$B$6:$B$44,0)) -> 384 | P24: =INDEX('Project List '!$AM$6:$AM$44, MATCH(B24,'Project List '!$B$6:$B$44,0)) -> 139392
B25: 51 | C25: =INDEX('Project List '!$C$6:$C$44, MATCH('S-Collection'!B25,'Project List '!$B$6:$B$44,0)) -> 450 mm Gravity Sewer | D25: =INDEX('Project List '!$E$6:$E$44, MATCH(B25,'Project List '!$B$6:$B$44,0)) -> Others | E25: =INDEX('Project List '!$F$6:$F$44, MATCH(B25,'Project List '!$B$6:$B$44,0)) -> OSL | F25: =INDEX('Project List '!$G$6:$G$44, MATCH(B25,'Project List '!$B$6:$B$44,0)) -> 2040 | G25: =INDEX('Project List '!$H$6:$H$44, MATCH(B25,'Project List '!$B$6:$B$44,0)) -> 2041 | H25: =INDEX('Project List '!$I$6:$I$44, MATCH(B25,'Project List '!$B$6:$B$44,0)) -> 1 | I25: =INDEX('Project List '!$J$6:$J$44, MATCH(B25,'Project List '!$B$6:$B$44,0)) -> 0 | J25: =INDEX('Project List '!$X$6:$X$44, MATCH(B25,'Project List '!$B$6:$B$44,0)) -> 198568.12 | K25: =INDEX('Project List '!$AF$6:$AF$44, MATCH(B25,'Project List '!$B$6:$B$44,0)) -> 198568.12 | L25: =INDEX('Project List '!$AI$6:$AI$44, MATCH(B25,'Project List '!$B$6:$B$44,0)) -> 198568.12 | M25: =INDEX('Project List '!$AJ$6:$AJ$44, MATCH(B25,'Project List '!$B$6:$B$44,0)) -> 0 | N25: Yes | O25: =INDEX('Project List '!$AL$6:$AL$44, MATCH(B25,'Project List '!$B$6:$B$44,0)) -> 287 | P25: =INDEX('Project List '!$AM$6:$AM$44, MATCH(B25,'Project List '!$B$6:$B$44,0)) -> 34440
B26: 53A | C26: =INDEX('Project List '!$C$6:$C$44, MATCH('S-Collection'!B26,'Project List '!$B$6:$B$44,0)) -> 525 mm Gravity Sewer | D26: =INDEX('Project List '!$E$6:$E$44, MATCH(B26,'Project List '!$B$6:$B$44,0)) -> Others | E26: =INDEX('Project List '!$F$6:$F$44, MATCH(B26,'Project List '!$B$6:$B$44,0)) -> OSL | F26: =INDEX('Project List '!$G$6:$G$44, MATCH(B26,'Project List '!$B$6:$B$44,0)) -> 2030 | G26: =INDEX('Project List '!$H$6:$H$44, MATCH(B26,'Project List '!$B$6:$B$44,0)) -> 2031 | H26: =INDEX('Project List '!$I$6:$I$44, MATCH(B26,'Project List '!$B$6:$B$44,0)) -> 1 | I26: =INDEX('Project List '!$J$6:$J$44, MATCH(B26,'Project List '!$B$6:$B$44,0)) -> 0 | J26: =INDEX('Project List '!$X$6:$X$44, MATCH(B26,'Project List '!$B$6:$B$44,0)) -> 307833.12 | K26: =INDEX('Project List '!$AF$6:$AF$44, MATCH(B26,'Project List '!$B$6:$B$44,0)) -> 307833.12 | L26: =INDEX('Project List '!$AI$6:$AI$44, MATCH(B26,'Project List '!$B$6:$B$44,0)) -> 307833.12 | M26: =INDEX('Project List '!$AJ$6:$AJ$44, MATCH(B26,'Project List '!$B$6:$B$44,0)) -> 0 | N26: Yes | O26: =INDEX('Project List '!$AL$6:$AL$44, MATCH(B26,'Project List '!$B$6:$B$44,0)) -> 396 | P26: =INDEX('Project List '!$AM$6:$AM$44, MATCH(B26,'Project List '!$B$6:$B$44,0)) -> 81576
B27: 53B | C27: =INDEX('Project List '!$C$6:$C$44, MATCH('S-Collection'!B27,'Project List '!$B$6:$B$44,0)) -> 525 mm Gravity Sewer | D27: =INDEX('Project List '!$E$6:$E$44, MATCH(B27,'Project List '!$B$6:$B$44,0)) -> Others | E27: =INDEX('Project List '!$F$6:$F$44, MATCH(B27,'Project List '!$B$6:$B$44,0)) -> OSL | F27: =INDEX('Project List '!$G$6:$G$44, MATCH(B27,'Project List '!$B$6:$B$44,0)) -> 2029 | G27: =INDEX('Project List '!$H$6:$H$44, MATCH(B27,'Project List '!$B$6:$B$44,0)) -> 2030 | H27: =INDEX('Project List '!$I$6:$I$44, MATCH(B27,'Project List '!$B$6:$B$44,0)) -> 1 | I27: =INDEX('Project List '!$J$6:$J$44, MATCH(B27,'Project List '!$B$6:$B$44,0)) -> 0 | J27: =INDEX('Project List '!$X$6:$X$44, MATCH(B27,'Project List '!$B$6:$B$44,0)) -> 458072.5 | K27: =INDEX('Project List '!$AF$6:$AF$44, MATCH(B27,'Project List '!$B$6:$B$44,0)) -> 458072.5 | L27: =INDEX('Project List '!$AI$6:$AI$44, MATCH(B27,'Project List '!$B$6:$B$44,0)) -> 458072.5 | M27: =INDEX('Project List '!$AJ$6:$AJ$44, MATCH(B27,'Project List '!$B$6:$B$44,0)) -> 0 | N27: Yes | O27: =INDEX('Project List '!$AL$6:$AL$44, MATCH(B27,'Project List '!$B$6:$B$44,0)) -> 588 | P27: =INDEX('Project List '!$AM$6:$AM$44, MATCH(B27,'Project List '!$B$6:$B$44,0)) -> 121128
B28: 55 | C28: =INDEX('Project List '!$C$6:$C$44, MATCH('S-Collection'!B28,'Project List '!$B$6:$B$44,0)) -> 450 mm Gravity Sewer | D28: =INDEX('Project List '!$E$6:$E$44, MATCH(B28,'Project List '!$B$6:$B$44,0)) -> Others | E28: =INDEX('Project List '!$F$6:$F$44, MATCH(B28,'Project List '!$B$6:$B$44,0)) -> OSL | F28: =INDEX('Project List '!$G$6:$G$44, MATCH(B28,'Project List '!$B$6:$B$44,0)) -> 2030 | G28: =INDEX('Project List '!$H$6:$H$44, MATCH(B28,'Project List '!$B$6:$B$44,0)) -> 2031 | H28: =INDEX('Project List '!$I$6:$I$44, MATCH(B28,'Project List '!$B$6:$B$44,0)) -> 1 | I28: =INDEX('Project List '!$J$6:$J$44, MATCH(B28,'Project List '!$B$6:$B$44,0)) -> 0 | J28: =INDEX('Project List '!$X$6:$X$44, MATCH(B28,'Project List '!$B$6:$B$44,0)) -> 550527.5 | K28: =INDEX('Project List '!$AF$6:$AF$44, MATCH(B28,'Project List '!$B$6:$B$44,0)) -> 550527.5 | L28: =INDEX('Project List '!$AI$6:$AI$44, MATCH(B28,'Project List '!$B$6:$B$44,0)) -> 550527.5 | M28: =INDEX('Project List '!$AJ$6:$AJ$44, MATCH(B28,'Project List '!$B$6:$B$44,0)) -> 0 | N28: Yes | O28: =INDEX('Project List '!$AL$6:$AL$44, MATCH(B28,'Project List '!$B$6:$B$44,0)) -> 800 | P28: =INDEX('Project List '!$AM$6:$AM$44, MATCH(B28,'Project List '!$B$6:$B$44,0)) -> 96000
B29: 59 | C29: =INDEX('Project List '!$C$6:$C$44, MATCH('S-Collection'!B29,'Project List '!$B$6:$B$44,0)) -> 600 mm Gravity Sewer | D29: =INDEX('Project List '!$E$6:$E$44, MATCH(B29,'Project List '!$B$6:$B$44,0)) -> Others | E29: =INDEX('Project List '!$F$6:$F$44, MATCH(B29,'Project List '!$B$6:$B$44,0)) -> OSL | F29: =INDEX('Project List '!$G$6:$G$44, MATCH(B29,'Project List '!$B$6:$B$44,0)) -> 2030 | G29: =INDEX('Project List '!$H$6:$H$44, MATCH(B29,'Project List '!$B$6:$B$44,0)) -> 2031 | H29: =INDEX('Project List '!$I$6:$I$44, MATCH(B29,'Project List '!$B$6:$B$44,0)) -> 1 | I29: =INDEX('Project List '!$J$6:$J$44, MATCH(B29,'Project List '!$B$6:$B$44,0)) -> 0 | J29: =INDEX('Project List '!$X$6:$X$44, MATCH(B29,'Project List '!$B$6:$B$44,0)) -> 169150.62 | K29: =INDEX('Project List '!$AF$6:$AF$44, MATCH(B29,'Project List '!$B$6:$B$44,0)) -> 169150.62 | L29: =INDEX('Project List '!$AI$6:$AI$44, MATCH(B29,'Project List '!$B$6:$B$44,0)) -> 169150.62 | M29: =INDEX('Project List '!$AJ$6:$AJ$44, MATCH(B29,'Project List '!$B$6:$B$44,0)) -> 0 | N29: Yes | O29: =INDEX('Project List '!$AL$6:$AL$44, MATCH(B29,'Project List '!$B$6:$B$44,0)) -> 189 | P29: =INDEX('Project List '!$AM$6:$AM$44, MATCH(B29,'Project List '!$B$6:$B$44,0)) -> 55944
B30: 65 | C30: =INDEX('Project List '!$C$6:$C$44, MATCH('S-Collection'!B30,'Project List '!$B$6:$B$44,0)) -> 675 mm Gravity Sewer | D30: =INDEX('Project List '!$E$6:$E$44, MATCH(B30,'Project List '!$B$6:$B$44,0)) -> Others | E30: =INDEX('Project List '!$F$6:$F$44, MATCH(B30,'Project List '!$B$6:$B$44,0)) -> OSL | F30: =INDEX('Project List '!$G$6:$G$44, MATCH(B30,'Project List '!$B$6:$B$44,0)) -> 2029 | G30: =INDEX('Project List '!$H$6:$H$44, MATCH(B30,'Project List '!$B$6:$B$44,0)) -> 2030 | H30: =INDEX('Project List '!$I$6:$I$44, MATCH(B30,'Project List '!$B$6:$B$44,0)) -> 1 | I30: =INDEX('Project List '!$J$6:$J$44, MATCH(B30,'Project List '!$B$6:$B$44,0)) -> 0 | J30: =INDEX('Project List '!$X$6:$X$44, MATCH(B30,'Project List '!$B$6:$B$44,0)) -> 630375 | K30: =INDEX('Project List '!$AF$6:$AF$44, MATCH(B30,'Project List '!$B$6:$B$44,0)) -> 630375 | L30: =INDEX('Project List '!$AI$6:$AI$44, MATCH(B30,'Project List '!$B$6:$B$44,0)) -> 630375 | M30: =INDEX('Project List '!$AJ$6:$AJ$44, MATCH(B30,'Project List '!$B$6:$B$44,0)) -> 0 | N30: Yes | O30: =INDEX('Project List '!$AL$6:$AL$44, MATCH(B30,'Project List '!$B$6:$B$44,0)) -> 604 | P30: =INDEX('Project List '!$AM$6:$AM$44, MATCH(B30,'Project List '!$B$6:$B$44,0)) -> 219252
B31: 68 | C31: =INDEX('Project List '!$C$6:$C$44, MATCH('S-Collection'!B31,'Project List '!$B$6:$B$44,0)) -> 250 mm Siphon | D31: =INDEX('Project List '!$E$6:$E$44, MATCH(B31,'Project List '!$B$6:$B$44,0)) -> Others | E31: =INDEX('Project List '!$F$6:$F$44, MATCH(B31,'Project List '!$B$6:$B$44,0)) -> OSL | F31: =INDEX('Project List '!$G$6:$G$44, MATCH(B31,'Project List '!$B$6:$B$44,0)) -> 2034 | G31: =INDEX('Project List '!$H$6:$H$44, MATCH(B31,'Project List '!$B$6:$B$44,0)) -> 2035 | H31: =INDEX('Project List '!$I$6:$I$44, MATCH(B31,'Project List '!$B$6:$B$44,0)) -> 1 | I31: =INDEX('Project List '!$J$6:$J$44, MATCH(B31,'Project List '!$B$6:$B$44,0)) -> 0 | J31: =INDEX('Project List '!$X$6:$X$44, MATCH(B31,'Project List '!$B$6:$B$44,0)) -> 5161720.6 | K31: =INDEX('Project List '!$AF$6:$AF$44, MATCH(B31,'Project List '!$B$6:$B$44,0)) -> 5161720.6 | L31: =INDEX('Project List '!$AI$6:$AI$44, MATCH(B31,'Project List '!$B$6:$B$44,0)) -> 5161720.6 | M31: =INDEX('Project List '!$AJ$6:$AJ$44, MATCH(B31,'Project List '!$B$6:$B$44,0)) -> 0 | N31: Yes | O31: =INDEX('Project List '!$AL$6:$AL$44, MATCH(B31,'Project List '!$B$6:$B$44,0)) -> 618 | P31: =INDEX('Project List '!$AM$6:$AM$44, MATCH(B31,'Project List '!$B$6:$B$44,0)) -> 4931206.6
B32: 69 | C32: =INDEX('Project List '!$C$6:$C$44, MATCH('S-Collection'!B32,'Project List '!$B$6:$B$44,0)) -> 525 mm Gravity Sewer | D32: =INDEX('Project List '!$E$6:$E$44, MATCH(B32,'Project List '!$B$6:$B$44,0)) -> Others | E32: =INDEX('Project List '!$F$6:$F$44, MATCH(B32,'Project List '!$B$6:$B$44,0)) -> OSL | F32: =INDEX('Project List '!$G$6:$G$44, MATCH(B32,'Project List '!$B$6:$B$44,0)) -> 2033 | G32: =INDEX('Project List '!$H$6:$H$44, MATCH(B32,'Project List '!$B$6:$B$44,0)) -> 2034 | H32: =INDEX('Project List '!$I$6:$I$44, MATCH(B32,'Project List '!$B$6:$B$44,0)) -> 1 | I32: =INDEX('Project List '!$J$6:$J$44, MATCH(B32,'Project List '!$B$6:$B$44,0)) -> 0 | J32: =INDEX('Project List '!$X$6:$X$44, MATCH(B32,'Project List '!$B$6:$B$44,0)) -> 718627.5 | K32: =INDEX('Project List '!$AF$6:$AF$44, MATCH(B32,'Project List '!$B$6:$B$44,0)) -> 718627.5 | L32: =INDEX('Project List '!$AI$6:$AI$44, MATCH(B32,'Project List '!$B$6:$B$44,0)) -> 718627.5 | M32: =INDEX('Project List '!$AJ$6:$AJ$44, MATCH(B32,'Project List '!$B$6:$B$44,0)) -> 0 | N32: Yes | O32: =INDEX('Project List '!$AL$6:$AL$44, MATCH(B32,'Project List '!$B$6:$B$44,0)) -> 923 | P32: =INDEX('Project List '!$AM$6:$AM$44, MATCH(B32,'Project List '!$B$6:$B$44,0)) -> 190138
B33: 42 | C33: =INDEX('Project List '!$C$6:$C$44, MATCH('S-Collection'!B33,'Project List '!$B$6:$B$44,0)) -> 375 mm Gravity Sewer | D33: =INDEX('Project List '!$E$6:$E$44, MATCH(B33,'Project List '!$B$6:$B$44,0)) -> Others | E33: =INDEX('Project List '!$F$6:$F$44, MATCH(B33,'Project List '!$B$6:$B$44,0)) -> OSL | F33: =INDEX('Project List '!$G$6:$G$44, MATCH(B33,'Project List '!$B$6:$B$44,0)) -> 2034 | G33: =INDEX('Project List '!$H$6:$H$44, MATCH(B33,'Project List '!$B$6:$B$44,0)) -> 2035 | H33: =INDEX('Project List '!$I$6:$I$44, MATCH(B33,'Project List '!$B$6:$B$44,0)) -> 1 | I33: =INDEX('Project List '!$J$6:$J$44, MATCH(B33,'Project List '!$B$6:$B$44,0)) -> 0 | J33: =INDEX('Project List '!$X$6:$X$44, MATCH(B33,'Project List '!$B$6:$B$44,0)) -> 355111.25 | K33: =INDEX('Project List '!$AF$6:$AF$44, MATCH(B33,'Project List '!$B$6:$B$44,0)) -> 355111.25 | L33: =INDEX('Project List '!$AI$6:$AI$44, MATCH(B33,'Project List '!$B$6:$B$44,0)) -> 355111.25 | M33: =INDEX('Project List '!$AJ$6:$AJ$44, MATCH(B33,'Project List '!$B$6:$B$44,0)) -> 0 | N33: Yes | O33: =INDEX('Project List '!$AL$6:$AL$44, MATCH(B33,'Project List '!$B$6:$B$44,0)) -> 619 | P33: =INDEX('Project List '!$AM$6:$AM$44, MATCH(B33,'Project List '!$B$6:$B$44,0)) -> 33426
B34: 49A | C34: =INDEX('Project List '!$C$6:$C$44, MATCH('S-Collection'!B34,'Project List '!$B$6:$B$44,0)) -> 375 mm Gravity Sewer | D34: =INDEX('Project List '!$E$6:$E$44, MATCH(B34,'Project List '!$B$6:$B$44,0)) -> Others | E34: =INDEX('Project List '!$F$6:$F$44, MATCH(B34,'Project List '!$B$6:$B$44,0)) -> OSL | F34: =INDEX('Project List '!$G$6:$G$44, MATCH(B34,'Project List '!$B$6:$B$44,0)) -> 2049 | G34: =INDEX('Project List '!$H$6:$H$44, MATCH(B34,'Project List '!$B$6:$B$44,0)) -> 2050 | H34: =INDEX('Project List '!$I$6:$I$44, MATCH(B34,'Project List '!$B$6:$B$44,0)) -> 1 | I34: =INDEX('Project List '!$J$6:$J$44, MATCH(B34,'Project List '!$B$6:$B$44,0)) -> 0 | J34: =INDEX('Project List '!$X$6:$X$44, MATCH(B34,'Project List '!$B$6:$B$44,0)) -> 631425.62 | K34: =INDEX('Project List '!$AF$6:$AF$44, MATCH(B34,'Project List '!$B$6:$B$44,0)) -> 631425.62 | L34: =INDEX('Project List '!$AI$6:$AI$44, MATCH(B34,'Project List '!$B$6:$B$44,0)) -> 631425.62 | M34: =INDEX('Project List '!$AJ$6:$AJ$44, MATCH(B34,'Project List '!$B$6:$B$44,0)) -> 0 | N34: Yes | O34: =INDEX('Project List '!$AL$6:$AL$44, MATCH(B34,'Project List '!$B$6:$B$44,0)) -> 1100 | P34: =INDEX('Project List '!$AM$6:$AM$44, MATCH(B34,'Project List '!$B$6:$B$44,0)) -> 59400
B35: 49B | C35: =INDEX('Project List '!$C$6:$C$44, MATCH('S-Collection'!B35,'Project List '!$B$6:$B$44,0)) -> 375 mm Gravity Sewer | D35: =INDEX('Project List '!$E$6:$E$44, MATCH(B35,'Project List '!$B$6:$B$44,0)) -> Others | E35: =INDEX('Project List '!$F$6:$F$44, MATCH(B35,'Project List '!$B$6:$B$44,0)) -> OSL | F35: =INDEX('Project List '!$G$6:$G$44, MATCH(B35,'Project List '!$B$6:$B$44,0)) -> 2049 | G35: =INDEX('Project List '!$H$6:$H$44, MATCH(B35,'Project List '!$B$6:$B$44,0)) -> 2050 | H35: =INDEX('Project List '!$I$6:$I$44, MATCH(B35,'Project List '!$B$6:$B$44,0)) -> 1 | I35: =INDEX('Project List '!$J$6:$J$44, MATCH(B35,'Project List '!$B$6:$B$44,0)) -> 0 | J35: =INDEX('Project List '!$X$6:$X$44, MATCH(B35,'Project List '!$B$6:$B$44,0)) -> 89303.125 | K35: =INDEX('Project List '!$AF$6:$AF$44, MATCH(B35,'Project List '!$B$6:$B$44,0)) -> 89303.125 | L35: =INDEX('Project List '!$AI$6:$AI$44, MATCH(B35,'Project List '!$B$6:$B$44,0)) -> 89303.125 | M35: =INDEX('Project List '!$AJ$6:$AJ$44, MATCH(B35,'Project List '!$B$6:$B$44,0)) -> 0 | N35: Yes | O35: =INDEX('Project List '!$AL$6:$AL$44, MATCH(B35,'Project List '!$B$6:$B$44,0)) -> 155 | P35: =INDEX('Project List '!$AM$6:$AM$44, MATCH(B35,'Project List '!$B$6:$B$44,0)) -> 8370
B36: 49C | C36: =INDEX('Project List '!$C$6:$C$44, MATCH('S-Collection'!B36,'Project List '!$B$6:$B$44,0)) -> 375 mm Gravity Sewer | D36: =INDEX('Project List '!$E$6:$E$44, MATCH(B36,'Project List '!$B$6:$B$44,0)) -> Others | E36: =INDEX('Project List '!$F$6:$F$44, MATCH(B36,'Project List '!$B$6:$B$44,0)) -> OSL | F36: =INDEX('Project List '!$G$6:$G$44, MATCH(B36,'Project List '!$B$6:$B$44,0)) -> 2049 | G36: =INDEX('Project List '!$H$6:$H$44, MATCH(B36,'Project List '!$B$6:$B$44,0)) -> 2050 | H36: =INDEX('Project List '!$I$6:$I$44, MATCH(B36,'Project List '!$B$6:$B$44,0)) -> 1 | I36: =INDEX('Project List '!$J$6:$J$44, MATCH(B36,'Project List '!$B$6:$B$44,0)) -> 0 | J36: =INDEX('Project List '!$X$6:$X$44, MATCH(B36,'Project List '!$B$6:$B$44,0)) -> 433908.12 | K36: =INDEX('Project List '!$AF$6:$AF$44, MATCH(B36,'Project List '!$B$6:$B$44,0)) -> 433908.12 | L36: =INDEX('Project List '!$AI$6:$AI$44, MATCH(B36,'Project List '!$B$6:$B$44,0)) -> 433908.12 | M36: =INDEX('Project List '!$AJ$6:$AJ$44, MATCH(B36,'Project List '!$B$6:$B$44,0)) -> 0 | N36: Yes | O36: =INDEX('Project List '!$AL$6:$AL$44, MATCH(B36,'Project List '!$B$6:$B$44,0)) -> 756 | P36: =INDEX('Project List '!$AM$6:$AM$44, MATCH(B36,'Project List '!$B$6:$B$44,0)) -> 40824
B37: 49D | C37: =INDEX('Project List '!$C$6:$C$44, MATCH('S-Collection'!B37,'Project List '!$B$6:$B$44,0)) -> 375 mm Gravity Sewer | D37: =INDEX('Project List '!$E$6:$E$44, MATCH(B37,'Project List '!$B$6:$B$44,0)) -> Others | E37: =INDEX('Project List '!$F$6:$F$44, MATCH(B37,'Project List '!$B$6:$B$44,0)) -> OSL | F37: =INDEX('Project List '!$G$6:$G$44, MATCH(B37,'Project List '!$B$6:$B$44,0)) -> 2049 | G37: =INDEX('Project List '!$H$6:$H$44, MATCH(B37,'Project List '!$B$6:$B$44,0)) -> 2050 | H37: =INDEX('Project List '!$I$6:$I$44, MATCH(B37,'Project List '!$B$6:$B$44,0)) -> 1 | I37: =INDEX('Project List '!$J$6:$J$44, MATCH(B37,'Project List '!$B$6:$B$44,0)) -> 0 | J37: =INDEX('Project List '!$X$6:$X$44, MATCH(B37,'Project List '!$B$6:$B$44,0)) -> 206973.12 | K37: =INDEX('Project List '!$AF$6:$AF$44, MATCH(B37,'Project List '!$B$6:$B$44,0)) -> 206973.12 | L37: =INDEX('Project List '!$AI$6:$AI$44, MATCH(B37,'Project List '!$B$6:$B$44,0)) -> 206973.12 | M37: =INDEX('Project List '!$AJ$6:$AJ$44, MATCH(B37,'Project List '!$B$6:$B$44,0)) -> 0 | N37: Yes | O37: =INDEX('Project List '!$AL$6:$AL$44, MATCH(B37,'Project List '!$B$6:$B$44,0)) -> 361 | P37: =INDEX('Project List '!$AM$6:$AM$44, MATCH(B37,'Project List '!$B$6:$B$44,0)) -> 19494
B38: 52 | C38: =INDEX('Project List '!$C$6:$C$44, MATCH('S-Collection'!B38,'Project List '!$B$6:$B$44,0)) -> 375 mm Gravity Sewer | D38: =INDEX('Project List '!$E$6:$E$44, MATCH(B38,'Project List '!$B$6:$B$44,0)) -> Others | E38: =INDEX('Project List '!$F$6:$F$44, MATCH(B38,'Project List '!$B$6:$B$44,0)) -> OSL | F38: =INDEX('Project List '!$G$6:$G$44, MATCH(B38,'Project List '!$B$6:$B$44,0)) -> 2044 | G38: =INDEX('Project List '!$H$6:$H$44, MATCH(B38,'Project List '!$B$6:$B$44,0)) -> 2045 | H38: =INDEX('Project List '!$I$6:$I$44, MATCH(B38,'Project List '!$B$6:$B$44,0)) -> 1 | I38: =INDEX('Project List '!$J$6:$J$44, MATCH(B38,'Project List '!$B$6:$B$44,0)) -> 0 | J38: =INDEX('Project List '!$X$6:$X$44, MATCH(B38,'Project List '!$B$6:$B$44,0)) -> 465426.87 | K38: =INDEX('Project List '!$AF$6:$AF$44, MATCH(B38,'Project List '!$B$6:$B$44,0)) -> 465426.87 | L38: =INDEX('Project List '!$AI$6:$AI$44, MATCH(B38,'Project List '!$B$6:$B$44,0)) -> 465426.87 | M38: =INDEX('Project List '!$AJ$6:$AJ$44, MATCH(B38,'Project List '!$B$6:$B$44,0)) -> 0 | N38: Yes | O38: =INDEX('Project List '!$AL$6:$AL$44, MATCH(B38,'Project List '!$B$6:$B$44,0)) -> 810 | P38: =INDEX('Project List '!$AM$6:$AM$44, MATCH(B38,'Project List '!$B$6:$B$44,0)) -> 43740
B39: 54 | C39: =INDEX('Project List '!$C$6:$C$44, MATCH('S-Collection'!B39,'Project List '!$B$6:$B$44,0)) -> 375 mm Gravity Sewer | D39: =INDEX('Project List '!$E$6:$E$44, MATCH(B39,'Project List '!$B$6:$B$44,0)) -> Others | E39: =INDEX('Project List '!$F$6:$F$44, MATCH(B39,'Project List '!$B$6:$B$44,0)) -> OSL | F39: =INDEX('Project List '!$G$6:$G$44, MATCH(B39,'Project List '!$B$6:$B$44,0)) -> 2028 | G39: =INDEX('Project List '!$H$6:$H$44, MATCH(B39,'Project List '!$B$6:$B$44,0)) -> 2029 | H39: =INDEX('Project List '!$I$6:$I$44, MATCH(B39,'Project List '!$B$6:$B$44,0)) -> 1 | I39: =INDEX('Project List '!$J$6:$J$44, MATCH(B39,'Project List '!$B$6:$B$44,0)) -> 0 | J39: =INDEX('Project List '!$X$6:$X$44, MATCH(B39,'Project List '!$B$6:$B$44,0)) -> 235340 | K39: =INDEX('Project List '!$AF$6:$AF$44, MATCH(B39,'Project List '!$B$6:$B$44,0)) -> 235340 | L39: =INDEX('Project List '!$AI$6:$AI$44, MATCH(B39,'Project List '!$B$6:$B$44,0)) -> 235340 | M39: =INDEX('Project List '!$AJ$6:$AJ$44, MATCH(B39,'Project List '!$B$6:$B$44,0)) -> 0 | N39: Yes | O39: =INDEX('Project List '!$AL$6:$AL$44, MATCH(B39,'Project List '!$B$6:$B$44,0)) -> 411 | P39: =INDEX('Project List '!$AM$6:$AM$44, MATCH(B39,'Project List '!$B$6:$B$44,0)) -> 22194
B40: 57 | C40: =INDEX('Project List '!$C$6:$C$44, MATCH('S-Collection'!B40,'Project List '!$B$6:$B$44,0)) -> 375 mm Gravity Sewer | D40: =INDEX('Project List '!$E$6:$E$44, MATCH(B40,'Project List '!$B$6:$B$44,0)) -> Others | E40: =INDEX('Project List '!$F$6:$F$44, MATCH(B40,'Project List '!$B$6:$B$44,0)) -> OSL | F40: =INDEX('Project List '!$G$6:$G$44, MATCH(B40,'Project List '!$B$6:$B$44,0)) -> 2028 | G40: =INDEX('Project List '!$H$6:$H$44, MATCH(B40,'Project List '!$B$6:$B$44,0)) -> 2029 | H40: =INDEX('Project List '!$I$6:$I$44, MATCH(B40,'Project List '!$B$6:$B$44,0)) -> 1 | I40: =INDEX('Project List '!$J$6:$J$44, MATCH(B40,'Project List '!$B$6:$B$44,0)) -> 0 | J40: =INDEX('Project List '!$X$6:$X$44, MATCH(B40,'Project List '!$B$6:$B$44,0)) -> 300478.75 | K40: =INDEX('Project List '!$AF$6:$AF$44, MATCH(B40,'Project List '!$B$6:$B$44,0)) -> 300478.75 | L40: =INDEX('Project List '!$AI$6:$AI$44, MATCH(B40,'Project List '!$B$6:$B$44,0)) -> 300478.75 | M40: =INDEX('Project List '!$AJ$6:$AJ$44, MATCH(B40,'Project List '!$B$6:$B$44,0)) -> 0 | N40: Yes | O40: =INDEX('Project List '!$AL$6:$AL$44, MATCH(B40,'Project List '!$B$6:$B$44,0)) -> 525 | P40: =INDEX('Project List '!$AM$6:$AM$44, MATCH(B40,'Project List '!$B$6:$B$44,0)) -> 28350
B41: 64 | C41: =INDEX('Project List '!$C$6:$C$44, MATCH('S-Collection'!B41,'Project List '!$B$6:$B$44,0)) -> 375 mm Gravity Sewer | D41: =INDEX('Project List '!$E$6:$E$44, MATCH(B41,'Project List '!$B$6:$B$44,0)) -> Others | E41: =INDEX('Project List '!$F$6:$F$44, MATCH(B41,'Project List '!$B$6:$B$44,0)) -> OSL | F41: =INDEX('Project List '!$G$6:$G$44, MATCH(B41,'Project List '!$B$6:$B$44,0)) -> 2034 | G41: =INDEX('Project List '!$H$6:$H$44, MATCH(B41,'Project List '!$B$6:$B$44,0)) -> 2035 | H41: =INDEX('Project List '!$I$6:$I$44, MATCH(B41,'Project List '!$B$6:$B$44,0)) -> 1 | I41: =INDEX('Project List '!$J$6:$J$44, MATCH(B41,'Project List '!$B$6:$B$44,0)) -> 0 | J41: =INDEX('Project List '!$X$6:$X$44, MATCH(B41,'Project List '!$B$6:$B$44,0)) -> 510603.75 | K41: =INDEX('Project List '!$AF$6:$AF$44, MATCH(B41,'Project List '!$B$6:$B$44,0)) -> 510603.75 | L41: =INDEX('Project List '!$AI$6:$AI$44, MATCH(B41,'Project List '!$B$6:$B$44,0)) -> 510603.75 | M41: =INDEX('Project List '!$AJ$6:$AJ$44, MATCH(B41,'Project List '!$B$6:$B$44,0)) -> 0 | N41: Yes | O41: =INDEX('Project List '!$AL$6:$AL$44, MATCH(B41,'Project List '!$B$6:$B$44,0)) -> 891 | P41: =INDEX('Project List '!$AM$6:$AM$44, MATCH(B41,'Project List '!$B$6:$B$44,0)) -> 48114
J42: =SUM(J20:J41) -> 16164916 | K42: =SUM(K20:K41) -> 16164916 | L42: =SUM(L20:L41) -> 16164916 | P42: =SUM(P20:P41) -> 8901821
B46: Inflated Project Costs
B47: Code | C47: Name | D47: 2026 Project Costs | E47: Project Cost in Year of Delivery
B48: 9A/10/12 | C48: 525 mm Gravity Sewer North Railway Trunk Upgrade (North Railway Street Bend - Fisher Gate)
B49: 15 | C49: 1050 mm Gravity Sewer (Crystal Shores Road to Crystal Green Lane)
B50: 14A | C50: 1050 mm Gravity Sewer (Crystal Shores Road to 260m South)
B51: 13/14B/16 | C51: 1050 mm (North Railway Street to 260m south of Crystal Shores Road)
B52: 45 | C52: 450 mm Gravity Sewer South Railway Street Upgrade (Northridge Drive/Riverside Drive Intersection - Start of Oak Ave)
B53: 45A | C53: South Railway Street Upgrade (Northridge Drive/Riverside Drive Intersection - Start of Oak Ave)
B54: 46 | C54: 350 mm Siphon (32 Street/Railroad intersection - WWTP)
B55: 47 | C55: 375 mm Forcemain
B56: 68 | C56: 250 mm Siphon
B59: 43C | C59: 1050 mm (Crystal Green Lane to 610m into undeveloped land)
B60: 48 | C60: 900 mm Gravity Sewer
B61: 50A | C61: 675 mm Gravity Sewer
B62: 50B | C62: 675 mm Gravity Sewer
B63: 51 | C63: 450 mm Gravity Sewer
B64: 53A | C64: 525 mm Gravity Sewer
B65: 53B | C65: 525 mm Gravity Sewer
B66: 55 | C66: 450 mm Gravity Sewer
B67: 59 | C67: 600 mm Gravity Sewer
B68: 60 | C68: 675 mm Gravity Sewer (S-3, Highway 7/2A Intersection - Highway 7/32nd Street Intersection)
B69: 61 | C69: 750 mm Gravity Sewer (Highway 7/32nd Street Intersection - 32 Street/Railroad intersection)
B70: 65 | C70: 675 mm Gravity Sewer
B71: 69 | C71: 525 mm Gravity Sewer

Sheet San Collection - OSL
B3: Sanitary Collection - OSL
B4: Town of Okotoks
B5: =Assumptions!B3&" $s" -> 2026 $s
L6: 1 | M6: =(1+M7) -> 1.025 | N6: =+(1+N7)*M6 -> 1.050625 | O6: =+(1+O7)*N6 -> 1.0768906 | P6: =+(1+P7)*O6 -> 1.1038129 | Q6: =+(1+Q7)*P6 -> 1.1314082 | R6: =+(1+R7)*Q6 -> 1.1596934 | S6: =+(1+S7)*R6 -> 1.1886858 | T6: =+(1+T7)*S6 -> 1.2184029 | U6: =+(1+U7)*T6 -> 1.248863 | ... BS6: =+(1+BS7)*BR6 -> 4.2924778
L7: =Assumptions!$B$18 -> 0.025 | M7: =Assumptions!$B$18 -> 0.025 | N7: =Assumptions!$B$18 -> 0.025 | O7: =Assumptions!$B$18 -> 0.025 | P7: =Assumptions!$B$18 -> 0.025 | Q7: =Assumptions!$B$18 -> 0.025 | R7: =Assumptions!$B$18 -> 0.025 | S7: =Assumptions!$B$18 -> 0.025 | ... BS7: =Assumptions!$B$18 -> 0.025
A8: Project # | B8: Category and Project Description | C8: Timing | F8: Off-site Levy Project Costs before Cost Deductions | I8: Benefit to New Development | J8: Benefit to Exisitng Development | K8: Off-site Levy Recoverable | L8: Future Value Compounded Interest
C9: Start Year | D9: End Year | E9: Years | G9: Cost Deductions (Grants, Local Developer Contributions) | H9: Net Project Cost | L9: 0 | M9: 1 | N9: =+M9+1 -> 2 | O9: =+N9+1 -> 3 | P9: =+O9+1 -> 4 | Q9: =+P9+1 -> 5 | R9: =+Q9+1 -> 6 | S9: =+R9+1 -> 7 | T9: =+S9+1 -> 8 | U9: =+T9+1 -> 9 | ... BS9: =+BR9+1 -> 59
F10: =CONCATENATE("(",$B$5,")") -> (2026 $s) | G10: =CONCATENATE("(",$B$5,")") -> (2026 $s) | H10: =CONCATENATE("(",$B$5,")") -> (2026 $s) | K10: =CONCATENATE("(",B5,")") -> (2026 $s) | L10: =Assumptions!B3 -> 2026 | M10: =L10+1 -> 2027 | N10: =M10+1 -> 2028 | O10: =N10+1 -> 2029 | P10: =O10+1 -> 2030 | Q10: =P10+1 -> 2031 | R10: =Q10+1 -> 2032 | S10: =R10+1 -> 2033 | T10: =S10+1 -> 2034 | ... BS10: =BR10+1 -> 2085 | BT10: TOTAL
A11: a | B11: b | C11: c | D11: d | E11: e | F11: f | G11: g | H11: h | I11: i | J11: j | K11: k | N11: =IF(AND(N$10=$C11,N$10=$D11),(($K11/$E11)*N$6),IF(AND(N$10>=$C11,N$10<=$D11),(($K11/$E11)*N$6),""))
A12: ='S-Collection'!B6 -> 9A/10/12 | B12: =INDEX('S-Collection'!$C$6:$C$32,MATCH(Table19578101112131423617272815161718726[[#This Row],[a]],'S-Collection'!$B$6:$B$32,0)) -> 525 mm Gravity Sewer North Railway Trunk Upgrade (North Railway Street Bend - Fisher Gate) | C12: =INDEX('S-Collection'!$F$6:$F$32,MATCH(Table19578101112131423617272815161718726[[#This Row],[a]],'S-Collection'!$B$6:$B$32,0)) -> 2026 | D12: =INDEX('S-Collection'!$G$6:$G$32,MATCH(Table19578101112131423617272815161718726[[#This Row],[a]],'S-Collection'!$B$6:$B$32,0)) -> 2026 | E12: =(D12-C12)+1 -> 1 | F12: =INDEX('S-Collection'!$K$6:$K$32,MATCH(Table19578101112131423617272815161718726[[#This Row],[a]],'S-Collection'!$B$6:$B$32,0)) -> 2267196 | H12: =+Table19578101112131423617272815161718726[[#This Row],[f]]-Table19578101112131423617272815161718726[[#This Row],[g]] -> 2267196 | I12: =INDEX('S-Collection'!$H$6:$H$32,MATCH(Table19578101112131423617272815161718726[[#This Row],[a]],'S-Collection'!$B$6:$B$32,0)) -> 1 | J12: =1-Table19578101112131423617272815161718726[[#This Row],[i]] -> 0 | K12: =(Table19578101112131423617272815161718726[[#This Row],[h]]*Table19578101112131423617272815161718726[[#This Row],[i]]) -> 2267196 | L12: =IF(AND(L$10=$C12,L$10=$D12),(($K12/$E12)*L$6),IF(AND(L$10>=$C12,L$10<=$D12),(($K12/$E12)*L$6),"")) -> 2267196 | M12: =IF(AND(M$10=$C12,M$10=$D12),(($K12/$E12)*M$6),IF(AND(M$10>=$C12,M$10<=$D12),(($K12/$E12)*M$6),"")) | N12: =IF(AND(N$10=$C12,N$10=$D12),(($K12/$E12)*N$6),IF(AND(N$10>=$C12,N$10<=$D12),(($K12/$E12)*N$6),"")) | O12: =IF(AND(O$10=$C12,O$10=$D12),(($K12/$E12)*O$6),IF(AND(O$10>=$C12,O$10<=$D12),(($K12/$E12)*O$6),"")) | P12: =IF(AND(P$10=$C12,P$10=$D12),(($K12/$E12)*P$6),IF(AND(P$10>=$C12,P$10<=$D12),(($K12/$E12)*P$6),"")) | Q12: =IF(AND(Q$10=$C12,Q$10=$D12),(($K12/$E12)*Q$6),IF(AND(Q$10>=$C12,Q$10<=$D12),(($K12/$E12)*Q$6),"")) | R12: =IF(AND(R$10=$C12,R$10=$D12),(($K12/$E12)*R$6),IF(AND(R$10>=$C12,R$10<=$D12),(($K12/$E12)*R$6),"")) | S12: =IF(AND(S$10=$C12,S$10=$D12),(($K12/$E12)*S$6),IF(AND(S$10>=$C12,S$10<=$D12),(($K12/$E12)*S$6),"")) | ... BS12: =IF(AND(BS$10=$C12,BS$10=$D12),(($K12/$E12)*BS$6),IF(AND(BS$10>=$C12,BS$10<=$D12),(($K12/$E12)*BS$6),"")) | BT12: =SUM(L12:BS12) -> 2267196
A13: ='S-Collection'!B7 -> 15 | B13: =INDEX('S-Collection'!$C$6:$C$32,MATCH(Table19578101112131423617272815161718726[[#This Row],[a]],'S-Collection'!$B$6:$B$32,0)) -> 1050 mm Gravity Sewer (Crystal Shores Road to Crystal Green Lane) | C13: =INDEX('S-Collection'!$F$6:$F$32,MATCH(Table19578101112131423617272815161718726[[#This Row],[a]],'S-Collection'!$B$6:$B$32,0)) -> 2026 | D13: =INDEX('S-Collection'!$G$6:$G$32,MATCH(Table19578101112131423617272815161718726[[#This Row],[a]],'S-Collection'!$B$6:$B$32,0)) -> 2027 | E13: =(D13-C13)+1 -> 2 | F13: =INDEX('S-Collection'!$K$6:$K$32,MATCH(Table19578101112131423617272815161718726[[#This Row],[a]],'S-Collection'!$B$6:$B$32,0)) -> 994941.87 | H13: =+Table19578101112131423617272815161718726[[#This Row],[f]]-Table19578101112131423617272815161718726[[#This Row],[g]] -> 994941.87 | I13: =INDEX('S-Collection'!$H$6:$H$32,MATCH(Table19578101112131423617272815161718726[[#This Row],[a]],'S-Collection'!$B$6:$B$32,0)) -> 1 | J13: =1-Table19578101112131423617272815161718726[[#This Row],[i]] -> 0 | K13: =(Table19578101112131423617272815161718726[[#This Row],[h]]*Table19578101112131423617272815161718726[[#This Row],[i]]) -> 994941.87 | L13: =IF(AND(L$10=$C13,L$10=$D13),(($K13/$E13)*L$6),IF(AND(L$10>=$C13,L$10<=$D13),(($K13/$E13)*L$6),"")) -> 497470.94 | M13: =IF(AND(M$10=$C13,M$10=$D13),(($K13/$E13)*M$6),IF(AND(M$10>=$C13,M$10<=$D13),(($K13/$E13)*M$6),"")) -> 509907.71 | N13: =IF(AND(N$10=$C13,N$10=$D13),(($K13/$E13)*N$6),IF(AND(N$10>=$C13,N$10<=$D13),(($K13/$E13)*N$6),"")) | O13: =IF(AND(O$10=$C13,O$10=$D13),(($K13/$E13)*O$6),IF(AND(O$10>=$C13,O$10<=$D13),(($K13/$E13)*O$6),"")) | P13: =IF(AND(P$10=$C13,P$10=$D13),(($K13/$E13)*P$6),IF(AND(P$10>=$C13,P$10<=$D13),(($K13/$E13)*P$6),"")) | Q13: =IF(AND(Q$10=$C13,Q$10=$D13),(($K13/$E13)*Q$6),IF(AND(Q$10>=$C13,Q$10<=$D13),(($K13/$E13)*Q$6),"")) | R13: =IF(AND(R$10=$C13,R$10=$D13),(($K13/$E13)*R$6),IF(AND(R$10>=$C13,R$10<=$D13),(($K13/$E13)*R$6),"")) | S13: =IF(AND(S$10=$C13,S$10=$D13),(($K13/$E13)*S$6),IF(AND(S$10>=$C13,S$10<=$D13),(($K13/$E13)*S$6),"")) | ... BS13: =IF(AND(BS$10=$C13,BS$10=$D13),(($K13/$E13)*BS$6),IF(AND(BS$10>=$C13,BS$10<=$D13),(($K13/$E13)*BS$6),"")) | BT13: =SUM(L13:BS13) -> 1007378.6
A14: ='S-Collection'!B8 -> 14A | B14: =INDEX('S-Collection'!$C$6:$C$32,MATCH(Table19578101112131423617272815161718726[[#This Row],[a]],'S-Collection'!$B$6:$B$32,0)) -> 1050 mm Gravity Sewer (Crystal Shores Road to 260m South) | C14: =INDEX('S-Collection'!$F$6:$F$32,MATCH(Table19578101112131423617272815161718726[[#This Row],[a]],'S-Collection'!$B$6:$B$32,0)) -> 2027 | D14: =INDEX('S-Collection'!$G$6:$G$32,MATCH(Table19578101112131423617272815161718726[[#This Row],[a]],'S-Collection'!$B$6:$B$32,0)) -> 2028 | E14: =(D14-C14)+1 -> 2 | F14: =INDEX('S-Collection'!$K$6:$K$32,MATCH(Table19578101112131423617272815161718726[[#This Row],[a]],'S-Collection'!$B$6:$B$32,0)) -> 994941.87 | H14: =+Table19578101112131423617272815161718726[[#This Row],[f]]-Table19578101112131423617272815161718726[[#This Row],[g]] -> 994941.87 | I14: =INDEX('S-Collection'!$H$6:$H$32,MATCH(Table19578101112131423617272815161718726[[#This Row],[a]],'S-Collection'!$B$6:$B$32,0)) -> 1 | J14: =1-Table19578101112131423617272815161718726[[#This Row],[i]] -> 0 | K14: =(Table19578101112131423617272815161718726[[#This Row],[h]]*Table19578101112131423617272815161718726[[#This Row],[i]]) -> 994941.87 | L14: =IF(AND(L$10=$C14,L$10=$D14),(($K14/$E14)*L$6),IF(AND(L$10>=$C14,L$10<=$D14),(($K14/$E14)*L$6),"")) | M14: =IF(AND(M$10=$C14,M$10=$D14),(($K14/$E14)*M$6),IF(AND(M$10>=$C14,M$10<=$D14),(($K14/$E14)*M$6),"")) -> 509907.71 | N14: =IF(AND(N$10=$C14,N$10=$D14),(($K14/$E14)*N$6),IF(AND(N$10>=$C14,N$10<=$D14),(($K14/$E14)*N$6),"")) -> 522655.4 | O14: =IF(AND(O$10=$C14,O$10=$D14),(($K14/$E14)*O$6),IF(AND(O$10>=$C14,O$10<=$D14),(($K14/$E14)*O$6),"")) | P14: =IF(AND(P$10=$C14,P$10=$D14),(($K14/$E14)*P$6),IF(AND(P$10>=$C14,P$10<=$D14),(($K14/$E14)*P$6),"")) | Q14: =IF(AND(Q$10=$C14,Q$10=$D14),(($K14/$E14)*Q$6),IF(AND(Q$10>=$C14,Q$10<=$D14),(($K14/$E14)*Q$6),"")) | R14: =IF(AND(R$10=$C14,R$10=$D14),(($K14/$E14)*R$6),IF(AND(R$10>=$C14,R$10<=$D14),(($K14/$E14)*R$6),"")) | S14: =IF(AND(S$10=$C14,S$10=$D14),(($K14/$E14)*S$6),IF(AND(S$10>=$C14,S$10<=$D14),(($K14/$E14)*S$6),"")) | ... BS14: =IF(AND(BS$10=$C14,BS$10=$D14),(($K14/$E14)*BS$6),IF(AND(BS$10>=$C14,BS$10<=$D14),(($K14/$E14)*BS$6),"")) | BT14: =SUM(L14:BS14) -> 1032563.1
A15: ='S-Collection'!B9 -> 13/14B/16 | B15: =INDEX('S-Collection'!$C$6:$C$32,MATCH(Table19578101112131423617272815161718726[[#This Row],[a]],'S-Collection'!$B$6:$B$32,0)) -> 1050 mm (North Railway Street to 260m south of Crystal Shores Road) | C15: =INDEX('S-Collection'!$F$6:$F$32,MATCH(Table19578101112131423617272815161718726[[#This Row],[a]],'S-Collection'!$B$6:$B$32,0)) -> 2031 | D15: =INDEX('S-Collection'!$G$6:$G$32,MATCH(Table19578101112131423617272815161718726[[#This Row],[a]],'S-Collection'!$B$6:$B$32,0)) -> 2032 | E15: =(D15-C15)+1 -> 2 | F15: =INDEX('S-Collection'!$K$6:$K$32,MATCH(Table19578101112131423617272815161718726[[#This Row],[a]],'S-Collection'!$B$6:$B$32,0)) -> 7540335.6 | H15: =+Table19578101112131423617272815161718726[[#This Row],[f]]-Table19578101112131423617272815161718726[[#This Row],[g]] -> 7540335.6 | I15: =INDEX('S-Collection'!$H$6:$H$32,MATCH(Table19578101112131423617272815161718726[[#This Row],[a]],'S-Collection'!$B$6:$B$32,0)) -> 1 | J15: =1-Table19578101112131423617272815161718726[[#This Row],[i]] -> 0 | K15: =(Table19578101112131423617272815161718726[[#This Row],[h]]*Table19578101112131423617272815161718726[[#This Row],[i]]) -> 7540335.6 | L15: =IF(AND(L$10=$C15,L$10=$D15),(($K15/$E15)*L$6),IF(AND(L$10>=$C15,L$10<=$D15),(($K15/$E15)*L$6),"")) | M15: =IF(AND(M$10=$C15,M$10=$D15),(($K15/$E15)*M$6),IF(AND(M$10>=$C15,M$10<=$D15),(($K15/$E15)*M$6),"")) | N15: =IF(AND(N$10=$C15,N$10=$D15),(($K15/$E15)*N$6),IF(AND(N$10>=$C15,N$10<=$D15),(($K15/$E15)*N$6),"")) | O15: =IF(AND(O$10=$C15,O$10=$D15),(($K15/$E15)*O$6),IF(AND(O$10>=$C15,O$10<=$D15),(($K15/$E15)*O$6),"")) | P15: =IF(AND(P$10=$C15,P$10=$D15),(($K15/$E15)*P$6),IF(AND(P$10>=$C15,P$10<=$D15),(($K15/$E15)*P$6),"")) | Q15: =IF(AND(Q$10=$C15,Q$10=$D15),(($K15/$E15)*Q$6),IF(AND(Q$10>=$C15,Q$10<=$D15),(($K15/$E15)*Q$6),"")) -> 4265598.8 | R15: =IF(AND(R$10=$C15,R$10=$D15),(($K15/$E15)*R$6),IF(AND(R$10>=$C15,R$10<=$D15),(($K15/$E15)*R$6),"")) -> 4372238.8 | S15: =IF(AND(S$10=$C15,S$10=$D15),(($K15/$E15)*S$6),IF(AND(S$10>=$C15,S$10<=$D15),(($K15/$E15)*S$6),"")) | ... BS15: =IF(AND(BS$10=$C15,BS$10=$D15),(($K15/$E15)*BS$6),IF(AND(BS$10>=$C15,BS$10<=$D15),(($K15/$E15)*BS$6),"")) | BT15: =SUM(L15:BS15) -> 8637837.6
A16: ='S-Collection'!B10 -> 45 | B16: =INDEX('S-Collection'!$C$6:$C$32,MATCH(Table19578101112131423617272815161718726[[#This Row],[a]],'S-Collection'!$B$6:$B$32,0)) -> 450 mm Gravity Sewer - Riverside Drive & South Railway Street Upgrade (Northridge Drive/Riverside Drive Intersection - Start of Oak Ave) | C16: =INDEX('S-Collection'!$F$6:$F$32,MATCH(Table19578101112131423617272815161718726[[#This Row],[a]],'S-Collection'!$B$6:$B$32,0)) -> 2026 | D16: =INDEX('S-Collection'!$G$6:$G$32,MATCH(Table19578101112131423617272815161718726[[#This Row],[a]],'S-Collection'!$B$6:$B$32,0)) -> 2027 | E16: =(D16-C16)+1 -> 2 | F16: =INDEX('S-Collection'!$K$6:$K$32,MATCH(Table19578101112131423617272815161718726[[#This Row],[a]],'S-Collection'!$B$6:$B$32,0)) -> 6631506.2 | H16: =+Table19578101112131423617272815161718726[[#This Row],[f]]-Table19578101112131423617272815161718726[[#This Row],[g]] -> 6631506.2 | I16: =INDEX('S-Collection'!$H$6:$H$32,MATCH(Table19578101112131423617272815161718726[[#This Row],[a]],'S-Collection'!$B$6:$B$32,0)) -> 1 | J16: =1-Table19578101112131423617272815161718726[[#This Row],[i]] -> 0 | K16: =(Table19578101112131423617272815161718726[[#This Row],[h]]*Table19578101112131423617272815161718726[[#This Row],[i]]) -> 6631506.2 | L16: =IF(AND(L$10=$C16,L$10=$D16),(($K16/$E16)*L$6),IF(AND(L$10>=$C16,L$10<=$D16),(($K16/$E16)*L$6),"")) -> 3315753.1 | M16: =IF(AND(M$10=$C16,M$10=$D16),(($K16/$E16)*M$6),IF(AND(M$10>=$C16,M$10<=$D16),(($K16/$E16)*M$6),"")) -> 3398646.9 | N16: =IF(AND(N$10=$C16,N$10=$D16),(($K16/$E16)*N$6),IF(AND(N$10>=$C16,N$10<=$D16),(($K16/$E16)*N$6),"")) | O16: =IF(AND(O$10=$C16,O$10=$D16),(($K16/$E16)*O$6),IF(AND(O$10>=$C16,O$10<=$D16),(($K16/$E16)*O$6),"")) | P16: =IF(AND(P$10=$C16,P$10=$D16),(($K16/$E16)*P$6),IF(AND(P$10>=$C16,P$10<=$D16),(($K16/$E16)*P$6),"")) | Q16: =IF(AND(Q$10=$C16,Q$10=$D16),(($K16/$E16)*Q$6),IF(AND(Q$10>=$C16,Q$10<=$D16),(($K16/$E16)*Q$6),"")) | R16: =IF(AND(R$10=$C16,R$10=$D16),(($K16/$E16)*R$6),IF(AND(R$10>=$C16,R$10<=$D16),(($K16/$E16)*R$6),"")) | S16: =IF(AND(S$10=$C16,S$10=$D16),(($K16/$E16)*S$6),IF(AND(S$10>=$C16,S$10<=$D16),(($K16/$E16)*S$6),"")) | ... BS16: =IF(AND(BS$10=$C16,BS$10=$D16),(($K16/$E16)*BS$6),IF(AND(BS$10>=$C16,BS$10<=$D16),(($K16/$E16)*BS$6),"")) | BT16: =SUM(L16:BS16) -> 6714400
A17: ='S-Collection'!B11 -> 46 | B17: =INDEX('S-Collection'!$C$6:$C$32,MATCH(Table19578101112131423617272815161718726[[#This Row],[a]],'S-Collection'!$B$6:$B$32,0)) -> 350 mm Siphon (32 Street/Railroad intersection - WWTP) | C17: =INDEX('S-Collection'!$F$6:$F$32,MATCH(Table19578101112131423617272815161718726[[#This Row],[a]],'S-Collection'!$B$6:$B$32,0)) -> 2031 | D17: =INDEX('S-Collection'!$G$6:$G$32,MATCH(Table19578101112131423617272815161718726[[#This Row],[a]],'S-Collection'!$B$6:$B$32,0)) -> 2032 | E17: =(D17-C17)+1 -> 2 | F17: =INDEX('S-Collection'!$K$6:$K$32,MATCH(Table19578101112131423617272815161718726[[#This Row],[a]],'S-Collection'!$B$6:$B$32,0)) -> 5450642.5 | H17: =+Table19578101112131423617272815161718726[[#This Row],[f]]-Table19578101112131423617272815161718726[[#This Row],[g]] -> 5450642.5 | I17: =INDEX('S-Collection'!$H$6:$H$32,MATCH(Table19578101112131423617272815161718726[[#This Row],[a]],'S-Collection'!$B$6:$B$32,0)) -> 1 | J17: =1-Table19578101112131423617272815161718726[[#This Row],[i]] -> 0 | K17: =(Table19578101112131423617272815161718726[[#This Row],[h]]*Table19578101112131423617272815161718726[[#This Row],[i]]) -> 5450642.5 | L17: =IF(AND(L$10=$C17,L$10=$D17),(($K17/$E17)*L$6),IF(AND(L$10>=$C17,L$10<=$D17),(($K17/$E17)*L$6),"")) | M17: =IF(AND(M$10=$C17,M$10=$D17),(($K17/$E17)*M$6),IF(AND(M$10>=$C17,M$10<=$D17),(($K17/$E17)*M$6),"")) | N17: =IF(AND(N$10=$C17,N$10=$D17),(($K17/$E17)*N$6),IF(AND(N$10>=$C17,N$10<=$D17),(($K17/$E17)*N$6),"")) | O17: =IF(AND(O$10=$C17,O$10=$D17),(($K17/$E17)*O$6),IF(AND(O$10>=$C17,O$10<=$D17),(($K17/$E17)*O$6),"")) | P17: =IF(AND(P$10=$C17,P$10=$D17),(($K17/$E17)*P$6),IF(AND(P$10>=$C17,P$10<=$D17),(($K17/$E17)*P$6),"")) | Q17: =IF(AND(Q$10=$C17,Q$10=$D17),(($K17/$E17)*Q$6),IF(AND(Q$10>=$C17,Q$10<=$D17),(($K17/$E17)*Q$6),"")) -> 3083450.8 | R17: =IF(AND(R$10=$C17,R$10=$D17),(($K17/$E17)*R$6),IF(AND(R$10>=$C17,R$10<=$D17),(($K17/$E17)*R$6),"")) -> 3160537.1 | S17: =IF(AND(S$10=$C17,S$10=$D17),(($K17/$E17)*S$6),IF(AND(S$10>=$C17,S$10<=$D17),(($K17/$E17)*S$6),"")) | ... BS17: =IF(AND(BS$10=$C17,BS$10=$D17),(($K17/$E17)*BS$6),IF(AND(BS$10>=$C17,BS$10<=$D17),(($K17/$E17)*BS$6),"")) | BT17: =SUM(L17:BS17) -> 6243988
A18: ='S-Collection'!B12 -> 60 | B18: =INDEX('S-Collection'!$C$6:$C$32,MATCH(Table19578101112131423617272815161718726[[#This Row],[a]],'S-Collection'!$B$6:$B$32,0)) -> 675 mm Gravity Sewer (S-3, Highway 7/2A Intersection - Highway 7/32nd Street Intersection) | C18: =INDEX('S-Collection'!$F$6:$F$32,MATCH(Table19578101112131423617272815161718726[[#This Row],[a]],'S-Collection'!$B$6:$B$32,0)) -> 2031 | D18: =INDEX('S-Collection'!$G$6:$G$32,MATCH(Table19578101112131423617272815161718726[[#This Row],[a]],'S-Collection'!$B$6:$B$32,0)) -> 2032 | E18: =(D18-C18)+1 -> 2 | F18: =INDEX('S-Collection'!$K$6:$K$32,MATCH(Table19578101112131423617272815161718726[[#This Row],[a]],'S-Collection'!$B$6:$B$32,0)) -> 3709756.9 | H18: =+Table19578101112131423617272815161718726[[#This Row],[f]]-Table19578101112131423617272815161718726[[#This Row],[g]] -> 3709756.9 | I18: =INDEX('S-Collection'!$H$6:$H$32,MATCH(Table19578101112131423617272815161718726[[#This Row],[a]],'S-Collection'!$B$6:$B$32,0)) -> 1 | J18: =1-Table19578101112131423617272815161718726[[#This Row],[i]] -> 0 | K18: =(Table19578101112131423617272815161718726[[#This Row],[h]]*Table19578101112131423617272815161718726[[#This Row],[i]]) -> 3709756.9 | L18: =IF(AND(L$10=$C18,L$10=$D18),(($K18/$E18)*L$6),IF(AND(L$10>=$C18,L$10<=$D18),(($K18/$E18)*L$6),"")) | M18: =IF(AND(M$10=$C18,M$10=$D18),(($K18/$E18)*M$6),IF(AND(M$10>=$C18,M$10<=$D18),(($K18/$E18)*M$6),"")) | N18: =IF(AND(N$10=$C18,N$10=$D18),(($K18/$E18)*N$6),IF(AND(N$10>=$C18,N$10<=$D18),(($K18/$E18)*N$6),"")) | O18: =IF(AND(O$10=$C18,O$10=$D18),(($K18/$E18)*O$6),IF(AND(O$10>=$C18,O$10<=$D18),(($K18/$E18)*O$6),"")) | P18: =IF(AND(P$10=$C18,P$10=$D18),(($K18/$E18)*P$6),IF(AND(P$10>=$C18,P$10<=$D18),(($K18/$E18)*P$6),"")) | Q18: =IF(AND(Q$10=$C18,Q$10=$D18),(($K18/$E18)*Q$6),IF(AND(Q$10>=$C18,Q$10<=$D18),(($K18/$E18)*Q$6),"")) -> 2098624.7 | R18: =IF(AND(R$10=$C18,R$10=$D18),(($K18/$E18)*R$6),IF(AND(R$10>=$C18,R$10<=$D18),(($K18/$E18)*R$6),"")) -> 2151090.3 | S18: =IF(AND(S$10=$C18,S$10=$D18),(($K18/$E18)*S$6),IF(AND(S$10>=$C18,S$10<=$D18),(($K18/$E18)*S$6),"")) | ... BS18: =IF(AND(BS$10=$C18,BS$10=$D18),(($K18/$E18)*BS$6),IF(AND(BS$10>=$C18,BS$10<=$D18),(($K18/$E18)*BS$6),"")) | BT18: =SUM(L18:BS18) -> 4249715
A19: ='S-Collection'!B13 -> 61 | B19: =INDEX('S-Collection'!$C$6:$C$32,MATCH(Table19578101112131423617272815161718726[[#This Row],[a]],'S-Collection'!$B$6:$B$32,0)) -> 750 mm Gravity Sewer (Highway 7/32nd Street Intersection - 32 Street/Railroad intersection) | C19: =INDEX('S-Collection'!$F$6:$F$32,MATCH(Table19578101112131423617272815161718726[[#This Row],[a]],'S-Collection'!$B$6:$B$32,0)) -> 2032 | D19: =INDEX('S-Collection'!$G$6:$G$32,MATCH(Table19578101112131423617272815161718726[[#This Row],[a]],'S-Collection'!$B$6:$B$32,0)) -> 2033 | E19: =(D19-C19)+1 -> 2 | F19: =INDEX('S-Collection'!$K$6:$K$32,MATCH(Table19578101112131423617272815161718726[[#This Row],[a]],'S-Collection'!$B$6:$B$32,0)) -> 1546520 | H19: =+Table19578101112131423617272815161718726[[#This Row],[f]]-Table19578101112131423617272815161718726[[#This Row],[g]] -> 1546520 | I19: =INDEX('S-Collection'!$H$6:$H$32,MATCH(Table19578101112131423617272815161718726[[#This Row],[a]],'S-Collection'!$B$6:$B$32,0)) -> 1 | J19: =1-Table19578101112131423617272815161718726[[#This Row],[i]] -> 0 | K19: =(Table19578101112131423617272815161718726[[#This Row],[h]]*Table19578101112131423617272815161718726[[#This Row],[i]]) -> 1546520 | L19: =IF(AND(L$10=$C19,L$10=$D19),(($K19/$E19)*L$6),IF(AND(L$10>=$C19,L$10<=$D19),(($K19/$E19)*L$6),"")) | M19: =IF(AND(M$10=$C19,M$10=$D19),(($K19/$E19)*M$6),IF(AND(M$10>=$C19,M$10<=$D19),(($K19/$E19)*M$6),"")) | N19: =IF(AND(N$10=$C19,N$10=$D19),(($K19/$E19)*N$6),IF(AND(N$10>=$C19,N$10<=$D19),(($K19/$E19)*N$6),"")) | O19: =IF(AND(O$10=$C19,O$10=$D19),(($K19/$E19)*O$6),IF(AND(O$10>=$C19,O$10<=$D19),(($K19/$E19)*O$6),"")) | P19: =IF(AND(P$10=$C19,P$10=$D19),(($K19/$E19)*P$6),IF(AND(P$10>=$C19,P$10<=$D19),(($K19/$E19)*P$6),"")) | Q19: =IF(AND(Q$10=$C19,Q$10=$D19),(($K19/$E19)*Q$6),IF(AND(Q$10>=$C19,Q$10<=$D19),(($K19/$E19)*Q$6),"")) | R19: =IF(AND(R$10=$C19,R$10=$D19),(($K19/$E19)*R$6),IF(AND(R$10>=$C19,R$10<=$D19),(($K19/$E19)*R$6),"")) -> 896744.53 | S19: =IF(AND(S$10=$C19,S$10=$D19),(($K19/$E19)*S$6),IF(AND(S$10>=$C19,S$10<=$D19),(($K19/$E19)*S$6),"")) -> 919163.15 | ... BS19: =IF(AND(BS$10=$C19,BS$10=$D19),(($K19/$E19)*BS$6),IF(AND(BS$10>=$C19,BS$10<=$D19),(($K19/$E19)*BS$6),"")) | BT19: =SUM(L19:BS19) -> 1815907.7
F20: =SUM(Table19578101112131423617272815161718726[f]) -> 29135841 | K20: =SUM(Table19578101112131423617272815161718726[k]) -> 29135841 | L20: =+SUM(L12:L19) -> 6080420 | M20: =+SUM(M12:M19) -> 4418462.4 | N20: =+SUM(N12:N19) -> 522655.4 | O20: =+SUM(O12:O19) -> 0 | P20: =+SUM(P12:P19) -> 0 | Q20: =+SUM(Q12:Q19) -> 9447674.4 | R20: =+SUM(R12:R19) -> 10580611 | S20: =+SUM(S12:S19) -> 919163.15 | ... BT20: =+SUM(BT12:BT19) -> 31968986
B27: 1 | C27: 2 | D27: 3 | E27: 4 | F27: 5 | G27: 6 | I27: 7 | J27: 8 | K27: 9 | L27: 10 | M27: 11 | N27: 12
B28: Year Beginning | C28: Off-site Levy Fee Reserve Fund Opening Balance | D28: Debenture Principal Advanced Remaining | E28: Existing Debenture Payments (Growth Portion Only) | F28: Growth-related Expenditures | G28: Hectares per year | H28: Levy Inflation Rate Annually | J28: Anticipated Fee Revenue | K28: Cumulative Surplus (Deficit) | L28: Reserve Fund Interest Accural | N28: Off-site Levy Fee Reserve Fund Closing Balance
I29: 53518.564
L31: + | M31: -
D32: + | E32: - | I32: starting | L32: =Assumptions!$B$6 -> 0.02674 | M32: =+Assumptions!$B$7 -> 0.04496
I33: =L10 -> 2026 | J33: [6 x 7] | K33: [2+3-4-5+8] | N33: [9+10+11]
B35: 2023 | K35: =+C35+J35-F35 -> 0 | L35: =IF(K35<0,0,+K35*$L$32) -> 0 | M35: =IF(K35<0,+K35*$M$32,0) -> 0 | N35: =+L35+K35+M35 -> 0
B36: =+B35+1 -> 2024 | K36: =+C36+J36-F36 -> 0 | L36: =IF(K36<0,0,+K36*$L$32) -> 0 | M36: =IF(K36<0,+K36*$M$32,0) -> 0 | N36: =+L36+K36+M36 -> 0
B37: =+B36+1 -> 2025 | J37: =(G37*I37*Assumptions!$B$28)+(G36*I36*Assumptions!$B$27)+(G35*I35*Assumptions!$B$26) -> 0 | K37: =+C37+J37-F37 -> 0 | L37: =IF(K37<0,0,+K37*$L$32) -> 0 | M37: =IF(K37<0,+K37*$M$32,0) -> 0 | N37: =+L37+K37+M37 -> 0
B38: =+B37+1 -> 2026 | C38: =Assumptions!B32 -> -2006461.6 | F38: =OFFSET($L$20,0,B38-Assumptions!$B$3) -> 6080420 | G38: ='Cost Recovery Timing'!S15 -> 18.476 | H38: =Assumptions!$B$23 -> 0.02 | I38: =+I29 -> 53518.564 | J38: =(G38*I38*Assumptions!$B$28)+'2026 Collections Summary'!B21 -> 1287388.7 | K38: =+C38+J38-F38 -> -6799493 | L38: =IF(K38<0,0,+K38*$L$32) -> 0 | M38: =IF(K38<0,+K38*$M$32,0) -> -305705.2 | N38: =+L38+K38+M38 -> -7105198.2
B39: =+B38+1 -> 2027 | C39: =+N38 -> -7105198.2 | F39: =OFFSET($L$20,0,B39-Assumptions!$B$3) -> 4418462.4 | G39: ='Cost Recovery Timing'!S16 -> 28.58 | H39: =Assumptions!$B$23 -> 0.02 | I39: =+IF(B39>$B$63,0,I38*(1+$H39)) -> 54588.936 | J39: =(G39*I39*Assumptions!$B$28)+(G38*I38*Assumptions!$B$27)+(G37*I37*Assumptions!$B$26)+'2026 Collections Summary'!B34 -> 1526272.4 | K39: =+C39+J39-F39 -> -9997388.1 | L39: =IF(K39<0,0,+K39*$L$32) -> 0 | M39: =IF(K39<0,+K39*$M$32,0) -> -449482.57 | N39: =+L39+K39+M39 -> -10446871
B40: =+B39+1 -> 2028 | C40: =+N39 -> -10446871 | F40: =OFFSET($L$20,0,B40-Assumptions!$B$3) -> 522655.4 | G40: ='Cost Recovery Timing'!S17 -> 28.58 | H40: =Assumptions!$B$23 -> 0.02 | I40: =+IF(B40>$B$63,0,I39*(1+$H40)) -> 55680.714 | J40: =(G40*I40*Assumptions!$B$28)+(G39*I39*Assumptions!$B$27)+(G38*I38*Assumptions!$B$26) -> 1340975.6 | K40: =+C40+J40-F40 -> -9628550.5 | L40: =IF(K40<0,0,+K40*$L$32) -> 0 | M40: =IF(K40<0,+K40*$M$32,0) -> -432899.63 | N40: =+L40+K40+M40 -> -10061450
B41: =+B40+1 -> 2029 | C41: =+N40 -> -10061450 | F41: =OFFSET($L$20,0,B41-Assumptions!$B$3) -> 0 | G41: ='Cost Recovery Timing'!S18 -> 28.58 | H41: =Assumptions!$B$23 -> 0.02 | I41: =+IF(B41>$B$63,0,I40*(1+$H41)) -> 56794.329 | J41: =(G41*I41*Assumptions!$B$28)+(G40*I40*Assumptions!$B$27)+(G39*I39*Assumptions!$B$26) -> 1588421.7 | K41: =+C41+J41-F41 -> -8473028.4 | L41: =IF(K41<0,0,+K41*$L$32) -> 0 | M41: =IF(K41<0,+K41*$M$32,0) -> -380947.36 | N41: =+L41+K41+M41 -> -8853975.8
B42: =+B41+1 -> 2030 | C42: =+N41 -> -8853975.8 | F42: =OFFSET($L$20,0,B42-Assumptions!$B$3) -> 0 | G42: ='Cost Recovery Timing'!S19 -> 28.58 | H42: =Assumptions!$B$23 -> 0.02 | I42: =+IF(B42>$B$63,0,I41*(1+$H42)) -> 57930.215 | J42: =(G42*I42*Assumptions!$B$28)+(G41*I41*Assumptions!$B$27)+(G40*I40*Assumptions!$B$26) -> 1620190.2 | K42: =+C42+J42-F42 -> -7233785.6 | L42: =IF(K42<0,0,+K42*$L$32) -> 0 | M42: =IF(K42<0,+K42*$M$32,0) -> -325231 | N42: =+L42+K42+M42 -> -7559016.6
B43: =+B42+1 -> 2031 | C43: =+N42 -> -7559016.6 | F43: =OFFSET($L$20,0,B43-Assumptions!$B$3) -> 9447674.4 | G43: ='Cost Recovery Timing'!S20 -> 28.58 | H43: =Assumptions!$B$23 -> 0.02 | I43: =+IF(B43>$B$63,0,I42*(1+$H43)) -> 59088.82 | J43: =(G43*I43*Assumptions!$B$28)+(G42*I42*Assumptions!$B$27)+(G41*I41*Assumptions!$B$26) -> 1652594 | K43: =+C43+J43-F43 -> -15354097 | L43: =IF(K43<0,0,+K43*$L$32) -> 0 | M43: =IF(K43<0,+K43*$M$32,0) -> -690320.2 | N43: =+L43+K43+M43 -> -16044417
B44: =+B43+1 -> 2032 | C44: =+N43 -> -16044417 | F44: =OFFSET($L$20,0,B44-Assumptions!$B$3) -> 10580611 | G44: ='Cost Recovery Timing'!S21 -> 28.58 | H44: =Assumptions!$B$23 -> 0.02 | I44: =+IF(B44>$B$63,0,I43*(1+$H44)) -> 60270.596 | J44: =(G44*I44*Assumptions!$B$28)+(G43*I43*Assumptions!$B$27)+(G42*I42*Assumptions!$B$26) -> 1685645.8 | K44: =+C44+J44-F44 -> -24939382 | L44: =IF(K44<0,0,+K44*$L$32) -> 0 | M44: =IF(K44<0,+K44*$M$32,0) -> -1121274.6 | N44: =+L44+K44+M44 -> -26060657
B45: =+B44+1 -> 2033 | C45: =+N44 -> -26060657 | F45: =OFFSET($L$20,0,B45-Assumptions!$B$3) -> 919163.15 | G45: ='Cost Recovery Timing'!S22 -> 28.58 | H45: =Assumptions!$B$23 -> 0.02 | I45: =+IF(B45>$B$63,0,I44*(1+$H45)) -> 61476.008 | J45: =(G45*I45*Assumptions!$B$28)+(G44*I44*Assumptions!$B$27)+(G43*I43*Assumptions!$B$26) -> 1719358.8 | K45: =+C45+J45-F45 -> -25260461 | L45: =IF(K45<0,0,+K45*$L$32) -> 0 | M45: =IF(K45<0,+K45*$M$32,0) -> -1135710.3 | N45: =+L45+K45+M45 -> -26396171
B46: =+B45+1 -> 2034 | C46: =+N45 -> -26396171 | F46: =OFFSET($L$20,0,B46-Assumptions!$B$3) -> 0 | G46: ='Cost Recovery Timing'!S23 -> 28.58 | H46: =Assumptions!$B$23 -> 0.02 | I46: =+IF(B46>$B$63,0,I45*(1+$H46)) -> 62705.528 | J46: =(G46*I46*Assumptions!$B$28)+(G45*I45*Assumptions!$B$27)+(G44*I44*Assumptions!$B$26) -> 1753745.9 | K46: =+C46+J46-F46 -> -24642426 | L46: =IF(K46<0,0,+K46*$L$32) -> 0 | M46: =IF(K46<0,+K46*$M$32,0) -> -1107923.5 | N46: =+L46+K46+M46 -> -25750349
B47: =+B46+1 -> 2035 | C47: =+N46 -> -25750349 | F47: =OFFSET($L$20,0,B47-Assumptions!$B$3) -> 0 | G47: ='Cost Recovery Timing'!S24 -> 28.58 | H47: =Assumptions!$B$23 -> 0.02 | I47: =+IF(B47>$B$63,0,I46*(1+$H47)) -> 63959.639 | J47: =(G47*I47*Assumptions!$B$28)+(G46*I46*Assumptions!$B$27)+(G45*I45*Assumptions!$B$26) -> 1788820.9 | K47: =+C47+J47-F47 -> -23961528 | L47: =IF(K47<0,0,+K47*$L$32) -> 0 | M47: =IF(K47<0,+K47*$M$32,0) -> -1077310.3 | N47: =+L47+K47+M47 -> -25038838
B48: =+B47+1 -> 2036 | C48: =+N47 -> -25038838 | F48: =OFFSET($L$20,0,B48-Assumptions!$B$3) -> 0 | G48: ='Cost Recovery Timing'!S25 -> 28.58 | H48: =Assumptions!$B$23 -> 0.02 | I48: =+IF(B48>$B$63,0,I47*(1+$H48)) -> 65238.831 | J48: =(G48*I48*Assumptions!$B$28)+(G47*I47*Assumptions!$B$27)+(G46*I46*Assumptions!$B$26) -> 1824597.3 | K48: =+C48+J48-F48 -> -23214241 | L48: =IF(K48<0,0,+K48*$L$32) -> 0 | M48: =IF(K48<0,+K48*$M$32,0) -> -1043712.3 | N48: =+L48+K48+M48 -> -24257953
B49: =+B48+1 -> 2037 | C49: =+N48 -> -24257953 | F49: =OFFSET($L$20,0,B49-Assumptions!$B$3) -> 0 | G49: ='Cost Recovery Timing'!S26 -> 28.58 | H49: =Assumptions!$B$23 -> 0.02 | I49: =+IF(B49>$B$63,0,I48*(1+$H49)) -> 66543.608 | J49: =(G49*I49*Assumptions!$B$28)+(G48*I48*Assumptions!$B$27)+(G47*I47*Assumptions!$B$26) -> 1861089.2 | K49: =+C49+J49-F49 -> -22396864 | L49: =IF(K49<0,0,+K49*$L$32) -> 0 | M49: =IF(K49<0,+K49*$M$32,0) -> -1006963 | N49: =+L49+K49+M49 -> -23403827
B50: =+B49+1 -> 2038 | C50: =+N49 -> -23403827 | F50: =OFFSET($L$20,0,B50-Assumptions!$B$3) -> 0 | G50: ='Cost Recovery Timing'!S27 -> 28.58 | H50: =Assumptions!$B$23 -> 0.02 | I50: =+IF(B50>$B$63,0,I49*(1+$H50)) -> 67874.48 | J50: =(G50*I50*Assumptions!$B$28)+(G49*I49*Assumptions!$B$27)+(G48*I48*Assumptions!$B$26) -> 1898311 | K50: =+C50+J50-F50 -> -21505516 | L50: =IF(K50<0,0,+K50*$L$32) -> 0 | M50: =IF(K50<0,+K50*$M$32,0) -> -966888.01 | N50: =+L50+K50+M50 -> -22472404
B51: =+B50+1 -> 2039 | C51: =+N50 -> -22472404 | F51: =OFFSET($L$20,0,B51-Assumptions!$B$3) -> 0 | G51: ='Cost Recovery Timing'!S28 -> 28.58 | H51: =Assumptions!$B$23 -> 0.02 | I51: =+IF(B51>$B$63,0,I50*(1+$H51)) -> 69231.97 | J51: =(G51*I51*Assumptions!$B$28)+(G50*I50*Assumptions!$B$27)+(G49*I49*Assumptions!$B$26) -> 1936277.2 | K51: =+C51+J51-F51 -> -20536127 | L51: =IF(K51<0,0,+K51*$L$32) -> 0 | M51: =IF(K51<0,+K51*$M$32,0) -> -923304.27 | N51: =+L51+K51+M51 -> -21459431
... B62: =+B61+1 -> 2050 | C62: =+N61 -> -5747755.9 | F62: =OFFSET($L$20,0,B62-Assumptions!$B$3) -> 0 | G62: ='Cost Recovery Timing'!S39 -> 28.58 | H62: =Assumptions!$B$23 -> 0.02 | I62: =+IF(B62>$B$63,0,I61*(1+$H62)) -> 86081.252 | J62: =(G62*I62*Assumptions!$B$28)+(G61*I61*Assumptions!$B$27)+(G60*I60*Assumptions!$B$26) -> 2407517.4 | K62: =+C62+J62-F62 -> -3340238.5 | L62: =IF(K62<0,0,+K62*$L$32) -> 0 | M62: =IF(K62<0,+K62*$M$32,0) -> -150177.12 | N62: =+L62+K62+M62 -> -3490415.6
A63: 25 Year Program | B63: =+B62+1 -> 2051 | C63: =+N62 -> -3490415.6 | F63: =OFFSET($L$20,0,B63-Assumptions!$B$3) -> 0 | G63: ='Cost Recovery Timing'!S40 -> 10.104 | H63: =Assumptions!$B$23 -> 0.02 | I63: =+IF(B63>$B$63,0,I62*(1+$H63)) -> 87802.878 | J63: =(G63*I63*Assumptions!$B$28)+(G62*I62*Assumptions!$B$27)+(G61*I61*Assumptions!$B$26) -> 1968993.9 | K63: =+C63+J63-F63 -> -1521421.7 | L63: =IF(K63<0,0,+K63*$L$32) -> 0 | M63: =IF(K63<0,+K63*$M$32,0) -> -68403.12 | N63: =+L63+K63+M63 -> -1589824.8 | O63: Levy calculated based on "Goal Seek" Function. "Goal Seek" to zero in 2053 to account for 3rd Payment from 2051 growth.
B64: =+B63+1 -> 2052 | C64: =+N63 -> -1589824.8 | F64: =OFFSET($L$20,0,B64-Assumptions!$B$3) -> 0 | G64: ='Cost Recovery Timing'!S41 -> 0 | H64: =Assumptions!$B$23 -> 0.02 | I64: =+IF(B64>$B$63,0,I63*(1+$H64)) -> 0 | J64: =(G64*I64*Assumptions!$B$28)+(G63*I63*Assumptions!$B$27)+(G62*I62*Assumptions!$B$26) -> 1250229 | K64: =+C64+J64-F64 -> -339595.88 | L64: =IF(K64<0,0,+K64*$L$32) -> 0 | M64: =IF(K64<0,+K64*$M$32,0) -> -15268.231 | N64: =+L64+K64+M64 -> -354864.11
B65: =+B64+1 -> 2053 | C65: =+N64 -> -354864.11 | F65: =OFFSET($L$20,0,B65-Assumptions!$B$3) -> 0 | G65: ='Cost Recovery Timing'!S42 -> 0 | H65: =Assumptions!$B$23 -> 0.02 | I65: =+IF(B65>$B$63,0,I64*(1+$H65)) -> 0 | J65: =(G65*I65*Assumptions!$B$28)+(G64*I64*Assumptions!$B$27)+(G63*I63*Assumptions!$B$26) -> 354864.11 | K65: =+C65+J65-F65 -> 1.8218998e-08 | L65: =IF(K65<0,0,+K65*$L$32) -> 4.87176e-10 | M65: =IF(K65<0,+K65*$M$32,0) -> 0 | N65: =+L65+K65+M65 -> 1.8706174e-08
B66: =+B65+1 -> 2054 | C66: =+N65 -> 1.8706174e-08 | F66: =OFFSET($L$20,0,B66-Assumptions!$B$3) -> 0 | G66: ='Cost Recovery Timing'!S43 -> 0 | H66: =Assumptions!$B$23 -> 0.02 | I66: =+IF(B66>$B$63,0,I65*(1+$H66)) -> 0 | J66: =(G66*I66*Assumptions!$B$28)+(G65*I65*Assumptions!$B$27)+(G64*I64*Assumptions!$B$26) -> 0 | K66: =+C66+J66-F66 -> 1.8706174e-08 | L66: =IF(K66<0,0,+K66*$L$32) -> 5.0020309e-10 | M66: =IF(K66<0,+K66*$M$32,0) -> 0 | N66: =+L66+K66+M66 -> 1.9206377e-08
B67: =+B66+1 -> 2055 | C67: =+N66 -> 1.9206377e-08 | F67: =OFFSET($L$20,0,B67-Assumptions!$B$3) -> 0 | G67: ='Cost Recovery Timing'!S44 -> 0 | H67: =Assumptions!$B$23 -> 0.02 | I67: =+IF(B67>$B$63,0,I66*(1+$H67)) -> 0 | J67: =(G67*I67*Assumptions!$B$28)+(G66*I66*Assumptions!$B$27)+(G65*I65*Assumptions!$B$26) -> 0 | K67: =+C67+J67-F67 -> 1.9206377e-08 | L67: =IF(K67<0,0,+K67*$L$32) -> 5.1357852e-10 | M67: =IF(K67<0,+K67*$M$32,0) -> 0 | N67: =+L67+K67+M67 -> 1.9719955e-08
B68: =+B67+1 -> 2056 | C68: =+N67 -> 1.9719955e-08 | F68: =OFFSET($L$20,0,B68-Assumptions!$B$3) -> 0 | G68: ='Cost Recovery Timing'!S45 -> 0 | H68: =Assumptions!$B$23 -> 0.02 | I68: =+IF(B68>$B$63,0,I67*(1+$H68)) -> 0 | J68: =(G68*I68*Assumptions!$B$28)+(G67*I67*Assumptions!$B$27)+(G66*I66*Assumptions!$B$26) -> 0 | K68: =+C68+J68-F68 -> 1.9719955e-08 | L68: =IF(K68<0,0,+K68*$L$32) -> 5.2731161e-10 | M68: =IF(K68<0,+K68*$M$32,0) -> 0 | N68: =+L68+K68+M68 -> 2.0247267e-08
B69: =+B68+1 -> 2057 | C69: =+N68 -> 2.0247267e-08 | F69: =OFFSET($L$20,0,B69-Assumptions!$B$3) -> 0 | G69: ='Cost Recovery Timing'!S46 -> 0 | H69: =Assumptions!$B$23 -> 0.02 | I69: =+IF(B69>$B$63,0,I68*(1+$H69)) -> 0 | J69: =(G69*I69*Assumptions!$B$28)+(G68*I68*Assumptions!$B$27)+(G67*I67*Assumptions!$B$26) -> 0 | K69: =+C69+J69-F69 -> 2.0247267e-08 | L69: =IF(K69<0,0,+K69*$L$32) -> 5.4141192e-10 | M69: =IF(K69<0,+K69*$M$32,0) -> 0 | N69: =+L69+K69+M69 -> 2.0788679e-08
B70: =+B69+1 -> 2058 | C70: =+N69 -> 2.0788679e-08 | F70: =OFFSET($L$20,0,B70-Assumptions!$B$3) -> 0 | G70: ='Cost Recovery Timing'!S47 -> 0 | H70: =Assumptions!$B$23 -> 0.02 | I70: =+IF(B70>$B$63,0,I69*(1+$H70)) -> 0 | J70: =(G70*I70*Assumptions!$B$28)+(G69*I69*Assumptions!$B$27)+(G68*I68*Assumptions!$B$26) -> 0 | K70: =+C70+J70-F70 -> 2.0788679e-08 | L70: =IF(K70<0,0,+K70*$L$32) -> 5.5588928e-10 | M70: =IF(K70<0,+K70*$M$32,0) -> 0 | N70: =+L70+K70+M70 -> 2.1344568e-08
B71: =+B70+1 -> 2059 | C71: =+N70 -> 2.1344568e-08 | F71: =OFFSET($L$20,0,B71-Assumptions!$B$3) -> 0 | G71: ='Cost Recovery Timing'!S48 -> 0 | H71: =Assumptions!$B$23 -> 0.02 | I71: =+IF(B71>$B$63,0,I70*(1+$H71)) -> 0 | J71: =(G71*I71*Assumptions!$B$28)+(G70*I70*Assumptions!$B$27)+(G69*I69*Assumptions!$B$26) -> 0 | K71: =+C71+J71-F71 -> 2.1344568e-08 | L71: =IF(K71<0,0,+K71*$L$32) -> 5.7075376e-10 | M71: =IF(K71<0,+K71*$M$32,0) -> 0 | N71: =+L71+K71+M71 -> 2.1915322e-08
B72: =+B71+1 -> 2060 | C72: =+N71 -> 2.1915322e-08 | F72: =OFFSET($L$20,0,B72-Assumptions!$B$3) -> 0 | G72: ='Cost Recovery Timing'!S49 -> 0 | H72: =Assumptions!$B$23 -> 0.02 | I72: =+IF(B72>$B$63,0,I71*(1+$H72)) -> 0 | J72: =(G72*I72*Assumptions!$B$28)+(G71*I71*Assumptions!$B$27)+(G70*I70*Assumptions!$B$26) -> 0 | K72: =+C72+J72-F72 -> 2.1915322e-08 | L72: =IF(K72<0,0,+K72*$L$32) -> 5.8601571e-10 | M72: =IF(K72<0,+K72*$M$32,0) -> 0 | N72: =+L72+K72+M72 -> 2.2501338e-08

Sheet San Collection - Oversize
B3: Sanitary Collection - Oversize
B4: Town of Okotoks
B5: =Assumptions!B3&" $s" -> 2026 $s
L6: 1 | M6: =(1+M7) -> 1.025 | N6: =+(1+N7)*M6 -> 1.050625 | O6: =+(1+O7)*N6 -> 1.0768906 | P6: =+(1+P7)*O6 -> 1.1038129 | Q6: =+(1+Q7)*P6 -> 1.1314082 | R6: =+(1+R7)*Q6 -> 1.1596934 | S6: =+(1+S7)*R6 -> 1.1886858 | T6: =+(1+T7)*S6 -> 1.2184029 | U6: =+(1+U7)*T6 -> 1.248863 | ... BS6: =+(1+BS7)*BR6 -> 4.2924778
L7: =Assumptions!$B$18 -> 0.025 | M7: =Assumptions!$B$18 -> 0.025 | N7: =Assumptions!$B$18 -> 0.025 | O7: =Assumptions!$B$18 -> 0.025 | P7: =Assumptions!$B$18 -> 0.025 | Q7: =Assumptions!$B$18 -> 0.025 | R7: =Assumptions!$B$18 -> 0.025 | S7: =Assumptions!$B$18 -> 0.025 | ... BS7: =Assumptions!$B$18 -> 0.025
A8: Project # | B8: Category and Project Description | C8: Timing | F8: Off-site Levy Project Costs before Cost Deductions | I8: Benefit to New Development | J8: Benefit to Exisitng Development | K8: Off-site Levy Recoverable | L8: Future Value Compounded Interest
C9: Start Year | D9: End Year | E9: Years | G9: Cost Deductions (Grants, Local Developer Contributions) | H9: Net Project Cost | L9: 0 | M9: 1 | N9: =+M9+1 -> 2 | O9: =+N9+1 -> 3 | P9: =+O9+1 -> 4 | Q9: =+P9+1 -> 5 | R9: =+Q9+1 -> 6 | S9: =+R9+1 -> 7 | T9: =+S9+1 -> 8 | U9: =+T9+1 -> 9 | ... BS9: =+BR9+1 -> 59
F10: =CONCATENATE("(",$B$5,")") -> (2026 $s) | G10: =CONCATENATE("(",$B$5,")") -> (2026 $s) | H10: =CONCATENATE("(",$B$5,")") -> (2026 $s) | K10: =CONCATENATE("(",B5,")") -> (2026 $s) | L10: =Assumptions!B3 -> 2026 | M10: =L10+1 -> 2027 | N10: =M10+1 -> 2028 | O10: =N10+1 -> 2029 | P10: =O10+1 -> 2030 | Q10: =P10+1 -> 2031 | R10: =Q10+1 -> 2032 | S10: =R10+1 -> 2033 | T10: =S10+1 -> 2034 | ... BS10: =BR10+1 -> 2085 | BT10: TOTAL
A11: a | B11: b | C11: c | D11: d | E11: e | F11: f | G11: g | H11: h | I11: i | J11: j | K11: k | N11: =IF(AND(N$10=$C11,N$10=$D11),(($K11/$E11)*N$6),IF(AND(N$10>=$C11,N$10<=$D11),(($K11/$E11)*N$6),""))
A12: ='S-Collection'!B20 -> 43C | B12: =INDEX('S-Collection'!$C$6:$C$41,MATCH(Table195781011121314236172728151617187[[#This Row],[a]],'S-Collection'!$B$6:$B$41,0)) -> 1050 mm (Crystal Green Lane to 610m into undeveloped land) | C12: =INDEX('S-Collection'!$F$6:$F$41,MATCH(Table195781011121314236172728151617187[[#This Row],[a]],'S-Collection'!$B$6:$B$41,0)) -> 2026 | D12: =INDEX('S-Collection'!$G$6:$G$41,MATCH(Table195781011121314236172728151617187[[#This Row],[a]],'S-Collection'!$B$6:$B$41,0)) -> 2027 | E12: =(D12-C12)+1 -> 2 | F12: =INDEX('S-Collection'!$P$6:$P$41,MATCH(Table195781011121314236172728151617187[[#This Row],[a]],'S-Collection'!$B$6:$B$41,0)) -> 569740 | H12: =+Table195781011121314236172728151617187[[#This Row],[f]]-Table195781011121314236172728151617187[[#This Row],[g]] -> 569740 | K12: =(Table195781011121314236172728151617187[[#This Row],[h]]) -> 569740 | L12: =IF(AND(L$10=$C12,L$10=$D12),(($K12/$E12)*L$6),IF(AND(L$10>=$C12,L$10<=$D12),(($K12/$E12)*L$6),"")) -> 284870 | M12: =IF(AND(M$10=$C12,M$10=$D12),(($K12/$E12)*M$6),IF(AND(M$10>=$C12,M$10<=$D12),(($K12/$E12)*M$6),"")) -> 291991.75 | N12: =IF(AND(N$10=$C12,N$10=$D12),(($K12/$E12)*N$6),IF(AND(N$10>=$C12,N$10<=$D12),(($K12/$E12)*N$6),"")) | O12: =IF(AND(O$10=$C12,O$10=$D12),(($K12/$E12)*O$6),IF(AND(O$10>=$C12,O$10<=$D12),(($K12/$E12)*O$6),"")) | P12: =IF(AND(P$10=$C12,P$10=$D12),(($K12/$E12)*P$6),IF(AND(P$10>=$C12,P$10<=$D12),(($K12/$E12)*P$6),"")) | Q12: =IF(AND(Q$10=$C12,Q$10=$D12),(($K12/$E12)*Q$6),IF(AND(Q$10>=$C12,Q$10<=$D12),(($K12/$E12)*Q$6),"")) | R12: =IF(AND(R$10=$C12,R$10=$D12),(($K12/$E12)*R$6),IF(AND(R$10>=$C12,R$10<=$D12),(($K12/$E12)*R$6),"")) | S12: =IF(AND(S$10=$C12,S$10=$D12),(($K12/$E12)*S$6),IF(AND(S$10>=$C12,S$10<=$D12),(($K12/$E12)*S$6),"")) | ... BS12: =IF(AND(BS$10=$C12,BS$10=$D12),(($K12/$E12)*BS$6),IF(AND(BS$10>=$C12,BS$10<=$D12),(($K12/$E12)*BS$6),"")) | BT12: =SUM(L12:BS12) -> 576861.75
A13: ='S-Collection'!B21 -> 47 | B13: =INDEX('S-Collection'!$C$6:$C$41,MATCH(Table195781011121314236172728151617187[[#This Row],[a]],'S-Collection'!$B$6:$B$41,0)) -> 375 mm Forcemain | C13: =INDEX('S-Collection'!$F$6:$F$41,MATCH(Table195781011121314236172728151617187[[#This Row],[a]],'S-Collection'!$B$6:$B$41,0)) -> 2031 | D13: =INDEX('S-Collection'!$G$6:$G$41,MATCH(Table195781011121314236172728151617187[[#This Row],[a]],'S-Collection'!$B$6:$B$41,0)) -> 2032 | E13: =(D13-C13)+1 -> 2 | F13: =INDEX('S-Collection'!$P$6:$P$41,MATCH(Table195781011121314236172728151617187[[#This Row],[a]],'S-Collection'!$B$6:$B$41,0)) -> 1879935.4 | H13: =+Table195781011121314236172728151617187[[#This Row],[f]]-Table195781011121314236172728151617187[[#This Row],[g]] -> 1879935.4 | K13: =(Table195781011121314236172728151617187[[#This Row],[h]]) -> 1879935.4 | L13: =IF(AND(L$10=$C13,L$10=$D13),(($K13/$E13)*L$6),IF(AND(L$10>=$C13,L$10<=$D13),(($K13/$E13)*L$6),"")) | M13: =IF(AND(M$10=$C13,M$10=$D13),(($K13/$E13)*M$6),IF(AND(M$10>=$C13,M$10<=$D13),(($K13/$E13)*M$6),"")) | N13: =IF(AND(N$10=$C13,N$10=$D13),(($K13/$E13)*N$6),IF(AND(N$10>=$C13,N$10<=$D13),(($K13/$E13)*N$6),"")) | O13: =IF(AND(O$10=$C13,O$10=$D13),(($K13/$E13)*O$6),IF(AND(O$10>=$C13,O$10<=$D13),(($K13/$E13)*O$6),"")) | P13: =IF(AND(P$10=$C13,P$10=$D13),(($K13/$E13)*P$6),IF(AND(P$10>=$C13,P$10<=$D13),(($K13/$E13)*P$6),"")) | Q13: =IF(AND(Q$10=$C13,Q$10=$D13),(($K13/$E13)*Q$6),IF(AND(Q$10>=$C13,Q$10<=$D13),(($K13/$E13)*Q$6),"")) -> 1063487.2 | R13: =IF(AND(R$10=$C13,R$10=$D13),(($K13/$E13)*R$6),IF(AND(R$10>=$C13,R$10<=$D13),(($K13/$E13)*R$6),"")) -> 1090074.3 | S13: =IF(AND(S$10=$C13,S$10=$D13),(($K13/$E13)*S$6),IF(AND(S$10>=$C13,S$10<=$D13),(($K13/$E13)*S$6),"")) | ... BS13: =IF(AND(BS$10=$C13,BS$10=$D13),(($K13/$E13)*BS$6),IF(AND(BS$10>=$C13,BS$10<=$D13),(($K13/$E13)*BS$6),"")) | BT13: =SUM(L13:BS13) -> 2153561.5
A14: ='S-Collection'!B22 -> 48 | B14: =INDEX('S-Collection'!$C$6:$C$41,MATCH(Table195781011121314236172728151617187[[#This Row],[a]],'S-Collection'!$B$6:$B$41,0)) -> 900 mm Gravity Sewer | C14: =INDEX('S-Collection'!$F$6:$F$41,MATCH(Table195781011121314236172728151617187[[#This Row],[a]],'S-Collection'!$B$6:$B$41,0)) -> 2027 | D14: =INDEX('S-Collection'!$G$6:$G$41,MATCH(Table195781011121314236172728151617187[[#This Row],[a]],'S-Collection'!$B$6:$B$41,0)) -> 2028 | E14: =(D14-C14)+1 -> 2 | F14: =INDEX('S-Collection'!$P$6:$P$41,MATCH(Table195781011121314236172728151617187[[#This Row],[a]],'S-Collection'!$B$6:$B$41,0)) -> 194578 | H14: =+Table195781011121314236172728151617187[[#This Row],[f]]-Table195781011121314236172728151617187[[#This Row],[g]] -> 194578 | K14: =(Table195781011121314236172728151617187[[#This Row],[h]]) -> 194578 | L14: =IF(AND(L$10=$C14,L$10=$D14),(($K14/$E14)*L$6),IF(AND(L$10>=$C14,L$10<=$D14),(($K14/$E14)*L$6),"")) | M14: =IF(AND(M$10=$C14,M$10=$D14),(($K14/$E14)*M$6),IF(AND(M$10>=$C14,M$10<=$D14),(($K14/$E14)*M$6),"")) -> 99721.225 | N14: =IF(AND(N$10=$C14,N$10=$D14),(($K14/$E14)*N$6),IF(AND(N$10>=$C14,N$10<=$D14),(($K14/$E14)*N$6),"")) -> 102214.26 | O14: =IF(AND(O$10=$C14,O$10=$D14),(($K14/$E14)*O$6),IF(AND(O$10>=$C14,O$10<=$D14),(($K14/$E14)*O$6),"")) | P14: =IF(AND(P$10=$C14,P$10=$D14),(($K14/$E14)*P$6),IF(AND(P$10>=$C14,P$10<=$D14),(($K14/$E14)*P$6),"")) | Q14: =IF(AND(Q$10=$C14,Q$10=$D14),(($K14/$E14)*Q$6),IF(AND(Q$10>=$C14,Q$10<=$D14),(($K14/$E14)*Q$6),"")) | R14: =IF(AND(R$10=$C14,R$10=$D14),(($K14/$E14)*R$6),IF(AND(R$10>=$C14,R$10<=$D14),(($K14/$E14)*R$6),"")) | S14: =IF(AND(S$10=$C14,S$10=$D14),(($K14/$E14)*S$6),IF(AND(S$10>=$C14,S$10<=$D14),(($K14/$E14)*S$6),"")) | ... BS14: =IF(AND(BS$10=$C14,BS$10=$D14),(($K14/$E14)*BS$6),IF(AND(BS$10>=$C14,BS$10<=$D14),(($K14/$E14)*BS$6),"")) | BT14: =SUM(L14:BS14) -> 201935.48
A15: ='S-Collection'!B23 -> 50A | B15: =INDEX('S-Collection'!$C$6:$C$41,MATCH(Table195781011121314236172728151617187[[#This Row],[a]],'S-Collection'!$B$6:$B$41,0)) -> 675 mm Gravity Sewer | C15: =INDEX('S-Collection'!$F$6:$F$41,MATCH(Table195781011121314236172728151617187[[#This Row],[a]],'S-Collection'!$B$6:$B$41,0)) -> 2028 | D15: =INDEX('S-Collection'!$G$6:$G$41,MATCH(Table195781011121314236172728151617187[[#This Row],[a]],'S-Collection'!$B$6:$B$41,0)) -> 2029 | E15: =(D15-C15)+1 -> 2 | F15: =INDEX('S-Collection'!$P$6:$P$41,MATCH(Table195781011121314236172728151617187[[#This Row],[a]],'S-Collection'!$B$6:$B$41,0)) -> 84579 | H15: =+Table195781011121314236172728151617187[[#This Row],[f]]-Table195781011121314236172728151617187[[#This Row],[g]] -> 84579 | K15: =(Table195781011121314236172728151617187[[#This Row],[h]]) -> 84579 | L15: =IF(AND(L$10=$C15,L$10=$D15),(($K15/$E15)*L$6),IF(AND(L$10>=$C15,L$10<=$D15),(($K15/$E15)*L$6),"")) | M15: =IF(AND(M$10=$C15,M$10=$D15),(($K15/$E15)*M$6),IF(AND(M$10>=$C15,M$10<=$D15),(($K15/$E15)*M$6),"")) | N15: =IF(AND(N$10=$C15,N$10=$D15),(($K15/$E15)*N$6),IF(AND(N$10>=$C15,N$10<=$D15),(($K15/$E15)*N$6),"")) -> 44430.406 | O15: =IF(AND(O$10=$C15,O$10=$D15),(($K15/$E15)*O$6),IF(AND(O$10>=$C15,O$10<=$D15),(($K15/$E15)*O$6),"")) -> 45541.166 | P15: =IF(AND(P$10=$C15,P$10=$D15),(($K15/$E15)*P$6),IF(AND(P$10>=$C15,P$10<=$D15),(($K15/$E15)*P$6),"")) | Q15: =IF(AND(Q$10=$C15,Q$10=$D15),(($K15/$E15)*Q$6),IF(AND(Q$10>=$C15,Q$10<=$D15),(($K15/$E15)*Q$6),"")) | R15: =IF(AND(R$10=$C15,R$10=$D15),(($K15/$E15)*R$6),IF(AND(R$10>=$C15,R$10<=$D15),(($K15/$E15)*R$6),"")) | S15: =IF(AND(S$10=$C15,S$10=$D15),(($K15/$E15)*S$6),IF(AND(S$10>=$C15,S$10<=$D15),(($K15/$E15)*S$6),"")) | ... BS15: =IF(AND(BS$10=$C15,BS$10=$D15),(($K15/$E15)*BS$6),IF(AND(BS$10>=$C15,BS$10<=$D15),(($K15/$E15)*BS$6),"")) | BT15: =SUM(L15:BS15) -> 89971.572
A16: ='S-Collection'!B24 -> 50B | B16: =INDEX('S-Collection'!$C$6:$C$41,MATCH(Table195781011121314236172728151617187[[#This Row],[a]],'S-Collection'!$B$6:$B$41,0)) -> 675 mm Gravity Sewer | C16: =INDEX('S-Collection'!$F$6:$F$41,MATCH(Table195781011121314236172728151617187[[#This Row],[a]],'S-Collection'!$B$6:$B$41,0)) -> 2029 | D16: =INDEX('S-Collection'!$G$6:$G$41,MATCH(Table195781011121314236172728151617187[[#This Row],[a]],'S-Collection'!$B$6:$B$41,0)) -> 2030 | E16: =(D16-C16)+1 -> 2 | F16: =INDEX('S-Collection'!$P$6:$P$41,MATCH(Table195781011121314236172728151617187[[#This Row],[a]],'S-Collection'!$B$6:$B$41,0)) -> 139392 | H16: =+Table195781011121314236172728151617187[[#This Row],[f]]-Table195781011121314236172728151617187[[#This Row],[g]] -> 139392 | K16: =(Table195781011121314236172728151617187[[#This Row],[h]]) -> 139392 | L16: =IF(AND(L$10=$C16,L$10=$D16),(($K16/$E16)*L$6),IF(AND(L$10>=$C16,L$10<=$D16),(($K16/$E16)*L$6),"")) | M16: =IF(AND(M$10=$C16,M$10=$D16),(($K16/$E16)*M$6),IF(AND(M$10>=$C16,M$10<=$D16),(($K16/$E16)*M$6),"")) | N16: =IF(AND(N$10=$C16,N$10=$D16),(($K16/$E16)*N$6),IF(AND(N$10>=$C16,N$10<=$D16),(($K16/$E16)*N$6),"")) | O16: =IF(AND(O$10=$C16,O$10=$D16),(($K16/$E16)*O$6),IF(AND(O$10>=$C16,O$10<=$D16),(($K16/$E16)*O$6),"")) -> 75054.969 | P16: =IF(AND(P$10=$C16,P$10=$D16),(($K16/$E16)*P$6),IF(AND(P$10>=$C16,P$10<=$D16),(($K16/$E16)*P$6),"")) -> 76931.343 | Q16: =IF(AND(Q$10=$C16,Q$10=$D16),(($K16/$E16)*Q$6),IF(AND(Q$10>=$C16,Q$10<=$D16),(($K16/$E16)*Q$6),"")) | R16: =IF(AND(R$10=$C16,R$10=$D16),(($K16/$E16)*R$6),IF(AND(R$10>=$C16,R$10<=$D16),(($K16/$E16)*R$6),"")) | S16: =IF(AND(S$10=$C16,S$10=$D16),(($K16/$E16)*S$6),IF(AND(S$10>=$C16,S$10<=$D16),(($K16/$E16)*S$6),"")) | ... BS16: =IF(AND(BS$10=$C16,BS$10=$D16),(($K16/$E16)*BS$6),IF(AND(BS$10>=$C16,BS$10<=$D16),(($K16/$E16)*BS$6),"")) | BT16: =SUM(L16:BS16) -> 151986.31
A17: ='S-Collection'!B25 -> 51 | B17: =INDEX('S-Collection'!$C$6:$C$41,MATCH(Table195781011121314236172728151617187[[#This Row],[a]],'S-Collection'!$B$6:$B$41,0)) -> 450 mm Gravity Sewer | C17: =INDEX('S-Collection'!$F$6:$F$41,MATCH(Table195781011121314236172728151617187[[#This Row],[a]],'S-Collection'!$B$6:$B$41,0)) -> 2040 | D17: =INDEX('S-Collection'!$G$6:$G$41,MATCH(Table195781011121314236172728151617187[[#This Row],[a]],'S-Collection'!$B$6:$B$41,0)) -> 2041 | E17: =(D17-C17)+1 -> 2 | F17: =INDEX('S-Collection'!$P$6:$P$41,MATCH(Table195781011121314236172728151617187[[#This Row],[a]],'S-Collection'!$B$6:$B$41,0)) -> 34440 | H17: =+Table195781011121314236172728151617187[[#This Row],[f]]-Table195781011121314236172728151617187[[#This Row],[g]] -> 34440 | K17: =(Table195781011121314236172728151617187[[#This Row],[h]]) -> 34440 | L17: =IF(AND(L$10=$C17,L$10=$D17),(($K17/$E17)*L$6),IF(AND(L$10>=$C17,L$10<=$D17),(($K17/$E17)*L$6),"")) | M17: =IF(AND(M$10=$C17,M$10=$D17),(($K17/$E17)*M$6),IF(AND(M$10>=$C17,M$10<=$D17),(($K17/$E17)*M$6),"")) | N17: =IF(AND(N$10=$C17,N$10=$D17),(($K17/$E17)*N$6),IF(AND(N$10>=$C17,N$10<=$D17),(($K17/$E17)*N$6),"")) | O17: =IF(AND(O$10=$C17,O$10=$D17),(($K17/$E17)*O$6),IF(AND(O$10>=$C17,O$10<=$D17),(($K17/$E17)*O$6),"")) | P17: =IF(AND(P$10=$C17,P$10=$D17),(($K17/$E17)*P$6),IF(AND(P$10>=$C17,P$10<=$D17),(($K17/$E17)*P$6),"")) | Q17: =IF(AND(Q$10=$C17,Q$10=$D17),(($K17/$E17)*Q$6),IF(AND(Q$10>=$C17,Q$10<=$D17),(($K17/$E17)*Q$6),"")) | R17: =IF(AND(R$10=$C17,R$10=$D17),(($K17/$E17)*R$6),IF(AND(R$10>=$C17,R$10<=$D17),(($K17/$E17)*R$6),"")) | S17: =IF(AND(S$10=$C17,S$10=$D17),(($K17/$E17)*S$6),IF(AND(S$10>=$C17,S$10<=$D17),(($K17/$E17)*S$6),"")) | ... BS17: =IF(AND(BS$10=$C17,BS$10=$D17),(($K17/$E17)*BS$6),IF(AND(BS$10>=$C17,BS$10<=$D17),(($K17/$E17)*BS$6),"")) | BT17: =SUM(L17:BS17) -> 49271.104
A18: ='S-Collection'!B26 -> 53A | B18: =INDEX('S-Collection'!$C$6:$C$41,MATCH(Table195781011121314236172728151617187[[#This Row],[a]],'S-Collection'!$B$6:$B$41,0)) -> 525 mm Gravity Sewer | C18: =INDEX('S-Collection'!$F$6:$F$41,MATCH(Table195781011121314236172728151617187[[#This Row],[a]],'S-Collection'!$B$6:$B$41,0)) -> 2030 | D18: =INDEX('S-Collection'!$G$6:$G$41,MATCH(Table195781011121314236172728151617187[[#This Row],[a]],'S-Collection'!$B$6:$B$41,0)) -> 2031 | E18: =(D18-C18)+1 -> 2 | F18: =INDEX('S-Collection'!$P$6:$P$41,MATCH(Table195781011121314236172728151617187[[#This Row],[a]],'S-Collection'!$B$6:$B$41,0)) -> 81576 | H18: =+Table195781011121314236172728151617187[[#This Row],[f]]-Table195781011121314236172728151617187[[#This Row],[g]] -> 81576 | K18: =(Table195781011121314236172728151617187[[#This Row],[h]]) -> 81576 | L18: =IF(AND(L$10=$C18,L$10=$D18),(($K18/$E18)*L$6),IF(AND(L$10>=$C18,L$10<=$D18),(($K18/$E18)*L$6),"")) | M18: =IF(AND(M$10=$C18,M$10=$D18),(($K18/$E18)*M$6),IF(AND(M$10>=$C18,M$10<=$D18),(($K18/$E18)*M$6),"")) | N18: =IF(AND(N$10=$C18,N$10=$D18),(($K18/$E18)*N$6),IF(AND(N$10>=$C18,N$10<=$D18),(($K18/$E18)*N$6),"")) | O18: =IF(AND(O$10=$C18,O$10=$D18),(($K18/$E18)*O$6),IF(AND(O$10>=$C18,O$10<=$D18),(($K18/$E18)*O$6),"")) | P18: =IF(AND(P$10=$C18,P$10=$D18),(($K18/$E18)*P$6),IF(AND(P$10>=$C18,P$10<=$D18),(($K18/$E18)*P$6),"")) -> 45022.32 | Q18: =IF(AND(Q$10=$C18,Q$10=$D18),(($K18/$E18)*Q$6),IF(AND(Q$10>=$C18,Q$10<=$D18),(($K18/$E18)*Q$6),"")) -> 46147.878 | R18: =IF(AND(R$10=$C18,R$10=$D18),(($K18/$E18)*R$6),IF(AND(R$10>=$C18,R$10<=$D18),(($K18/$E18)*R$6),"")) | S18: =IF(AND(S$10=$C18,S$10=$D18),(($K18/$E18)*S$6),IF(AND(S$10>=$C18,S$10<=$D18),(($K18/$E18)*S$6),"")) | ... BS18: =IF(AND(BS$10=$C18,BS$10=$D18),(($K18/$E18)*BS$6),IF(AND(BS$10>=$C18,BS$10<=$D18),(($K18/$E18)*BS$6),"")) | BT18: =SUM(L18:BS18) -> 91170.198
A19: ='S-Collection'!B27 -> 53B | B19: =INDEX('S-Collection'!$C$6:$C$41,MATCH(Table195781011121314236172728151617187[[#This Row],[a]],'S-Collection'!$B$6:$B$41,0)) -> 525 mm Gravity Sewer | C19: =INDEX('S-Collection'!$F$6:$F$41,MATCH(Table195781011121314236172728151617187[[#This Row],[a]],'S-Collection'!$B$6:$B$41,0)) -> 2029 | D19: =INDEX('S-Collection'!$G$6:$G$41,MATCH(Table195781011121314236172728151617187[[#This Row],[a]],'S-Collection'!$B$6:$B$41,0)) -> 2030 | E19: =(D19-C19)+1 -> 2 | F19: =INDEX('S-Collection'!$P$6:$P$41,MATCH(Table195781011121314236172728151617187[[#This Row],[a]],'S-Collection'!$B$6:$B$41,0)) -> 121128 | H19: =+Table195781011121314236172728151617187[[#This Row],[f]]-Table195781011121314236172728151617187[[#This Row],[g]] -> 121128 | K19: =(Table195781011121314236172728151617187[[#This Row],[h]]) -> 121128 | L19: =IF(AND(L$10=$C19,L$10=$D19),(($K19/$E19)*L$6),IF(AND(L$10>=$C19,L$10<=$D19),(($K19/$E19)*L$6),"")) | M19: =IF(AND(M$10=$C19,M$10=$D19),(($K19/$E19)*M$6),IF(AND(M$10>=$C19,M$10<=$D19),(($K19/$E19)*M$6),"")) | N19: =IF(AND(N$10=$C19,N$10=$D19),(($K19/$E19)*N$6),IF(AND(N$10>=$C19,N$10<=$D19),(($K19/$E19)*N$6),"")) | O19: =IF(AND(O$10=$C19,O$10=$D19),(($K19/$E19)*O$6),IF(AND(O$10>=$C19,O$10<=$D19),(($K19/$E19)*O$6),"")) -> 65220.804 | P19: =IF(AND(P$10=$C19,P$10=$D19),(($K19/$E19)*P$6),IF(AND(P$10>=$C19,P$10<=$D19),(($K19/$E19)*P$6),"")) -> 66851.324 | Q19: =IF(AND(Q$10=$C19,Q$10=$D19),(($K19/$E19)*Q$6),IF(AND(Q$10>=$C19,Q$10<=$D19),(($K19/$E19)*Q$6),"")) | R19: =IF(AND(R$10=$C19,R$10=$D19),(($K19/$E19)*R$6),IF(AND(R$10>=$C19,R$10<=$D19),(($K19/$E19)*R$6),"")) | S19: =IF(AND(S$10=$C19,S$10=$D19),(($K19/$E19)*S$6),IF(AND(S$10>=$C19,S$10<=$D19),(($K19/$E19)*S$6),"")) | ... BS19: =IF(AND(BS$10=$C19,BS$10=$D19),(($K19/$E19)*BS$6),IF(AND(BS$10>=$C19,BS$10<=$D19),(($K19/$E19)*BS$6),"")) | BT19: =SUM(L19:BS19) -> 132072.13
A20: ='S-Collection'!B28 -> 55 | B20: =INDEX('S-Collection'!$C$6:$C$41,MATCH(Table195781011121314236172728151617187[[#This Row],[a]],'S-Collection'!$B$6:$B$41,0)) -> 450 mm Gravity Sewer | C20: =INDEX('S-Collection'!$F$6:$F$41,MATCH(Table195781011121314236172728151617187[[#This Row],[a]],'S-Collection'!$B$6:$B$41,0)) -> 2030 | D20: =INDEX('S-Collection'!$G$6:$G$41,MATCH(Table195781011121314236172728151617187[[#This Row],[a]],'S-Collection'!$B$6:$B$41,0)) -> 2031 | E20: =(D20-C20)+1 -> 2 | F20: =INDEX('S-Collection'!$P$6:$P$41,MATCH(Table195781011121314236172728151617187[[#This Row],[a]],'S-Collection'!$B$6:$B$41,0)) -> 96000 | H20: =+Table195781011121314236172728151617187[[#This Row],[f]]-Table195781011121314236172728151617187[[#This Row],[g]] -> 96000 | K20: =(Table195781011121314236172728151617187[[#This Row],[h]]) -> 96000 | L20: =IF(AND(L$10=$C20,L$10=$D20),(($K20/$E20)*L$6),IF(AND(L$10>=$C20,L$10<=$D20),(($K20/$E20)*L$6),"")) | M20: =IF(AND(M$10=$C20,M$10=$D20),(($K20/$E20)*M$6),IF(AND(M$10>=$C20,M$10<=$D20),(($K20/$E20)*M$6),"")) | N20: =IF(AND(N$10=$C20,N$10=$D20),(($K20/$E20)*N$6),IF(AND(N$10>=$C20,N$10<=$D20),(($K20/$E20)*N$6),"")) | O20: =IF(AND(O$10=$C20,O$10=$D20),(($K20/$E20)*O$6),IF(AND(O$10>=$C20,O$10<=$D20),(($K20/$E20)*O$6),"")) | P20: =IF(AND(P$10=$C20,P$10=$D20),(($K20/$E20)*P$6),IF(AND(P$10>=$C20,P$10<=$D20),(($K20/$E20)*P$6),"")) -> 52983.019 | Q20: =IF(AND(Q$10=$C20,Q$10=$D20),(($K20/$E20)*Q$6),IF(AND(Q$10>=$C20,Q$10<=$D20),(($K20/$E20)*Q$6),"")) -> 54307.594 | R20: =IF(AND(R$10=$C20,R$10=$D20),(($K20/$E20)*R$6),IF(AND(R$10>=$C20,R$10<=$D20),(($K20/$E20)*R$6),"")) | S20: =IF(AND(S$10=$C20,S$10=$D20),(($K20/$E20)*S$6),IF(AND(S$10>=$C20,S$10<=$D20),(($K20/$E20)*S$6),"")) | ... BS20: =IF(AND(BS$10=$C20,BS$10=$D20),(($K20/$E20)*BS$6),IF(AND(BS$10>=$C20,BS$10<=$D20),(($K20/$E20)*BS$6),"")) | BT20: =SUM(L20:BS20) -> 107290.61
A21: ='S-Collection'!B29 -> 59 | B21: =INDEX('S-Collection'!$C$6:$C$41,MATCH(Table195781011121314236172728151617187[[#This Row],[a]],'S-Collection'!$B$6:$B$41,0)) -> 600 mm Gravity Sewer | C21: =INDEX('S-Collection'!$F$6:$F$41,MATCH(Table195781011121314236172728151617187[[#This Row],[a]],'S-Collection'!$B$6:$B$41,0)) -> 2030 | D21: =INDEX('S-Collection'!$G$6:$G$41,MATCH(Table195781011121314236172728151617187[[#This Row],[a]],'S-Collection'!$B$6:$B$41,0)) -> 2031 | E21: =(D21-C21)+1 -> 2 | F21: =INDEX('S-Collection'!$P$6:$P$41,MATCH(Table195781011121314236172728151617187[[#This Row],[a]],'S-Collection'!$B$6:$B$41,0)) -> 55944 | H21: =+Table195781011121314236172728151617187[[#This Row],[f]]-Table195781011121314236172728151617187[[#This Row],[g]] -> 55944 | K21: =(Table195781011121314236172728151617187[[#This Row],[h]]) -> 55944 | L21: =IF(AND(L$10=$C21,L$10=$D21),(($K21/$E21)*L$6),IF(AND(L$10>=$C21,L$10<=$D21),(($K21/$E21)*L$6),"")) | M21: =IF(AND(M$10=$C21,M$10=$D21),(($K21/$E21)*M$6),IF(AND(M$10>=$C21,M$10<=$D21),(($K21/$E21)*M$6),"")) | N21: =IF(AND(N$10=$C21,N$10=$D21),(($K21/$E21)*N$6),IF(AND(N$10>=$C21,N$10<=$D21),(($K21/$E21)*N$6),"")) | O21: =IF(AND(O$10=$C21,O$10=$D21),(($K21/$E21)*O$6),IF(AND(O$10>=$C21,O$10<=$D21),(($K21/$E21)*O$6),"")) | P21: =IF(AND(P$10=$C21,P$10=$D21),(($K21/$E21)*P$6),IF(AND(P$10>=$C21,P$10<=$D21),(($K21/$E21)*P$6),"")) -> 30875.854 | Q21: =IF(AND(Q$10=$C21,Q$10=$D21),(($K21/$E21)*Q$6),IF(AND(Q$10>=$C21,Q$10<=$D21),(($K21/$E21)*Q$6),"")) -> 31647.751 | R21: =IF(AND(R$10=$C21,R$10=$D21),(($K21/$E21)*R$6),IF(AND(R$10>=$C21,R$10<=$D21),(($K21/$E21)*R$6),"")) | S21: =IF(AND(S$10=$C21,S$10=$D21),(($K21/$E21)*S$6),IF(AND(S$10>=$C21,S$10<=$D21),(($K21/$E21)*S$6),"")) | ... BS21: =IF(AND(BS$10=$C21,BS$10=$D21),(($K21/$E21)*BS$6),IF(AND(BS$10>=$C21,BS$10<=$D21),(($K21/$E21)*BS$6),"")) | BT21: =SUM(L21:BS21) -> 62523.605
A22: ='S-Collection'!B30 -> 65 | B22: =INDEX('S-Collection'!$C$6:$C$41,MATCH(Table195781011121314236172728151617187[[#This Row],[a]],'S-Collection'!$B$6:$B$41,0)) -> 675 mm Gravity Sewer | C22: =INDEX('S-Collection'!$F$6:$F$41,MATCH(Table195781011121314236172728151617187[[#This Row],[a]],'S-Collection'!$B$6:$B$41,0)) -> 2029 | D22: =INDEX('S-Collection'!$G$6:$G$41,MATCH(Table195781011121314236172728151617187[[#This Row],[a]],'S-Collection'!$B$6:$B$41,0)) -> 2030 | E22: =(D22-C22)+1 -> 2 | F22: =INDEX('S-Collection'!$P$6:$P$41,MATCH(Table195781011121314236172728151617187[[#This Row],[a]],'S-Collection'!$B$6:$B$41,0)) -> 219252 | H22: =+Table195781011121314236172728151617187[[#This Row],[f]]-Table195781011121314236172728151617187[[#This Row],[g]] -> 219252 | K22: =(Table195781011121314236172728151617187[[#This Row],[h]]) -> 219252 | L22: =IF(AND(L$10=$C22,L$10=$D22),(($K22/$E22)*L$6),IF(AND(L$10>=$C22,L$10<=$D22),(($K22/$E22)*L$6),"")) | M22: =IF(AND(M$10=$C22,M$10=$D22),(($K22/$E22)*M$6),IF(AND(M$10>=$C22,M$10<=$D22),(($K22/$E22)*M$6),"")) | N22: =IF(AND(N$10=$C22,N$10=$D22),(($K22/$E22)*N$6),IF(AND(N$10>=$C22,N$10<=$D22),(($K22/$E22)*N$6),"")) | O22: =IF(AND(O$10=$C22,O$10=$D22),(($K22/$E22)*O$6),IF(AND(O$10>=$C22,O$10<=$D22),(($K22/$E22)*O$6),"")) -> 118055.21 | P22: =IF(AND(P$10=$C22,P$10=$D22),(($K22/$E22)*P$6),IF(AND(P$10>=$C22,P$10<=$D22),(($K22/$E22)*P$6),"")) -> 121006.59 | Q22: =IF(AND(Q$10=$C22,Q$10=$D22),(($K22/$E22)*Q$6),IF(AND(Q$10>=$C22,Q$10<=$D22),(($K22/$E22)*Q$6),"")) | R22: =IF(AND(R$10=$C22,R$10=$D22),(($K22/$E22)*R$6),IF(AND(R$10>=$C22,R$10<=$D22),(($K22/$E22)*R$6),"")) | S22: =IF(AND(S$10=$C22,S$10=$D22),(($K22/$E22)*S$6),IF(AND(S$10>=$C22,S$10<=$D22),(($K22/$E22)*S$6),"")) | ... BS22: =IF(AND(BS$10=$C22,BS$10=$D22),(($K22/$E22)*BS$6),IF(AND(BS$10>=$C22,BS$10<=$D22),(($K22/$E22)*BS$6),"")) | BT22: =SUM(L22:BS22) -> 239061.8
A23: ='S-Collection'!B31 -> 68 | B23: =INDEX('S-Collection'!$C$6:$C$41,MATCH(Table195781011121314236172728151617187[[#This Row],[a]],'S-Collection'!$B$6:$B$41,0)) -> 250 mm Siphon | C23: =INDEX('S-Collection'!$F$6:$F$41,MATCH(Table195781011121314236172728151617187[[#This Row],[a]],'S-Collection'!$B$6:$B$41,0)) -> 2034 | D23: =INDEX('S-Collection'!$G$6:$G$41,MATCH(Table195781011121314236172728151617187[[#This Row],[a]],'S-Collection'!$B$6:$B$41,0)) -> 2035 | E23: =(D23-C23)+1 -> 2 | F23: =INDEX('S-Collection'!$P$6:$P$41,MATCH(Table195781011121314236172728151617187[[#This Row],[a]],'S-Collection'!$B$6:$B$41,0)) -> 4931206.6 | H23: =+Table195781011121314236172728151617187[[#This Row],[f]]-Table195781011121314236172728151617187[[#This Row],[g]] -> 4931206.6 | K23: =(Table195781011121314236172728151617187[[#This Row],[h]]) -> 4931206.6 | L23: =IF(AND(L$10=$C23,L$10=$D23),(($K23/$E23)*L$6),IF(AND(L$10>=$C23,L$10<=$D23),(($K23/$E23)*L$6),"")) | M23: =IF(AND(M$10=$C23,M$10=$D23),(($K23/$E23)*M$6),IF(AND(M$10>=$C23,M$10<=$D23),(($K23/$E23)*M$6),"")) | N23: =IF(AND(N$10=$C23,N$10=$D23),(($K23/$E23)*N$6),IF(AND(N$10>=$C23,N$10<=$D23),(($K23/$E23)*N$6),"")) | O23: =IF(AND(O$10=$C23,O$10=$D23),(($K23/$E23)*O$6),IF(AND(O$10>=$C23,O$10<=$D23),(($K23/$E23)*O$6),"")) | P23: =IF(AND(P$10=$C23,P$10=$D23),(($K23/$E23)*P$6),IF(AND(P$10>=$C23,P$10<=$D23),(($K23/$E23)*P$6),"")) | Q23: =IF(AND(Q$10=$C23,Q$10=$D23),(($K23/$E23)*Q$6),IF(AND(Q$10>=$C23,Q$10<=$D23),(($K23/$E23)*Q$6),"")) | R23: =IF(AND(R$10=$C23,R$10=$D23),(($K23/$E23)*R$6),IF(AND(R$10>=$C23,R$10<=$D23),(($K23/$E23)*R$6),"")) | S23: =IF(AND(S$10=$C23,S$10=$D23),(($K23/$E23)*S$6),IF(AND(S$10>=$C23,S$10<=$D23),(($K23/$E23)*S$6),"")) | ... BS23: =IF(AND(BS$10=$C23,BS$10=$D23),(($K23/$E23)*BS$6),IF(AND(BS$10>=$C23,BS$10<=$D23),(($K23/$E23)*BS$6),"")) | BT23: =SUM(L23:BS23) -> 6083298.9
A24: 69 | B24: =INDEX('S-Collection'!$C$6:$C$41,MATCH(Table195781011121314236172728151617187[[#This Row],[a]],'S-Collection'!$B$6:$B$41,0)) -> 525 mm Gravity Sewer | C24: =INDEX('S-Collection'!$F$6:$F$41,MATCH(Table195781011121314236172728151617187[[#This Row],[a]],'S-Collection'!$B$6:$B$41,0)) -> 2033 | D24: =INDEX('S-Collection'!$G$6:$G$41,MATCH(Table195781011121314236172728151617187[[#This Row],[a]],'S-Collection'!$B$6:$B$41,0)) -> 2034 | E24: =(D24-C24)+1 -> 2 | F24: =INDEX('S-Collection'!$P$6:$P$41,MATCH(Table195781011121314236172728151617187[[#This Row],[a]],'S-Collection'!$B$6:$B$41,0)) -> 190138 | H24: =+Table195781011121314236172728151617187[[#This Row],[f]]-Table195781011121314236172728151617187[[#This Row],[g]] -> 190138 | K24: =(Table195781011121314236172728151617187[[#This Row],[h]]) -> 190138 | L24: =IF(AND(L$10=$C24,L$10=$D24),(($K24/$E24)*L$6),IF(AND(L$10>=$C24,L$10<=$D24),(($K24/$E24)*L$6),"")) | M24: =IF(AND(M$10=$C24,M$10=$D24),(($K24/$E24)*M$6),IF(AND(M$10>=$C24,M$10<=$D24),(($K24/$E24)*M$6),"")) | N24: =IF(AND(N$10=$C24,N$10=$D24),(($K24/$E24)*N$6),IF(AND(N$10>=$C24,N$10<=$D24),(($K24/$E24)*N$6),"")) | O24: =IF(AND(O$10=$C24,O$10=$D24),(($K24/$E24)*O$6),IF(AND(O$10>=$C24,O$10<=$D24),(($K24/$E24)*O$6),"")) | P24: =IF(AND(P$10=$C24,P$10=$D24),(($K24/$E24)*P$6),IF(AND(P$10>=$C24,P$10<=$D24),(($K24/$E24)*P$6),"")) | Q24: =IF(AND(Q$10=$C24,Q$10=$D24),(($K24/$E24)*Q$6),IF(AND(Q$10>=$C24,Q$10<=$D24),(($K24/$E24)*Q$6),"")) | R24: =IF(AND(R$10=$C24,R$10=$D24),(($K24/$E24)*R$6),IF(AND(R$10>=$C24,R$10<=$D24),(($K24/$E24)*R$6),"")) | S24: =IF(AND(S$10=$C24,S$10=$D24),(($K24/$E24)*S$6),IF(AND(S$10>=$C24,S$10<=$D24),(($K24/$E24)*S$6),"")) -> 113007.17 | ... BS24: =IF(AND(BS$10=$C24,BS$10=$D24),(($K24/$E24)*BS$6),IF(AND(BS$10>=$C24,BS$10<=$D24),(($K24/$E24)*BS$6),"")) | BT24: =SUM(L24:BS24) -> 228839.51
A25: 42 | B25: =INDEX('S-Collection'!$C$6:$C$41,MATCH(Table195781011121314236172728151617187[[#This Row],[a]],'S-Collection'!$B$6:$B$41,0)) -> 375 mm Gravity Sewer | C25: =INDEX('S-Collection'!$F$6:$F$41,MATCH(Table195781011121314236172728151617187[[#This Row],[a]],'S-Collection'!$B$6:$B$41,0)) -> 2034 | D25: =INDEX('S-Collection'!$G$6:$G$41,MATCH(Table195781011121314236172728151617187[[#This Row],[a]],'S-Collection'!$B$6:$B$41,0)) -> 2035 | E25: =(D25-C25)+1 -> 2 | F25: =INDEX('S-Collection'!$P$6:$P$41,MATCH(Table195781011121314236172728151617187[[#This Row],[a]],'S-Collection'!$B$6:$B$41,0)) -> 33426 | H25: =+Table195781011121314236172728151617187[[#This Row],[f]]-Table195781011121314236172728151617187[[#This Row],[g]] -> 33426 | K25: =(Table195781011121314236172728151617187[[#This Row],[h]]) -> 33426 | L25: =IF(AND(L$10=$C25,L$10=$D25),(($K25/$E25)*L$6),IF(AND(L$10>=$C25,L$10<=$D25),(($K25/$E25)*L$6),"")) | M25: =IF(AND(M$10=$C25,M$10=$D25),(($K25/$E25)*M$6),IF(AND(M$10>=$C25,M$10<=$D25),(($K25/$E25)*M$6),"")) | N25: =IF(AND(N$10=$C25,N$10=$D25),(($K25/$E25)*N$6),IF(AND(N$10>=$C25,N$10<=$D25),(($K25/$E25)*N$6),"")) | O25: =IF(AND(O$10=$C25,O$10=$D25),(($K25/$E25)*O$6),IF(AND(O$10>=$C25,O$10<=$D25),(($K25/$E25)*O$6),"")) | P25: =IF(AND(P$10=$C25,P$10=$D25),(($K25/$E25)*P$6),IF(AND(P$10>=$C25,P$10<=$D25),(($K25/$E25)*P$6),"")) | Q25: =IF(AND(Q$10=$C25,Q$10=$D25),(($K25/$E25)*Q$6),IF(AND(Q$10>=$C25,Q$10<=$D25),(($K25/$E25)*Q$6),"")) | R25: =IF(AND(R$10=$C25,R$10=$D25),(($K25/$E25)*R$6),IF(AND(R$10>=$C25,R$10<=$D25),(($K25/$E25)*R$6),"")) | S25: =IF(AND(S$10=$C25,S$10=$D25),(($K25/$E25)*S$6),IF(AND(S$10>=$C25,S$10<=$D25),(($K25/$E25)*S$6),"")) | ... BS25: =IF(AND(BS$10=$C25,BS$10=$D25),(($K25/$E25)*BS$6),IF(AND(BS$10>=$C25,BS$10<=$D25),(($K25/$E25)*BS$6),"")) | BT25: =SUM(L25:BS25) -> 41235.414
